Workbook

Sheet ЛС-01-01-01
A1: =Source!B1 -> Smeta.RU (495) 974-1589
K2: Форма № 4б
A3: 25МГ-ДПР-2750 — Реконструкция газопровода низкого давления. Вырубка и пересадка зелёных насаждений, корчёвка пней | AP3: 25МГ-ДПР-2750 — Реконструкция газопровода низкого давления. Вырубка и пересадка зелёных насаждений, корчёвка пней
A4: (наименование стройки и/или объекта)
A6: =CONCATENATE( "ЛОКАЛЬНАЯ СМЕТА № " ,IF(Source!F12<>"Новый объект", Source!F12, "")) -> ЛОКАЛЬНАЯ СМЕТА № ЛС-01-01-01
A9: (наименование работ и затрат)
A11: =CONCATENATE( "Основание: чертежи № " , Source!J12) -> Основание: чертежи № Том 6.2 ООС2, Том 6.3 ООС3 (18.09)
I13: В базисном уровне цен | J13: В текущем уровне цен
E14: Сметная стоимость | I14: =I15+I16+I17+I18 -> 59.05 | J14: =J15+J16+J17+J18 -> 2770.06 | K14: тыс.руб.
E15: Строительные работы | I15: =ROUND((Source!F218)/1000, 2) -> 59.05 | J15: =ROUND((Source!P218)/1000, 2) -> 2770.06 | K15: тыс.руб.
E16: Работы по монтажу оборудования | I16: =ROUND((Source!F219)/1000, 2) -> 0 | J16: =ROUND((Source!P219)/1000, 2) -> 0 | K16: тыс.руб.
E17: Оборудование | I17: =ROUND((Source!F210)/1000, 2) -> 0 | J17: =ROUND((Source!P210)/1000, 2) -> 0 | K17: тыс.руб.
E18: Прочие работы и затраты | I18: =ROUND((Source!F220+Source!F221)/1000, 2) -> 0 | J18: =ROUND((Source!P220+Source!P221)/1000, 2) -> 0 | K18: тыс.руб.
E19: Средства на оплату труда | I19: =(Source!F216+ Source!F215)/1000 -> 18.04217 | J19: =((Source!P216 + Source!P215)/1000) -> 1042.1162 | K19: тыс.руб.
E20: Затраты труда | I20: =Source!F223 -> 1524.8653 | K20: чел.-ч.
E21: Кроме того:
E22: Возврат материалов | I22: =SUM(Y1:Y254)/1000 -> 0 | J22: =SUM(Z1:Z254)/1000 -> 0 | K22: тыс.руб.
A24: Составлен(а) по ТСН-2001 с учетом Дополнения №: 82
A25: № и период сборника коэффициентов (индексов) пересчета: Текущий уровень цен, III квартал 2026, выпуск 221 | AP25: № и период сборника коэффициентов (индексов) пересчета: Текущий уровень цен, III квартал 2026, выпуск 221
A26: № п/п | B26: Шифр расценки и коды ресурсов | C26: Наименование работ и затрат | D26: Ед. изм. | E26: Кол-во единиц | F26: Цена на ед. изм., руб. | G26: Попра- вочные коэффи- циенты | H26: Коэффи- циенты зимних удорожа- ний | I26: Всего в ценах на Январь 2000 года, руб. | J26: Коэффи- циенты (индек- сы) пере- счета, нормы НР и СП | K26: ВСЕГО затрат в текущем уровне цен, руб.
A27: 1 | B27: 2 | C27: 3 | D27: 4 | E27: 5 | F27: 6 | G27: 7 | H27: 8 | I27: 9 | J27: 10 | K27: 11
A29: =CONCATENATE("Локальная смета: ",IF(Source!G20<>"Новая локальная смета", Source!G20, "")) -> Локальная смета: Вырубка и пересадка зелёных насаждений, корчёвка пней
A31: =CONCATENATE("Раздел: ",IF(Source!G24<>"Новый раздел", Source!G24, "")) -> Раздел: Вырубка деревьев и кустарников
A32: 1 | B32: =Source!F28 -> 6.68-30-1 | C32: Валка и разделка деревьев вручную с последующей ручной переноской и складированием кряжей и сучьев диаметром 100 мм на расстояние до 50 м | D32: =Source!H28 -> 1 ДЕРЕВО | E32: =Source!I28 -> 24 | Q32: =Source!X28 -> 149.14 | R32: =Source!X29 -> 8614.57 | S32: =Source!Y28 -> 78.96 | T32: =Source!Y29 -> 4560.66 | U32: =ROUND((175/100)*ROUND(Source!R28, 2), 2) -> 0 | V32: =ROUND((0/100)*ROUND(Source!R29, 2), 2) -> 0 | AC32: 0
C33: ЗП | F33: =Source!AO28 -> 5.29 | G33: 1,1 | H33: =Source!AV29 -> 1.047 | I33: =Source!S28 -> 146.22 | J33: =IF(Source!BA29<> 0, Source!BA29, 1) -> 57.76 | K33: =Source!S29 -> 8445.66
C34: НР от ФОТ | D34: % | E34: =Source!DN29 -> 102 | I34: =SUM(Q32:Q33) -> 149.14 | J34: =Source!BZ29 -> 102 | K34: =SUM(R32:R33) -> 8614.57
C35: СП от ФОТ | D35: % | E35: =Source!DO29 -> 54 | I35: =SUM(S32:S34) -> 78.96 | J35: =Source!CA29 -> 54 | K35: =SUM(T32:T34) -> 4560.66
C36: ЗТР | D36: чел-ч | E36: =Source!AQ28 -> 0.49 | G36: 1,1 | H36: =Source!AV29 -> 1.047 | I36: =Source!U28 -> 13.543992
C37: ВСЕГО работ по позиции: | H37: =I33+I34+I35+0-0-0 -> 374.32 | J37: =K33+K34+K35+0-0-0 -> 21620.89
C38: ВСЕГО оборудование по позиции: | H38: =0+0 -> 0 | J38: =0+0 -> 0
C39: ВСЕГО по позиции: | H39: =I33+I34+I35+0 -> 374.32 | J39: =K33+K34+K35+0 -> 21620.89 | O39: =I33+I34+I35+0 -> 374.32 | P39: =K33+K34+K35+0 -> 21620.89
A41: 2 | B41: =Source!F30 -> 6.68-30-2 | C41: Валка и разделка деревьев вручную с последующей ручной переноской и складированием кряжей и сучьев диаметром 200 мм на расстояние до 50 м | D41: =Source!H30 -> 1 ДЕРЕВО | E41: =Source!I30 -> 11 | Q41: =Source!X30 -> 143.95 | R41: =Source!X31 -> 8314.66 | S41: =Source!Y30 -> 76.21 | T41: =Source!Y31 -> 4401.88 | U41: =ROUND((175/100)*ROUND(Source!R30, 2), 2) -> 0 | V41: =ROUND((0/100)*ROUND(Source!R31, 2), 2) -> 0 | AC41: 0
C42: ЗП | F42: =Source!AO30 -> 11.14 | G42: 1,1 | H42: =Source!AV31 -> 1.047 | I42: =Source!S30 -> 141.13 | J42: =IF(Source!BA31<> 0, Source!BA31, 1) -> 57.76 | K42: =Source!S31 -> 8151.63
C43: НР от ФОТ | D43: % | E43: =Source!DN31 -> 102 | I43: =SUM(Q41:Q42) -> 143.95 | J43: =Source!BZ31 -> 102 | K43: =SUM(R41:R42) -> 8314.66
C44: СП от ФОТ | D44: % | E44: =Source!DO31 -> 54 | I44: =SUM(S41:S43) -> 76.21 | J44: =Source!CA31 -> 54 | K44: =SUM(T41:T43) -> 4401.88
C45: ЗТР | D45: чел-ч | E45: =Source!AQ30 -> 1.07 | G45: 1,1 | H45: =Source!AV31 -> 1.047 | I45: =Source!U30 -> 13.555509
C46: ВСЕГО работ по позиции: | H46: =I42+I43+I44+0-0-0 -> 361.29 | J46: =K42+K43+K44+0-0-0 -> 20868.17
C47: ВСЕГО оборудование по позиции: | H47: =0+0 -> 0 | J47: =0+0 -> 0
C48: ВСЕГО по позиции: | H48: =I42+I43+I44+0 -> 361.29 | J48: =K42+K43+K44+0 -> 20868.17 | O48: =I42+I43+I44+0 -> 361.29 | P48: =K42+K43+K44+0 -> 20868.17
A50: 3 | B50: =Source!F32 -> 6.68-30-3 | C50: Валка и разделка деревьев вручную с последующей ручной переноской и складированием кряжей и сучьев диаметром 300 мм на расстояние до 50 м | D50: =Source!H32 -> 1 ДЕРЕВО | E50: =Source!I32 -> 9 | Q50: =Source!X32 -> 245.28 | R50: =Source!X33 -> 14167.63 | S50: =Source!Y32 -> 129.85 | T50: =Source!Y33 -> 7500.51 | U50: =ROUND((175/100)*ROUND(Source!R32, 2), 2) -> 0 | V50: =ROUND((0/100)*ROUND(Source!R33, 2), 2) -> 0 | AC50: 0
C51: ЗП | F51: =Source!AO32 -> 23.2 | G51: 1,1 | H51: =Source!AV33 -> 1.047 | I51: =Source!S32 -> 240.47 | J51: =IF(Source!BA33<> 0, Source!BA33, 1) -> 57.76 | K51: =Source!S33 -> 13889.83
C52: НР от ФОТ | D52: % | E52: =Source!DN33 -> 102 | I52: =SUM(Q50:Q51) -> 245.28 | J52: =Source!BZ33 -> 102 | K52: =SUM(R50:R51) -> 14167.63
C53: СП от ФОТ | D53: % | E53: =Source!DO33 -> 54 | I53: =SUM(S50:S52) -> 129.85 | J53: =Source!CA33 -> 54 | K53: =SUM(T50:T52) -> 7500.51
C54: ЗТР | D54: чел-ч | E54: =Source!AQ32 -> 2.29 | G54: 1,1 | H54: =Source!AV33 -> 1.047 | I54: =Source!U32 -> 23.736537
C55: ВСЕГО работ по позиции: | H55: =I51+I52+I53+0-0-0 -> 615.6 | J55: =K51+K52+K53+0-0-0 -> 35557.97
C56: ВСЕГО оборудование по позиции: | H56: =0+0 -> 0 | J56: =0+0 -> 0
C57: ВСЕГО по позиции: | H57: =I51+I52+I53+0 -> 615.6 | J57: =K51+K52+K53+0 -> 35557.97 | O57: =I51+I52+I53+0 -> 615.6 | P57: =K51+K52+K53+0 -> 35557.97
A59: 4 | B59: =Source!F34 -> 6.68-30-4 | C59: Валка и разделка деревьев вручную с последующей ручной переноской и складированием кряжей и сучьев диаметром 400 мм на расстояние до 50 м | D59: =Source!H34 -> 1 ДЕРЕВО | E59: =Source!I34 -> 10 | Q59: =Source!X34 -> 405.63 | R59: =Source!X35 -> 23429.51 | S59: =Source!Y34 -> 214.75 | T59: =Source!Y35 -> 12403.86 | U59: =ROUND((175/100)*ROUND(Source!R34, 2), 2) -> 0 | V59: =ROUND((0/100)*ROUND(Source!R35, 2), 2) -> 0 | AC59: 0
C60: ЗП | F60: =Source!AO34 -> 34.53 | G60: 1,1 | H60: =Source!AV35 -> 1.047 | I60: =Source!S34 -> 397.68 | J60: =IF(Source!BA35<> 0, Source!BA35, 1) -> 57.76 | K60: =Source!S35 -> 22970.11
C61: НР от ФОТ | D61: % | E61: =Source!DN35 -> 102 | I61: =SUM(Q59:Q60) -> 405.63 | J61: =Source!BZ35 -> 102 | K61: =SUM(R59:R60) -> 23429.51
C62: СП от ФОТ | D62: % | E62: =Source!DO35 -> 54 | I62: =SUM(S59:S61) -> 214.75 | J62: =Source!CA35 -> 54 | K62: =SUM(T59:T61) -> 12403.86
C63: ЗТР | D63: чел-ч | E63: =Source!AQ34 -> 3.46 | G63: 1,1 | H63: =Source!AV35 -> 1.047 | I63: =Source!U34 -> 39.84882
C64: ВСЕГО работ по позиции: | H64: =I60+I61+I62+0-0-0 -> 1018.06 | J64: =K60+K61+K62+0-0-0 -> 58803.48
C65: ВСЕГО оборудование по позиции: | H65: =0+0 -> 0 | J65: =0+0 -> 0
C66: ВСЕГО по позиции: | H66: =I60+I61+I62+0 -> 1018.06 | J66: =K60+K61+K62+0 -> 58803.48 | O66: =I60+I61+I62+0 -> 1018.06 | P66: =K60+K61+K62+0 -> 58803.48
A68: 5 | B68: =Source!F36 -> 6.68-30-5 | C68: Валка и разделка деревьев вручную с последующей ручной переноской и складированием кряжей и сучьев диаметром 500 мм на расстояние до 50 м | D68: =Source!H36 -> 1 ДЕРЕВО | E68: =Source!I36 -> 3 | Q68: =Source!X36 -> 193.09 | R68: =Source!X37 -> 11152.94 | S68: =Source!Y36 -> 102.22 | T68: =Source!Y37 -> 5904.5 | U68: =ROUND((175/100)*ROUND(Source!R36, 2), 2) -> 0 | V68: =ROUND((0/100)*ROUND(Source!R37, 2), 2) -> 0 | AC68: 0
C69: ЗП | F69: =Source!AO36 -> 54.79 | G69: 1,1 | H69: =Source!AV37 -> 1.047 | I69: =Source!S36 -> 189.3 | J69: =IF(Source!BA37<> 0, Source!BA37, 1) -> 57.76 | K69: =Source!S37 -> 10934.25
C70: НР от ФОТ | D70: % | E70: =Source!DN37 -> 102 | I70: =SUM(Q68:Q69) -> 193.09 | J70: =Source!BZ37 -> 102 | K70: =SUM(R68:R69) -> 11152.94
C71: СП от ФОТ | D71: % | E71: =Source!DO37 -> 54 | I71: =SUM(S68:S70) -> 102.22 | J71: =Source!CA37 -> 54 | K71: =SUM(T68:T70) -> 5904.5
C72: ЗТР | D72: чел-ч | E72: =Source!AQ36 -> 5.49 | G72: 1,1 | H72: =Source!AV37 -> 1.047 | I72: =Source!U36 -> 18.968499
C73: ВСЕГО работ по позиции: | H73: =I69+I70+I71+0-0-0 -> 484.61 | J73: =K69+K70+K71+0-0-0 -> 27991.69
C74: ВСЕГО оборудование по позиции: | H74: =0+0 -> 0 | J74: =0+0 -> 0
C75: ВСЕГО по позиции: | H75: =I69+I70+I71+0 -> 484.61 | J75: =K69+K70+K71+0 -> 27991.69 | O75: =I69+I70+I71+0 -> 484.61 | P75: =K69+K70+K71+0 -> 27991.69
A77: 6 | B77: =Source!F38 -> 6.68-34-3 | C77: Расчистка площадей от кустарников и мелколесья диаметром до 100 мм вручную с последующей переноской и складированием на расстояние до 50 м при густой заросли | D77: =Source!H38 -> 1 ГА | E77: =Source!I38 -> 0.0418 | Q77: =Source!X38 -> 239.23 | R77: =Source!X39 -> 13817.82 | S77: =Source!Y38 -> 126.65 | T77: =Source!Y39 -> 7315.32 | U77: =ROUND((175/100)*ROUND(Source!R38, 2), 2) -> 0 | V77: =ROUND((0/100)*ROUND(Source!R39, 2), 2) -> 0 | AC77: 0
C78: ЗП | F78: =Source!AO38 -> 4871.88 | G78: 1,1 | H78: =Source!AV39 -> 1.047 | I78: =Source!S38 -> 234.54 | J78: =IF(Source!BA39<> 0, Source!BA39, 1) -> 57.76 | K78: =Source!S39 -> 13546.88
C79: НР от ФОТ | D79: % | E79: =Source!DN39 -> 102 | I79: =SUM(Q77:Q78) -> 239.23 | J79: =Source!BZ39 -> 102 | K79: =SUM(R77:R78) -> 13817.82
C80: СП от ФОТ | D80: % | E80: =Source!DO39 -> 54 | I80: =SUM(S77:S79) -> 126.65 | J80: =Source!CA39 -> 54 | K80: =SUM(T77:T79) -> 7315.32
C81: ЗТР | D81: чел-ч | E81: =Source!AQ38 -> 451.1 | G81: 1,1 | H81: =Source!AV39 -> 1.047 | I81: =Source!U38 -> 21.716432
C82: ВСЕГО работ по позиции: | H82: =I78+I79+I80+0-0-0 -> 600.42 | J82: =K78+K79+K80+0-0-0 -> 34680.02
C83: ВСЕГО оборудование по позиции: | H83: =0+0 -> 0 | J83: =0+0 -> 0
C84: ВСЕГО по позиции: | H84: =I78+I79+I80+0 -> 600.42 | J84: =K78+K79+K80+0 -> 34680.02 | O84: =I78+I79+I80+0 -> 600.42 | P84: =K78+K79+K80+0 -> 34680.02
A86: 7 | B86: =Source!F40 -> 6.68-31-1 | C86: Корчевка и разделка пней диаметром 100 мм вручную с последующей ручной переноской и складированием на расстояние до 50 м, подноска и засыпка образующихся при корчевке ям, растительной земельной смесью | D86: =Source!H40 -> 1 ПЕНЬ | E86: =Source!I40 -> 24 | Q86: =Source!X40 -> 924.75 | R86: =Source!X41 -> 53413.6 | S86: =Source!Y40 -> 489.57 | T86: =Source!Y41 -> 28277.79 | U86: =ROUND((175/100)*ROUND(Source!R40, 2), 2) -> 0 | V86: =ROUND((0/100)*ROUND(Source!R41, 2), 2) -> 0 | AC86: 0
C87: ЗП | F87: =Source!AO40 -> 32.8 | G87: 1,1 | H87: =Source!AV41 -> 1.047 | I87: =Source!S40 -> 906.62 | J87: =IF(Source!BA41<> 0, Source!BA41, 1) -> 57.76 | K87: =Source!S41 -> 52366.27
C88: НР от ФОТ | D88: % | E88: =Source!DN41 -> 102 | I88: =SUM(Q86:Q87) -> 924.75 | J88: =Source!BZ41 -> 102 | K88: =SUM(R86:R87) -> 53413.6
C89: СП от ФОТ | D89: % | E89: =Source!DO41 -> 54 | I89: =SUM(S86:S88) -> 489.57 | J89: =Source!CA41 -> 54 | K89: =SUM(T86:T88) -> 28277.79
C90: ЗТР | D90: чел-ч | E90: =Source!AQ40 -> 3.34 | G90: 1,1 | H90: =Source!AV41 -> 1.047 | I90: =Source!U40 -> 92.320272
C91: ВСЕГО работ по позиции: | H91: =I87+I88+I89+0-0-0 -> 2320.94 | J91: =K87+K88+K89+0-0-0 -> 134057.66
C92: ВСЕГО оборудование по позиции: | H92: =0+0 -> 0 | J92: =0+0 -> 0
C93: ВСЕГО по позиции: | H93: =I87+I88+I89+0 -> 2320.94 | J93: =K87+K88+K89+0 -> 134057.66 | O93: =I87+I88+I89+0 -> 2320.94 | P93: =K87+K88+K89+0 -> 134057.66
A95: 8 | B95: =Source!F42 -> 6.68-31-2 | C95: Корчевка и разделка пней диаметром 200 мм вручную с последующей ручной переноской и складированием на расстояние до 50 м, подноска и засыпка образующихся при корчевке ям, растительной земельной смесью | D95: =Source!H42 -> 1 ПЕНЬ | E95: =Source!I42 -> 11 | Q95: =Source!X42 -> 567.02 | R95: =Source!X43 -> 32751.11 | S95: =Source!Y42 -> 300.19 | T95: =Source!Y43 -> 17338.82 | U95: =ROUND((175/100)*ROUND(Source!R42, 2), 2) -> 0 | V95: =ROUND((0/100)*ROUND(Source!R43, 2), 2) -> 0 | AC95: 0
C96: ЗП | F96: =Source!AO42 -> 43.88 | G96: 1,1 | H96: =Source!AV43 -> 1.047 | I96: =Source!S42 -> 555.9 | J96: =IF(Source!BA43<> 0, Source!BA43, 1) -> 57.76 | K96: =Source!S43 -> 32108.93
C97: НР от ФОТ | D97: % | E97: =Source!DN43 -> 102 | I97: =SUM(Q95:Q96) -> 567.02 | J97: =Source!BZ43 -> 102 | K97: =SUM(R95:R96) -> 32751.11
C98: СП от ФОТ | D98: % | E98: =Source!DO43 -> 54 | I98: =SUM(S95:S97) -> 300.19 | J98: =Source!CA43 -> 54 | K98: =SUM(T95:T97) -> 17338.82
C99: ЗТР | D99: чел-ч | E99: =Source!AQ42 -> 4.5 | G99: 1,1 | H99: =Source!AV43 -> 1.047 | I99: =Source!U42 -> 57.00915
C100: ВСЕГО работ по позиции: | H100: =I96+I97+I98+0-0-0 -> 1423.11 | J100: =K96+K97+K98+0-0-0 -> 82198.86
C101: ВСЕГО оборудование по позиции: | H101: =0+0 -> 0 | J101: =0+0 -> 0
C102: ВСЕГО по позиции: | H102: =I96+I97+I98+0 -> 1423.11 | J102: =K96+K97+K98+0 -> 82198.86 | O102: =I96+I97+I98+0 -> 1423.11 | P102: =K96+K97+K98+0 -> 82198.86
A104: 9 | B104: =Source!F44 -> 6.68-31-3 | C104: Корчевка и разделка пней диаметром 300 мм вручную с последующей ручной переноской и складированием на расстояние до 50 м, подноска и засыпка образующихся при корчевке ям, растительной земельной смесью | D104: =Source!H44 -> 1 ПЕНЬ | E104: =Source!I44 -> 9 | Q104: =Source!X44 -> 631.92 | R104: =Source!X45 -> 36499.97 | S104: =Source!Y44 -> 334.55 | T104: =Source!Y45 -> 19323.51 | U104: =ROUND((175/100)*ROUND(Source!R44, 2), 2) -> 0 | V104: =ROUND((0/100)*ROUND(Source!R45, 2), 2) -> 0 | AC104: 0
C105: ЗП | F105: =Source!AO44 -> 59.77 | G105: 1,1 | H105: =Source!AV45 -> 1.047 | I105: =Source!S44 -> 619.53 | J105: =IF(Source!BA45<> 0, Source!BA45, 1) -> 57.76 | K105: =Source!S45 -> 35784.28
C106: НР от ФОТ | D106: % | E106: =Source!DN45 -> 102 | I106: =SUM(Q104:Q105) -> 631.92 | J106: =Source!BZ45 -> 102 | K106: =SUM(R104:R105) -> 36499.97
C107: СП от ФОТ | D107: % | E107: =Source!DO45 -> 54 | I107: =SUM(S104:S106) -> 334.55 | J107: =Source!CA45 -> 54 | K107: =SUM(T104:T106) -> 19323.51
C108: ЗТР | D108: чел-ч | E108: =Source!AQ44 -> 6.13 | G108: 1,1 | H108: =Source!AV45 -> 1.047 | I108: =Source!U44 -> 63.539289
C109: ВСЕГО работ по позиции: | H109: =I105+I106+I107+0-0-0 -> 1586 | J109: =K105+K106+K107+0-0-0 -> 91607.76
C110: ВСЕГО оборудование по позиции: | H110: =0+0 -> 0 | J110: =0+0 -> 0
C111: ВСЕГО по позиции: | H111: =I105+I106+I107+0 -> 1586 | J111: =K105+K106+K107+0 -> 91607.76 | O111: =I105+I106+I107+0 -> 1586 | P111: =K105+K106+K107+0 -> 91607.76
A113: 10 | B113: =Source!F46 -> 6.68-31-4 | C113: Корчевка и разделка пней диаметром 400 мм вручную с последующей ручной переноской и складированием на расстояние до 50 м, подноска и засыпка образующихся при корчевке ям, растительной земельной смесью | D113: =Source!H46 -> 1 ПЕНЬ | E113: =Source!I46 -> 10 | Q113: =Source!X46 -> 1044.23 | R113: =Source!X47 -> 60314.21 | S113: =Source!Y46 -> 552.83 | T113: =Source!Y47 -> 31931.05 | U113: =ROUND((175/100)*ROUND(Source!R46, 2), 2) -> 0 | V113: =ROUND((0/100)*ROUND(Source!R47, 2), 2) -> 0 | AC113: 0
C114: ЗП | F114: =Source!AO46 -> 88.89 | G114: 1,1 | H114: =Source!AV47 -> 1.047 | I114: =Source!S46 -> 1023.75 | J114: =IF(Source!BA47<> 0, Source!BA47, 1) -> 57.76 | K114: =Source!S47 -> 59131.58
C115: НР от ФОТ | D115: % | E115: =Source!DN47 -> 102 | I115: =SUM(Q113:Q114) -> 1044.23 | J115: =Source!BZ47 -> 102 | K115: =SUM(R113:R114) -> 60314.21
C116: СП от ФОТ | D116: % | E116: =Source!DO47 -> 54 | I116: =SUM(S113:S115) -> 552.83 | J116: =Source!CA47 -> 54 | K116: =SUM(T113:T115) -> 31931.05
C117: ЗТР | D117: чел-ч | E117: =Source!AQ46 -> 8.97 | G117: 1,1 | H117: =Source!AV47 -> 1.047 | I117: =Source!U46 -> 103.30749
...

Sheet Source
A1: 0 | B1: Smeta.RU (495) 974-1589 | D1: _PS_ | F1: 0 | G1: 0 | H1: 0 | I1: Smeta.RU | K1: 1 | L1: 76812 | M1: 10 | N1: 12 | O1: 2 | P1: 0 | Q1: 1
A4: 8 | B4: 1 | C4: -1 | F4: 25МГ-ДПР-2750 | G4: 25МГ-ДПР-2750 — Реконструкция газопровода низкого давления | EC4: 0
A12: 1 | B12: 236 | C12: 0 | D12: =ROW(A201) -> 201 | E12: 0 | F12: ЛС-01-01-01 | G12: Вырубка и пересадка зелёных насаждений, корчёвка пней | I12: 0 | J12: Том 6.2 ООС2, Том 6.3 ООС3 (18.09) | K12: 0 | L12: 0 | M12: 2 | O12: 2026 | P12: 7 | Q12: 0 | R12: 0 | S12: 0 | T12: 1 | U12: Основание:Том 6.2 ООС2, Том 6.3 ООС3 (18.09) Уровень цен:3 кв 2026 Нормативные индексы ТСН:№ 221 III квартал 2026 Регион:ТСН-2001 г. Москвы (с доп.1-82) | V12: 1 | BB12: 0 | BH12: Сметные нормы списания | BI12: Коды ОКП для ТСН-2001 МГЭ | BJ12: 1 | BK12: 1 | BL12: 0 | BM12: 0 | BN12: 1 | BO12: 0 | BP12: -1 | BQ12: 2 | BR12: 1 | BS12: 0 | BT12: 0 | BU12: 0 | BV12: 0 | BW12: 0 | BX12: 0 | BZ12: Типовой расчет для ТСН-2001 МГЭ, Новая методика с выпуска доп. 43 (Строительство), Доп 64 | CA12: Территориальные сметные нормативы для Москвы ТСН-2001 (МГЭ) | CB12: Территориальные сметные нормативы для Москвы ТСН-2001 (МГЭ) | CC12: Территориальные сметные нормативы для Москвы ТСН-2001 (МГЭ) | CD12: Территориальные сметные нормативы для Москвы ТСН-2001 (МГЭ) | CE12: Поправки для ТСН-2001 от 15.07.2022 г. доп.65 | CF12: 0 | CG12: 0 | CH12: 524296 | CK12: 82 | CQ12: Территориальные сметные нормативы для Москвы (ТСН-2001) | CR12: ТЕР | CS12: 41660 | CT12: 1 | CU12: 72 | CY12: 0 | EC12: 0
A15: 15 | B15: 1
A18: 52 | B18: =B201 -> 236 | C18: =C201 -> 1 | D18: =D201 -> 12 | E18: =E201 -> 0 | F18: =F201 -> ЛС-01-01-01 | G18: =G201 -> Вырубка и пересадка зелёных насаждений, корчёвка пней | O18: =O201 -> 31168.39 | P18: =P201 -> 9076.2 | Q18: =Q201 -> 4470.07 | R18: =R201 -> 420.05 | S18: =S201 -> 17622.12 | T18: =T201 -> 0 | U18: =U201 -> 1524.8653 | V18: =V201 -> 0 | ... GX18: =GX201 -> 0
A20: 3 | B20: 1 | D20: =ROW(A171) -> 171 | F20: ЛС-01-01-01 | G20: Вырубка и пересадка зелёных насаждений, корчёвка пней | I20: 0 | K20: 0 | L20: ЛС-01-01-01 | S20: 0 | T20: 0 | U20: Вырубка и пересадка зелёных насаждений, корчёвка пней | V20: 1 | BX20: 0 | CF20: 0 | CG20: 0
A22: 52 | B22: =B171 -> 1 | C22: =C171 -> 3 | D22: =D171 -> 20 | E22: =E171 -> 0 | F22: =F171 -> ЛС-01-01-01 | G22: =G171 -> Вырубка и пересадка зелёных насаждений, корчёвка пней | O22: =O171 -> 31168.39 | P22: =P171 -> 9076.2 | Q22: =Q171 -> 4470.07 | R22: =R171 -> 420.05 | S22: =S171 -> 17622.12 | T22: =T171 -> 0 | U22: =U171 -> 1524.8653 | V22: =V171 -> 0 | ... GX22: =GX171 -> 0
A24: 4 | B24: 1 | D24: =ROW(A53) -> 53 | F24: 1 | G24: Вырубка деревьев и кустарников | I24: 0 | K24: -1 | S24: 0 | T24: 0 | V24: 1 | BX24: 0 | CJ24: 0
A26: 52 | B26: =B53 -> 1 | C26: =C53 -> 4 | D26: =D53 -> 24 | E26: =E53 -> 0 | F26: =F53 -> 1 | G26: =G53 -> Вырубка деревьев и кустарников | O26: =O53 -> 8293.09 | P26: =P53 -> 3407.72 | Q26: =Q53 -> 0 | R26: =R53 -> 0 | S26: =S53 -> 4885.37 | T26: =T53 -> 0 | U26: =U53 -> 490.35468 | V26: =V53 -> 0 | ... GX26: =GX53 -> 0
A28: 17 | B28: 1 | C28: =ROW(SmtRes!A1) -> 1 | D28: =ROW(EtalonRes!A1) -> 1 | E28: 1 | F28: 6.68-30-1 | G28: Валка и разделка деревьев вручную с последующей ручной переноской и складированием кряжей и сучьев диаметром 100 мм на расстояние до 50 м | H28: 1 ДЕРЕВО | I28: =ROUND(24,9) -> 24 | J28: 0 | K28: =ROUND(24,9) -> 24 | O28: =ROUND(CP28,2) -> 146.22 | P28: =ROUND(CQ28*I28,2) -> 0 | Q28: =ROUND(CR28*I28,2) -> 0 | R28: =ROUND(CS28*I28,2) -> 0 | S28: =ROUND(CT28*I28,2) -> 146.22 | T28: =ROUND(CU28*I28,2) -> 0 | U28: =CV28*I28 -> 13.543992 | V28: =CW28*I28 -> 0 | W28: =ROUND(CX28*I28,2) -> 0 | X28: =ROUND(CY28,2) -> 149.14 | Y28: =ROUND(CZ28,2) -> 78.96 | AA28: 86495194 | AB28: =(AC28+AD28+AF28) -> 5.819 | AC28: =(ES28) -> 0 | AD28: =((ET28*1.1)) -> 0 | AE28: =((EU28*1.1)) -> 0 | AF28: =((EV28*1.1)) -> 5.819 | AG28: =(AP28) -> 0 | AH28: =((EW28*1.1)) -> 0.539 | AI28: =((EX28*1.1)) -> 0 | AJ28: =(AS28) -> 0 | AK28: 0 | AL28: 0 | AM28: 0 | AN28: 0 | AO28: 5.29 | AP28: 0 | AQ28: 0.49 | AR28: 0 | AS28: 0 | AT28: 102 | AU28: 54 | AV28: 1.047 | AW28: 1 | AZ28: 1 | BA28: 1 | BB28: 1 | BC28: 1 | BH28: 0 | BI28: 1 | BJ28: 6.68-30-1 | BM28: 666 | BN28: 0 | BO28: 6.68-30-1 | BP28: 1 | BQ28: 60 | BR28: 0 | BS28: 1 | BT28: 1 | BU28: 1 | BV28: 1 | BW28: 1 | BX28: 1 | BZ28: 102 | CA28: 54 | CE28: 0 | CF28: 0 | CG28: 0 | CM28: 0 | CN28: Поправка:стеснённые условия, пп. "в" | CO28: 0 | CP28: =(P28+Q28+S28) -> 146.22 | CQ28: =(AC28*BC28*AW28) -> 0 | CR28: =(((ET28*1.1))*BB28*AV28) -> 0 | CS28: =(AE28*BS28*AV28) -> 0 | CT28: =(AF28*BA28*AV28) -> 6.092493 | CU28: =AG28 -> 0 | CV28: =(AH28*AV28) -> 0.564333 | CW28: =AI28 -> 0 | CX28: =AJ28 -> 0 | CY28: =(((S28+R28)*BZ28)/100) -> 149.1444 | CZ28: =(((S28+R28)*CA28)/100) -> 78.9588 | DE28: *1,1 | DF28: *1,1 | DG28: *1,1 | DI28: *1,1 | DJ28: *1,1 | DN28: 0 | DO28: 0 | DP28: 1 | DQ28: 1 | DU28: 1013 | DV28: 1 ДЕРЕВО | DW28: 1 ДЕРЕВО | DX28: 1 | EE28: 86331294 | EF28: 60 | EG28: Ремонтно-строительные работы | EH28: 0 | EJ28: 1 | EK28: 666 | EL28: ТСН-2001.6-68. 68-30...68-34 | EM28: ТСН-2001.6-68-13 | EO28: Попр.12.00.01.11.003 | EQ28: 0 | ER28: 0 | ES28: 0 | ET28: 0 | EU28: 0 | EV28: 5.29 | EW28: 0.49 | EX28: 0 | EY28: 0 | FQ28: 0 | FR28: 0 | FS28: 0 | FX28: 102 | FY28: 54 | GD28: 1 | GF28: -1639925576 | GG28: 2 | GH28: 0 | GI28: -2 | GJ28: 0 | GK28: 0 | GL28: =ROUND(IF(AND(BH28=3,BI28=3,FS28<>0),P28,0),2) -> 0 | GM28: =ROUND(O28+X28+Y28,2)+GX28 -> 374.32 | GN28: =IF(OR(BI28=0,BI28=1),GM28-GX28,0) -> 374.32 | GO28: =IF(BI28=2,GM28-GX28,0) -> 0 | GP28: =IF(BI28=4,GM28-GX28,0) -> 0 | GR28: 0 | GS28: 3 | GT28: 0 | GV28: =(GT28) -> 0 | GW28: 1 | GX28: =ROUND(HC28*I28,2) -> 0 | HA28: 0 | HB28: 0 | HC28: =GV28*GW28 -> 0 | HS28: 0 | IK28: 0
A29: 17 | B29: 1 | C29: =ROW(SmtRes!A2) -> 2 | D29: =ROW(EtalonRes!A2) -> 2 | E29: 1 | F29: 6.68-30-1 | G29: Валка и разделка деревьев вручную с последующей ручной переноской и складированием кряжей и сучьев диаметром 100 мм на расстояние до 50 м | H29: 1 ДЕРЕВО | I29: =ROUND(24,9) -> 24 | J29: 0 | K29: =ROUND(24,9) -> 24 | O29: =ROUND(CP29,2) -> 8445.66 | P29: =ROUND(CQ29*I29,2) -> 0 | Q29: =ROUND(CR29*I29,2) -> 0 | R29: =ROUND(CS29*I29,2) -> 0 | S29: =ROUND(CT29*I29,2) -> 8445.66 | T29: =ROUND(CU29*I29,2) -> 0 | U29: =CV29*I29 -> 13.543992 | V29: =CW29*I29 -> 0 | W29: =ROUND(CX29*I29,2) -> 0 | X29: =ROUND(CY29,2) -> 8614.57 | Y29: =ROUND(CZ29,2) -> 4560.66 | AA29: 86495195 | AB29: =(AC29+AD29+AF29) -> 5.819 | AC29: =(ES29) -> 0 | AD29: =((ET29*1.1)) -> 0 | AE29: =((EU29*1.1)) -> 0 | AF29: =((EV29*1.1)) -> 5.819 | AG29: =(AP29) -> 0 | AH29: =((EW29*1.1)) -> 0.539 | AI29: =((EX29*1.1)) -> 0 | AJ29: =(AS29) -> 0 | AK29: 0 | AL29: 0 | AM29: 0 | AN29: 0 | AO29: 5.29 | AP29: 0 | AQ29: 0.49 | AR29: 0 | AS29: 0 | AT29: 102 | AU29: 54 | AV29: 1.047 | AW29: 1 | AZ29: 1 | BA29: 57.76 | BB29: 1 | BC29: 1 | BH29: 0 | BI29: 1 | BJ29: 6.68-30-1 | BM29: 666 | BN29: 0 | BO29: 6.68-30-1 | BP29: 1 | BQ29: 60 | BR29: 0 | BS29: 57.76 | BT29: 1 | BU29: 1 | BV29: 1 | BW29: 1 | BX29: 1 | BZ29: 102 | CA29: 54 | CE29: 0 | CF29: 0 | CG29: 0 | CM29: 0 | CN29: Поправка:стеснённые условия, пп. "в" | CO29: 0 | CP29: =(P29+Q29+S29) -> 8445.66 | CQ29: =(AC29*BC29*AW29) -> 0 | CR29: =(((ET29*1.1))*BB29*AV29) -> 0 | CS29: =(AE29*BS29*AV29) -> 0 | CT29: =(AF29*BA29*AV29) -> 351.9024 | CU29: =AG29 -> 0 | CV29: =(AH29*AV29) -> 0.564333 | CW29: =AI29 -> 0 | CX29: =AJ29 -> 0 | CY29: =(S29+R29)*(BZ29/100) -> 8614.5732 | CZ29: =(S29+R29)*(CA29/100) -> 4560.6564 | DE29: *1,1 | DF29: *1,1 | DG29: *1,1 | DI29: *1,1 | DJ29: *1,1 | DN29: 102 | DO29: 54 | DP29: 1 | DQ29: 1 | DU29: 1013 | DV29: 1 ДЕРЕВО | DW29: 1 ДЕРЕВО | DX29: 1 | EE29: 86331294 | EF29: 60 | EG29: Ремонтно-строительные работы | EH29: 0 | EJ29: 1 | EK29: 666 | EL29: ТСН-2001.6-68. 68-30...68-34 | EM29: ТСН-2001.6-68-13 | EO29: Попр.12.00.01.11.003 | EQ29: 0 | ER29: 0 | ES29: 0 | ET29: 0 | EU29: 0 | EV29: 5.29 | EW29: 0.49 | EX29: 0 | EY29: 0 | FQ29: 0 | FR29: 0 | FS29: 0 | FX29: 102 | FY29: 54 | GD29: 1 | GF29: -1639925576 | GG29: 2 | GH29: 0 | GI29: -2 | GJ29: 0 | GK29: 0 | GL29: =ROUND(IF(AND(BH29=3,BI29=3,FS29<>0),P29,0),2) -> 0 | GM29: =ROUND(O29+X29+Y29,2)+GX29 -> 21620.89 | GN29: =IF(OR(BI29=0,BI29=1),GM29-GX29,0) -> 21620.89 | GO29: =IF(BI29=2,GM29-GX29,0) -> 0 | GP29: =IF(BI29=4,GM29-GX29,0) -> 0 | GR29: 0 | GS29: 3 | GT29: 0 | GV29: =(GT29) -> 0 | GW29: 1 | GX29: =ROUND(HC29*I29,2) -> 0 | HA29: 0 | HB29: 0 | HC29: =GV29*GW29 -> 0 | HS29: 0 | IK29: 0
A30: 17 | B30: 1 | C30: =ROW(SmtRes!A3) -> 3 | D30: =ROW(EtalonRes!A3) -> 3 | E30: 2 | F30: 6.68-30-2 | G30: Валка и разделка деревьев вручную с последующей ручной переноской и складированием кряжей и сучьев диаметром 200 мм на расстояние до 50 м | H30: 1 ДЕРЕВО | I30: =ROUND(11,9) -> 11 | J30: 0 | K30: =ROUND(11,9) -> 11 | O30: =ROUND(CP30,2) -> 141.13 | P30: =ROUND(CQ30*I30,2) -> 0 | Q30: =ROUND(CR30*I30,2) -> 0 | R30: =ROUND(CS30*I30,2) -> 0 | S30: =ROUND(CT30*I30,2) -> 141.13 | T30: =ROUND(CU30*I30,2) -> 0 | U30: =CV30*I30 -> 13.555509 | V30: =CW30*I30 -> 0 | W30: =ROUND(CX30*I30,2) -> 0 | X30: =ROUND(CY30,2) -> 143.95 | Y30: =ROUND(CZ30,2) -> 76.21 | AA30: 86495194 | AB30: =(AC30+AD30+AF30) -> 12.254 | AC30: =(ES30) -> 0 | AD30: =((ET30*1.1)) -> 0 | AE30: =((EU30*1.1)) -> 0 | AF30: =((EV30*1.1)) -> 12.254 | AG30: =(AP30) -> 0 | AH30: =((EW30*1.1)) -> 1.177 | AI30: =((EX30*1.1)) -> 0 | AJ30: =(AS30) -> 0 | AK30: 0 | AL30: 0 | AM30: 0 | AN30: 0 | AO30: 11.14 | AP30: 0 | AQ30: 1.07 | AR30: 0 | AS30: 0 | AT30: 102 | AU30: 54 | AV30: 1.047 | AW30: 1 | AZ30: 1 | BA30: 1 | BB30: 1 | BC30: 1 | BH30: 0 | BI30: 1 | BJ30: 6.68-30-2 | BM30: 666 | BN30: 0 | BO30: 6.68-30-2 | BP30: 1 | BQ30: 60 | BR30: 0 | BS30: 1 | BT30: 1 | BU30: 1 | BV30: 1 | BW30: 1 | BX30: 1 | BZ30: 102 | CA30: 54 | CE30: 0 | CF30: 0 | CG30: 0 | CM30: 0 | CN30: Поправка:стеснённые условия, пп. "в" | CO30: 0 | CP30: =(P30+Q30+S30) -> 141.13 | CQ30: =(AC30*BC30*AW30) -> 0 | CR30: =(((ET30*1.1))*BB30*AV30) -> 0 | CS30: =(AE30*BS30*AV30) -> 0 | CT30: =(AF30*BA30*AV30) -> 12.829938 | CU30: =AG30 -> 0 | CV30: =(AH30*AV30) -> 1.232319 | CW30: =AI30 -> 0 | CX30: =AJ30 -> 0 | CY30: =(((S30+R30)*BZ30)/100) -> 143.9526 | CZ30: =(((S30+R30)*CA30)/100) -> 76.2102 | DE30: *1,1 | DF30: *1,1 | DG30: *1,1 | DI30: *1,1 | DJ30: *1,1 | DN30: 0 | DO30: 0 | DP30: 1 | DQ30: 1 | DU30: 1013 | DV30: 1 ДЕРЕВО | DW30: 1 ДЕРЕВО | DX30: 1 | EE30: 86331294 | EF30: 60 | EG30: Ремонтно-строительные работы | EH30: 0 | EJ30: 1 | EK30: 666 | EL30: ТСН-2001.6-68. 68-30...68-34 | EM30: ТСН-2001.6-68-13 | EO30: Попр.12.00.01.11.003 | EQ30: 0 | ER30: 0 | ES30: 0 | ET30: 0 | EU30: 0 | EV30: 11.14 | EW30: 1.07 | EX30: 0 | EY30: 0 | FQ30: 0 | FR30: 0 | FS30: 0 | FX30: 102 | FY30: 54 | GD30: 1 | GF30: 2020855730 | GG30: 2 | GH30: 0 | GI30: -2 | GJ30: 0 | GK30: 0 | GL30: =ROUND(IF(AND(BH30=3,BI30=3,FS30<>0),P30,0),2) -> 0 | GM30: =ROUND(O30+X30+Y30,2)+GX30 -> 361.29 | GN30: =IF(OR(BI30=0,BI30=1),GM30-GX30,0) -> 361.29 | GO30: =IF(BI30=2,GM30-GX30,0) -> 0 | GP30: =IF(BI30=4,GM30-GX30,0) -> 0 | GR30: 0 | GS30: 3 | GT30: 0 | GV30: =(GT30) -> 0 | GW30: 1 | GX30: =ROUND(HC30*I30,2) -> 0 | HA30: 0 | HB30: 0 | HC30: =GV30*GW30 -> 0 | HS30: 0 | IK30: 0
A31: 17 | B31: 1 | C31: =ROW(SmtRes!A4) -> 4 | D31: =ROW(EtalonRes!A4) -> 4 | E31: 2 | F31: 6.68-30-2 | G31: Валка и разделка деревьев вручную с последующей ручной переноской и складированием кряжей и сучьев диаметром 200 мм на расстояние до 50 м | H31: 1 ДЕРЕВО | I31: =ROUND(11,9) -> 11 | J31: 0 | K31: =ROUND(11,9) -> 11 | O31: =ROUND(CP31,2) -> 8151.63 | P31: =ROUND(CQ31*I31,2) -> 0 | Q31: =ROUND(CR31*I31,2) -> 0 | R31: =ROUND(CS31*I31,2) -> 0 | S31: =ROUND(CT31*I31,2) -> 8151.63 | T31: =ROUND(CU31*I31,2) -> 0 | U31: =CV31*I31 -> 13.555509 | V31: =CW31*I31 -> 0 | W31: =ROUND(CX31*I31,2) -> 0 | X31: =ROUND(CY31,2) -> 8314.66 | Y31: =ROUND(CZ31,2) -> 4401.88 | AA31: 86495195 | AB31: =(AC31+AD31+AF31) -> 12.254 | AC31: =(ES31) -> 0 | AD31: =((ET31*1.1)) -> 0 | AE31: =((EU31*1.1)) -> 0 | AF31: =((EV31*1.1)) -> 12.254 | AG31: =(AP31) -> 0 | AH31: =((EW31*1.1)) -> 1.177 | AI31: =((EX31*1.1)) -> 0 | AJ31: =(AS31) -> 0 | AK31: 0 | AL31: 0 | AM31: 0 | AN31: 0 | AO31: 11.14 | AP31: 0 | AQ31: 1.07 | AR31: 0 | AS31: 0 | AT31: 102 | AU31: 54 | AV31: 1.047 | AW31: 1 | AZ31: 1 | BA31: 57.76 | BB31: 1 | BC31: 1 | BH31: 0 | BI31: 1 | BJ31: 6.68-30-2 | BM31: 666 | BN31: 0 | BO31: 6.68-30-2 | BP31: 1 | BQ31: 60 | BR31: 0 | BS31: 57.76 | BT31: 1 | BU31: 1 | BV31: 1 | BW31: 1 | BX31: 1 | BZ31: 102 | CA31: 54 | CE31: 0 | CF31: 0 | CG31: 0 | CM31: 0 | CN31: Поправка:стеснённые условия, пп. "в" | CO31: 0 | CP31: =(P31+Q31+S31) -> 8151.63 | CQ31: =(AC31*BC31*AW31) -> 0 | CR31: =(((ET31*1.1))*BB31*AV31) -> 0 | CS31: =(AE31*BS31*AV31) -> 0 | CT31: =(AF31*BA31*AV31) -> 741.05722 | CU31: =AG31 -> 0 | CV31: =(AH31*AV31) -> 1.232319 | CW31: =AI31 -> 0 | CX31: =AJ31 -> 0 | CY31: =(S31+R31)*(BZ31/100) -> 8314.6626 | CZ31: =(S31+R31)*(CA31/100) -> 4401.8802 | DE31: *1,1 | DF31: *1,1 | DG31: *1,1 | DI31: *1,1 | DJ31: *1,1 | DN31: 102 | DO31: 54 | DP31: 1 | DQ31: 1 | DU31: 1013 | DV31: 1 ДЕРЕВО | DW31: 1 ДЕРЕВО | DX31: 1 | EE31: 86331294 | EF31: 60 | EG31: Ремонтно-строительные работы | EH31: 0 | EJ31: 1 | EK31: 666 | EL31: ТСН-2001.6-68. 68-30...68-34 | EM31: ТСН-2001.6-68-13 | EO31: Попр.12.00.01.11.003 | EQ31: 0 | ER31: 0 | ES31: 0 | ET31: 0 | EU31: 0 | EV31: 11.14 | EW31: 1.07 | EX31: 0 | EY31: 0 | FQ31: 0 | FR31: 0 | FS31: 0 | FX31: 102 | FY31: 54 | GD31: 1 | GF31: 2020855730 | GG31: 2 | GH31: 0 | GI31: -2 | GJ31: 0 | GK31: 0 | GL31: =ROUND(IF(AND(BH31=3,BI31=3,FS31<>0),P31,0),2) -> 0 | GM31: =ROUND(O31+X31+Y31,2)+GX31 -> 20868.17 | GN31: =IF(OR(BI31=0,BI31=1),GM31-GX31,0) -> 20868.17 | GO31: =IF(BI31=2,GM31-GX31,0) -> 0 | GP31: =IF(BI31=4,GM31-GX31,0) -> 0 | GR31: 0 | GS31: 3 | GT31: 0 | GV31: =(GT31) -> 0 | GW31: 1 | GX31: =ROUND(HC31*I31,2) -> 0 | HA31: 0 | HB31: 0 | HC31: =GV31*GW31 -> 0 | HS31: 0 | IK31: 0
A32: 17 | B32: 1 | C32: =ROW(SmtRes!A5) -> 5 | D32: =ROW(EtalonRes!A5) -> 5 | E32: 3 | F32: 6.68-30-3 | G32: Валка и разделка деревьев вручную с последующей ручной переноской и складированием кряжей и сучьев диаметром 300 мм на расстояние до 50 м | H32: 1 ДЕРЕВО | I32: =ROUND(9,9) -> 9 | J32: 0 | K32: =ROUND(9,9) -> 9 | O32: =ROUND(CP32,2) -> 240.47 | P32: =ROUND(CQ32*I32,2) -> 0 | Q32: =ROUND(CR32*I32,2) -> 0 | R32: =ROUND(CS32*I32,2) -> 0 | S32: =ROUND(CT32*I32,2) -> 240.47 | T32: =ROUND(CU32*I32,2) -> 0 | U32: =CV32*I32 -> 23.736537 | V32: =CW32*I32 -> 0 | W32: =ROUND(CX32*I32,2) -> 0 | X32: =ROUND(CY32,2) -> 245.28 | Y32: =ROUND(CZ32,2) -> 129.85 | AA32: 86495194 | AB32: =(AC32+AD32+AF32) -> 25.52 | AC32: =(ES32) -> 0 | AD32: =((ET32*1.1)) -> 0 | AE32: =((EU32*1.1)) -> 0 | AF32: =((EV32*1.1)) -> 25.52 | AG32: =(AP32) -> 0 | AH32: =((EW32*1.1)) -> 2.519 | AI32: =((EX32*1.1)) -> 0 | AJ32: =(AS32) -> 0 | AK32: 0 | AL32: 0 | AM32: 0 | AN32: 0 | AO32: 23.2 | AP32: 0 | AQ32: 2.29 | AR32: 0 | AS32: 0 | AT32: 102 | AU32: 54 | AV32: 1.047 | AW32: 1 | AZ32: 1 | BA32: 1 | BB32: 1 | BC32: 1 | BH32: 0 | BI32: 1 | BJ32: 6.68-30-3 | BM32: 666 | BN32: 0 | BO32: 6.68-30-3 | BP32: 1 | BQ32: 60 | BR32: 0 | BS32: 1 | BT32: 1 | BU32: 1 | BV32: 1 | BW32: 1 | BX32: 1 | BZ32: 102 | CA32: 54 | CE32: 0 | CF32: 0 | CG32: 0 | CM32: 0 | CN32: Поправка:стеснённые условия, пп. "в" | CO32: 0 | CP32: =(P32+Q32+S32) -> 240.47 | CQ32: =(AC32*BC32*AW32) -> 0 | CR32: =(((ET32*1.1))*BB32*AV32) -> 0 | CS32: =(AE32*BS32*AV32) -> 0 | CT32: =(AF32*BA32*AV32) -> 26.71944 | CU32: =AG32 -> 0 | CV32: =(AH32*AV32) -> 2.637393 | CW32: =AI32 -> 0 | CX32: =AJ32 -> 0 | CY32: =(((S32+R32)*BZ32)/100) -> 245.2794 | CZ32: =(((S32+R32)*CA32)/100) -> 129.8538 | DE32: *1,1 | DF32: *1,1 | DG32: *1,1 | DI32: *1,1 | DJ32: *1,1 | DN32: 0 | DO32: 0 | DP32: 1 | DQ32: 1 | DU32: 1013 | DV32: 1 ДЕРЕВО | DW32: 1 ДЕРЕВО | DX32: 1 | EE32: 86331294 | EF32: 60 | EG32: Ремонтно-строительные работы | EH32: 0 | EJ32: 1 | EK32: 666 | EL32: ТСН-2001.6-68. 68-30...68-34 | EM32: ТСН-2001.6-68-13 | EO32: Попр.12.00.01.11.003 | EQ32: 0 | ER32: 0 | ES32: 0 | ET32: 0 | EU32: 0 | EV32: 23.2 | EW32: 2.29 | EX32: 0 | EY32: 0 | FQ32: 0 | FR32: 0 | FS32: 0 | FX32: 102 | FY32: 54 | GD32: 1 | GF32: 249946461 | GG32: 2 | GH32: 0 | GI32: -2 | GJ32: 0 | GK32: 0 | GL32: =ROUND(IF(AND(BH32=3,BI32=3,FS32<>0),P32,0),2) -> 0 | GM32: =ROUND(O32+X32+Y32,2)+GX32 -> 615.6 | GN32: =IF(OR(BI32=0,BI32=1),GM32-GX32,0) -> 615.6 | GO32: =IF(BI32=2,GM32-GX32,0) -> 0 | GP32: =IF(BI32=4,GM32-GX32,0) -> 0 | GR32: 0 | GS32: 3 | GT32: 0 | GV32: =(GT32) -> 0 | GW32: 1 | GX32: =ROUND(HC32*I32,2) -> 0 | HA32: 0 | HB32: 0 | HC32: =GV32*GW32 -> 0 | HS32: 0 | IK32: 0
A33: 17 | B33: 1 | C33: =ROW(SmtRes!A6) -> 6 | D33: =ROW(EtalonRes!A6) -> 6 | E33: 3 | F33: 6.68-30-3 | G33: Валка и разделка деревьев вручную с последующей ручной переноской и складированием кряжей и сучьев диаметром 300 мм на расстояние до 50 м | H33: 1 ДЕРЕВО | I33: =ROUND(9,9) -> 9 | J33: 0 | K33: =ROUND(9,9) -> 9 | O33: =ROUND(CP33,2) -> 13889.83 | P33: =ROUND(CQ33*I33,2) -> 0 | Q33: =ROUND(CR33*I33,2) -> 0 | R33: =ROUND(CS33*I33,2) -> 0 | S33: =ROUND(CT33*I33,2) -> 13889.83 | T33: =ROUND(CU33*I33,2) -> 0 | U33: =CV33*I33 -> 23.736537 | V33: =CW33*I33 -> 0 | W33: =ROUND(CX33*I33,2) -> 0 | X33: =ROUND(CY33,2) -> 14167.63 | Y33: =ROUND(CZ33,2) -> 7500.51 | AA33: 86495195 | AB33: =(AC33+AD33+AF33) -> 25.52 | AC33: =(ES33) -> 0 | AD33: =((ET33*1.1)) -> 0 | AE33: =((EU33*1.1)) -> 0 | AF33: =((EV33*1.1)) -> 25.52 | AG33: =(AP33) -> 0 | AH33: =((EW33*1.1)) -> 2.519 | AI33: =((EX33*1.1)) -> 0 | AJ33: =(AS33) -> 0 | AK33: 0 | AL33: 0 | AM33: 0 | AN33: 0 | AO33: 23.2 | AP33: 0 | AQ33: 2.29 | AR33: 0 | AS33: 0 | AT33: 102 | AU33: 54 | AV33: 1.047 | AW33: 1 | AZ33: 1 | BA33: 57.76 | BB33: 1 | BC33: 1 | BH33: 0 | BI33: 1 | BJ33: 6.68-30-3 | BM33: 666 | BN33: 0 | BO33: 6.68-30-3 | BP33: 1 | BQ33: 60 | BR33: 0 | BS33: 57.76 | BT33: 1 | BU33: 1 | BV33: 1 | BW33: 1 | BX33: 1 | BZ33: 102 | CA33: 54 | CE33: 0 | CF33: 0 | CG33: 0 | CM33: 0 | CN33: Поправка:стеснённые условия, пп. "в" | CO33: 0 | CP33: =(P33+Q33+S33) -> 13889.83 | CQ33: =(AC33*BC33*AW33) -> 0 | CR33: =(((ET33*1.1))*BB33*AV33) -> 0 | CS33: =(AE33*BS33*AV33) -> 0 | CT33: =(AF33*BA33*AV33) -> 1543.3149 | CU33: =AG33 -> 0 | CV33: =(AH33*AV33) -> 2.637393 | CW33: =AI33 -> 0 | CX33: =AJ33 -> 0 | CY33: =(S33+R33)*(BZ33/100) -> 14167.627 | CZ33: =(S33+R33)*(CA33/100) -> 7500.5082 | DE33: *1,1 | DF33: *1,1 | DG33: *1,1 | DI33: *1,1 | DJ33: *1,1 | DN33: 102 | DO33: 54 | DP33: 1 | DQ33: 1 | DU33: 1013 | DV33: 1 ДЕРЕВО | DW33: 1 ДЕРЕВО | DX33: 1 | EE33: 86331294 | EF33: 60 | EG33: Ремонтно-строительные работы | EH33: 0 | EJ33: 1 | EK33: 666 | EL33: ТСН-2001.6-68. 68-30...68-34 | EM33: ТСН-2001.6-68-13 | EO33: Попр.12.00.01.11.003 | EQ33: 0 | ER33: 0 | ES33: 0 | ET33: 0 | EU33: 0 | EV33: 23.2 | EW33: 2.29 | EX33: 0 | EY33: 0 | FQ33: 0 | FR33: 0 | FS33: 0 | FX33: 102 | FY33: 54 | GD33: 1 | GF33: 249946461 | GG33: 2 | GH33: 0 | GI33: -2 | GJ33: 0 | GK33: 0 | GL33: =ROUND(IF(AND(BH33=3,BI33=3,FS33<>0),P33,0),2) -> 0 | GM33: =ROUND(O33+X33+Y33,2)+GX33 -> 35557.97 | GN33: =IF(OR(BI33=0,BI33=1),GM33-GX33,0) -> 35557.97 | GO33: =IF(BI33=2,GM33-GX33,0) -> 0 | GP33: =IF(BI33=4,GM33-GX33,0) -> 0 | GR33: 0 | GS33: 3 | GT33: 0 | GV33: =(GT33) -> 0 | GW33: 1 | GX33: =ROUND(HC33*I33,2) -> 0 | HA33: 0 | HB33: 0 | HC33: =GV33*GW33 -> 0 | HS33: 0 | IK33: 0
A34: 17 | B34: 1 | C34: =ROW(SmtRes!A7) -> 7 | D34: =ROW(EtalonRes!A7) -> 7 | E34: 4 | F34: 6.68-30-4 | G34: Валка и разделка деревьев вручную с последующей ручной переноской и складированием кряжей и сучьев диаметром 400 мм на расстояние до 50 м | H34: 1 ДЕРЕВО | I34: =ROUND(10,9) -> 10 | J34: 0 | K34: =ROUND(10,9) -> 10 | O34: =ROUND(CP34,2) -> 397.68 | P34: =ROUND(CQ34*I34,2) -> 0 | Q34: =ROUND(CR34*I34,2) -> 0 | R34: =ROUND(CS34*I34,2) -> 0 | S34: =ROUND(CT34*I34,2) -> 397.68 | T34: =ROUND(CU34*I34,2) -> 0 | U34: =CV34*I34 -> 39.84882 | V34: =CW34*I34 -> 0 | W34: =ROUND(CX34*I34,2) -> 0 | X34: =ROUND(CY34,2) -> 405.63 | Y34: =ROUND(CZ34,2) -> 214.75 | AA34: 86495194 | AB34: =(AC34+AD34+AF34) -> 37.983 | AC34: =(ES34) -> 0 | AD34: =((ET34*1.1)) -> 0 | AE34: =((EU34*1.1)) -> 0 | AF34: =((EV34*1.1)) -> 37.983 | AG34: =(AP34) -> 0 | AH34: =((EW34*1.1)) -> 3.806 | AI34: =((EX34*1.1)) -> 0 | AJ34: =(AS34) -> 0 | AK34: 0 | AL34: 0 | AM34: 0 | AN34: 0 | AO34: 34.53 | AP34: 0 | AQ34: 3.46 | AR34: 0 | AS34: 0 | AT34: 102 | AU34: 54 | AV34: 1.047 | AW34: 1 | AZ34: 1 | BA34: 1 | BB34: 1 | BC34: 1 | BH34: 0 | BI34: 1 | BJ34: 6.68-30-4 | BM34: 666 | BN34: 0 | BO34: 6.68-30-4 | BP34: 1 | BQ34: 60 | BR34: 0 | BS34: 1 | BT34: 1 | BU34: 1 | BV34: 1 | BW34: 1 | BX34: 1 | BZ34: 102 | CA34: 54 | CE34: 0 | CF34: 0 | CG34: 0 | CM34: 0 | CN34: Поправка:стеснённые условия, пп. "в" | CO34: 0 | CP34: =(P34+Q34+S34) -> 397.68 | CQ34: =(AC34*BC34*AW34) -> 0 | CR34: =(((ET34*1.1))*BB34*AV34) -> 0 | CS34: =(AE34*BS34*AV34) -> 0 | CT34: =(AF34*BA34*AV34) -> 39.768201 | CU34: =AG34 -> 0 | CV34: =(AH34*AV34) -> 3.984882 | CW34: =AI34 -> 0 | CX34: =AJ34 -> 0 | CY34: =(((S34+R34)*BZ34)/100) -> 405.6336 | CZ34: =(((S34+R34)*CA34)/100) -> 214.7472 | DE34: *1,1 | DF34: *1,1 | DG34: *1,1 | DI34: *1,1 | DJ34: *1,1 | DN34: 0 | DO34: 0 | DP34: 1 | DQ34: 1 | DU34: 1013 | DV34: 1 ДЕРЕВО | DW34: 1 ДЕРЕВО | DX34: 1 | EE34: 86331294 | EF34: 60 | EG34: Ремонтно-строительные работы | EH34: 0 | EJ34: 1 | EK34: 666 | EL34: ТСН-2001.6-68. 68-30...68-34 | EM34: ТСН-2001.6-68-13 | EO34: Попр.12.00.01.11.003 | EQ34: 0 | ER34: 0 | ES34: 0 | ET34: 0 | EU34: 0 | EV34: 34.53 | EW34: 3.46 | EX34: 0 | EY34: 0 | FQ34: 0 | FR34: 0 | FS34: 0 | FX34: 102 | FY34: 54 | GD34: 1 | GF34: 862475385 | GG34: 2 | GH34: 0 | GI34: -2 | GJ34: 0 | GK34: 0 | GL34: =ROUND(IF(AND(BH34=3,BI34=3,FS34<>0),P34,0),2) -> 0 | GM34: =ROUND(O34+X34+Y34,2)+GX34 -> 1018.06 | GN34: =IF(OR(BI34=0,BI34=1),GM34-GX34,0) -> 1018.06 | GO34: =IF(BI34=2,GM34-GX34,0) -> 0 | GP34: =IF(BI34=4,GM34-GX34,0) -> 0 | GR34: 0 | GS34: 3 | GT34: 0 | GV34: =(GT34) -> 0 | GW34: 1 | GX34: =ROUND(HC34*I34,2) -> 0 | HA34: 0 | HB34: 0 | HC34: =GV34*GW34 -> 0 | HS34: 0 | IK34: 0
A35: 17 | B35: 1 | C35: =ROW(SmtRes!A8) -> 8 | D35: =ROW(EtalonRes!A8) -> 8 | E35: 4 | F35: 6.68-30-4 | G35: Валка и разделка деревьев вручную с последующей ручной переноской и складированием кряжей и сучьев диаметром 400 мм на расстояние до 50 м | H35: 1 ДЕРЕВО | I35: =ROUND(10,9) -> 10 | J35: 0 | K35: =ROUND(10,9) -> 10 | O35: =ROUND(CP35,2) -> 22970.11 | P35: =ROUND(CQ35*I35,2) -> 0 | Q35: =ROUND(CR35*I35,2) -> 0 | R35: =ROUND(CS35*I35,2) -> 0 | S35: =ROUND(CT35*I35,2) -> 22970.11 | T35: =ROUND(CU35*I35,2) -> 0 | U35: =CV35*I35 -> 39.84882 | V35: =CW35*I35 -> 0 | W35: =ROUND(CX35*I35,2) -> 0 | X35: =ROUND(CY35,2) -> 23429.51 | Y35: =ROUND(CZ35,2) -> 12403.86 | AA35: 86495195 | AB35: =(AC35+AD35+AF35) -> 37.983 | AC35: =(ES35) -> 0 | AD35: =((ET35*1.1)) -> 0 | AE35: =((EU35*1.1)) -> 0 | AF35: =((EV35*1.1)) -> 37.983 | AG35: =(AP35) -> 0 | AH35: =((EW35*1.1)) -> 3.806 | AI35: =((EX35*1.1)) -> 0 | AJ35: =(AS35) -> 0 | AK35: 0 | AL35: 0 | AM35: 0 | AN35: 0 | AO35: 34.53 | AP35: 0 | AQ35: 3.46 | AR35: 0 | AS35: 0 | AT35: 102 | AU35: 54 | AV35: 1.047 | AW35: 1 | AZ35: 1 | BA35: 57.76 | BB35: 1 | BC35: 1 | BH35: 0 | BI35: 1 | BJ35: 6.68-30-4 | BM35: 666 | BN35: 0 | BO35: 6.68-30-4 | BP35: 1 | BQ35: 60 | BR35: 0 | BS35: 57.76 | BT35: 1 | BU35: 1 | BV35: 1 | BW35: 1 | BX35: 1 | BZ35: 102 | CA35: 54 | CE35: 0 | CF35: 0 | CG35: 0 | CM35: 0 | CN35: Поправка:стеснённые условия, пп. "в" | CO35: 0 | CP35: =(P35+Q35+S35) -> 22970.11 | CQ35: =(AC35*BC35*AW35) -> 0 | CR35: =(((ET35*1.1))*BB35*AV35) -> 0 | CS35: =(AE35*BS35*AV35) -> 0 | CT35: =(AF35*BA35*AV35) -> 2297.0113 | CU35: =AG35 -> 0 | CV35: =(AH35*AV35) -> 3.984882 | CW35: =AI35 -> 0 | CX35: =AJ35 -> 0 | CY35: =(S35+R35)*(BZ35/100) -> 23429.512 | CZ35: =(S35+R35)*(CA35/100) -> 12403.859 | DE35: *1,1 | DF35: *1,1 | DG35: *1,1 | DI35: *1,1 | DJ35: *1,1 | DN35: 102 | DO35: 54 | DP35: 1 | DQ35: 1 | DU35: 1013 | DV35: 1 ДЕРЕВО | DW35: 1 ДЕРЕВО | DX35: 1 | EE35: 86331294 | EF35: 60 | EG35: Ремонтно-строительные работы | EH35: 0 | EJ35: 1 | EK35: 666 | EL35: ТСН-2001.6-68. 68-30...68-34 | EM35: ТСН-2001.6-68-13 | EO35: Попр.12.00.01.11.003 | EQ35: 0 | ER35: 0 | ES35: 0 | ET35: 0 | EU35: 0 | EV35: 34.53 | EW35: 3.46 | EX35: 0 | EY35: 0 | FQ35: 0 | FR35: 0 | FS35: 0 | FX35: 102 | FY35: 54 | GD35: 1 | GF35: 862475385 | GG35: 2 | GH35: 0 | GI35: -2 | GJ35: 0 | GK35: 0 | GL35: =ROUND(IF(AND(BH35=3,BI35=3,FS35<>0),P35,0),2) -> 0 | GM35: =ROUND(O35+X35+Y35,2)+GX35 -> 58803.48 | GN35: =IF(OR(BI35=0,BI35=1),GM35-GX35,0) -> 58803.48 | GO35: =IF(BI35=2,GM35-GX35,0) -> 0 | GP35: =IF(BI35=4,GM35-GX35,0) -> 0 | GR35: 0 | GS35: 3 | GT35: 0 | GV35: =(GT35) -> 0 | GW35: 1 | GX35: =ROUND(HC35*I35,2) -> 0 | HA35: 0 | HB35: 0 | HC35: =GV35*GW35 -> 0 | HS35: 0 | IK35: 0
A36: 17 | B36: 1 | C36: =ROW(SmtRes!A9) -> 9 | D36: =ROW(EtalonRes!A9) -> 9 | E36: 5 | F36: 6.68-30-5 | G36: Валка и разделка деревьев вручную с последующей ручной переноской и складированием кряжей и сучьев диаметром 500 мм на расстояние до 50 м | H36: 1 ДЕРЕВО | I36: =ROUND(3,9) -> 3 | J36: 0 | K36: =ROUND(3,9) -> 3 | O36: =ROUND(CP36,2) -> 189.3 | P36: =ROUND(CQ36*I36,2) -> 0 | Q36: =ROUND(CR36*I36,2) -> 0 | R36: =ROUND(CS36*I36,2) -> 0 | S36: =ROUND(CT36*I36,2) -> 189.3 | T36: =ROUND(CU36*I36,2) -> 0 | U36: =CV36*I36 -> 18.968499 | V36: =CW36*I36 -> 0 | W36: =ROUND(CX36*I36,2) -> 0 | X36: =ROUND(CY36,2) -> 193.09 | Y36: =ROUND(CZ36,2) -> 102.22 | AA36: 86495194 | AB36: =(AC36+AD36+AF36) -> 60.269 | AC36: =(ES36) -> 0 | AD36: =((ET36*1.1)) -> 0 | AE36: =((EU36*1.1)) -> 0 | AF36: =((EV36*1.1)) -> 60.269 | AG36: =(AP36) -> 0 | AH36: =((EW36*1.1)) -> 6.039 | AI36: =((EX36*1.1)) -> 0 | AJ36: =(AS36) -> 0 | AK36: 0 | AL36: 0 | AM36: 0 | AN36: 0 | AO36: 54.79 | AP36: 0 | AQ36: 5.49 | AR36: 0 | AS36: 0 | AT36: 102 | AU36: 54 | AV36: 1.047 | AW36: 1 | AZ36: 1 | BA36: 1 | BB36: 1 | BC36: 1 | BH36: 0 | BI36: 1 | BJ36: 6.68-30-5 | BM36: 666 | BN36: 0 | BO36: 6.68-30-5 | BP36: 1 | BQ36: 60 | BR36: 0 | BS36: 1 | BT36: 1 | BU36: 1 | BV36: 1 | BW36: 1 | BX36: 1 | BZ36: 102 | CA36: 54 | CE36: 0 | CF36: 0 | CG36: 0 | CM36: 0 | CN36: Поправка:стеснённые условия, пп. "в" | CO36: 0 | CP36: =(P36+Q36+S36) -> 189.3 | CQ36: =(AC36*BC36*AW36) -> 0 | CR36: =(((ET36*1.1))*BB36*AV36) -> 0 | CS36: =(AE36*BS36*AV36) -> 0 | CT36: =(AF36*BA36*AV36) -> 63.101643 | CU36: =AG36 -> 0 | CV36: =(AH36*AV36) -> 6.322833 | CW36: =AI36 -> 0 | CX36: =AJ36 -> 0 | CY36: =(((S36+R36)*BZ36)/100) -> 193.086 | CZ36: =(((S36+R36)*CA36)/100) -> 102.222 | DE36: *1,1 | DF36: *1,1 | DG36: *1,1 | DI36: *1,1 | DJ36: *1,1 | DN36: 0 | DO36: 0 | DP36: 1 | DQ36: 1 | DU36: 1013 | DV36: 1 ДЕРЕВО | DW36: 1 ДЕРЕВО | DX36: 1 | EE36: 86331294 | EF36: 60 | EG36: Ремонтно-строительные работы | EH36: 0 | EJ36: 1 | EK36: 666 | EL36: ТСН-2001.6-68. 68-30...68-34 | EM36: ТСН-2001.6-68-13 | EO36: Попр.12.00.01.11.003 | EQ36: 0 | ER36: 0 | ES36: 0 | ET36: 0 | EU36: 0 | EV36: 54.79 | EW36: 5.49 | EX36: 0 | EY36: 0 | FQ36: 0 | FR36: 0 | FS36: 0 | FX36: 102 | FY36: 54 | GD36: 1 | GF36: 681989222 | GG36: 2 | GH36: 0 | GI36: -2 | GJ36: 0 | GK36: 0 | GL36: =ROUND(IF(AND(BH36=3,BI36=3,FS36<>0),P36,0),2) -> 0 | GM36: =ROUND(O36+X36+Y36,2)+GX36 -> 484.61 | GN36: =IF(OR(BI36=0,BI36=1),GM36-GX36,0) -> 484.61 | GO36: =IF(BI36=2,GM36-GX36,0) -> 0 | GP36: =IF(BI36=4,GM36-GX36,0) -> 0 | GR36: 0 | GS36: 3 | GT36: 0 | GV36: =(GT36) -> 0 | GW36: 1 | GX36: =ROUND(HC36*I36,2) -> 0 | HA36: 0 | HB36: 0 | HC36: =GV36*GW36 -> 0 | HS36: 0 | IK36: 0
A37: 17 | B37: 1 | C37: =ROW(SmtRes!A10) -> 10 | D37: =ROW(EtalonRes!A10) -> 10 | E37: 5 | F37: 6.68-30-5 | G37: Валка и разделка деревьев вручную с последующей ручной переноской и складированием кряжей и сучьев диаметром 500 мм на расстояние до 50 м | H37: 1 ДЕРЕВО | I37: =ROUND(3,9) -> 3 | J37: 0 | K37: =ROUND(3,9) -> 3 | O37: =ROUND(CP37,2) -> 10934.25 | P37: =ROUND(CQ37*I37,2) -> 0 | Q37: =ROUND(CR37*I37,2) -> 0 | R37: =ROUND(CS37*I37,2) -> 0 | S37: =ROUND(CT37*I37,2) -> 10934.25 | T37: =ROUND(CU37*I37,2) -> 0 | U37: =CV37*I37 -> 18.968499 | V37: =CW37*I37 -> 0 | W37: =ROUND(CX37*I37,2) -> 0 | X37: =ROUND(CY37,2) -> 11152.94 | Y37: =ROUND(CZ37,2) -> 5904.5 | AA37: 86495195 | AB37: =(AC37+AD37+AF37) -> 60.269 | AC37: =(ES37) -> 0 | AD37: =((ET37*1.1)) -> 0 | AE37: =((EU37*1.1)) -> 0 | AF37: =((EV37*1.1)) -> 60.269 | AG37: =(AP37) -> 0 | AH37: =((EW37*1.1)) -> 6.039 | AI37: =((EX37*1.1)) -> 0 | AJ37: =(AS37) -> 0 | AK37: 0 | AL37: 0 | AM37: 0 | AN37: 0 | AO37: 54.79 | AP37: 0 | AQ37: 5.49 | AR37: 0 | AS37: 0 | AT37: 102 | AU37: 54 | AV37: 1.047 | AW37: 1 | AZ37: 1 | BA37: 57.76 | BB37: 1 | BC37: 1 | BH37: 0 | BI37: 1 | BJ37: 6.68-30-5 | BM37: 666 | BN37: 0 | BO37: 6.68-30-5 | BP37: 1 | BQ37: 60 | BR37: 0 | BS37: 57.76 | BT37: 1 | BU37: 1 | BV37: 1 | BW37: 1 | BX37: 1 | BZ37: 102 | CA37: 54 | CE37: 0 | CF37: 0 | CG37: 0 | CM37: 0 | CN37: Поправка:стеснённые условия, пп. "в" | CO37: 0 | CP37: =(P37+Q37+S37) -> 10934.25 | CQ37: =(AC37*BC37*AW37) -> 0 | CR37: =(((ET37*1.1))*BB37*AV37) -> 0 | CS37: =(AE37*BS37*AV37) -> 0 | CT37: =(AF37*BA37*AV37) -> 3644.7509 | CU37: =AG37 -> 0 | CV37: =(AH37*AV37) -> 6.322833 | CW37: =AI37 -> 0 | CX37: =AJ37 -> 0 | CY37: =(S37+R37)*(BZ37/100) -> 11152.935 | CZ37: =(S37+R37)*(CA37/100) -> 5904.495 | DE37: *1,1 | DF37: *1,1 | DG37: *1,1 | DI37: *1,1 | DJ37: *1,1 | DN37: 102 | DO37: 54 | DP37: 1 | DQ37: 1 | DU37: 1013 | DV37: 1 ДЕРЕВО | DW37: 1 ДЕРЕВО | DX37: 1 | EE37: 86331294 | EF37: 60 | EG37: Ремонтно-строительные работы | EH37: 0 | EJ37: 1 | EK37: 666 | EL37: ТСН-2001.6-68. 68-30...68-34 | EM37: ТСН-2001.6-68-13 | EO37: Попр.12.00.01.11.003 | EQ37: 0 | ER37: 0 | ES37: 0 | ET37: 0 | EU37: 0 | EV37: 54.79 | EW37: 5.49 | EX37: 0 | EY37: 0 | FQ37: 0 | FR37: 0 | FS37: 0 | FX37: 102 | FY37: 54 | GD37: 1 | GF37: 681989222 | GG37: 2 | GH37: 0 | GI37: -2 | GJ37: 0 | GK37: 0 | GL37: =ROUND(IF(AND(BH37=3,BI37=3,FS37<>0),P37,0),2) -> 0 | GM37: =ROUND(O37+X37+Y37,2)+GX37 -> 27991.69 | GN37: =IF(OR(BI37=0,BI37=1),GM37-GX37,0) -> 27991.69 | GO37: =IF(BI37=2,GM37-GX37,0) -> 0 | GP37: =IF(BI37=4,GM37-GX37,0) -> 0 | GR37: 0 | GS37: 3 | GT37: 0 | GV37: =(GT37) -> 0 | GW37: 1 | GX37: =ROUND(HC37*I37,2) -> 0 | HA37: 0 | HB37: 0 | HC37: =GV37*GW37 -> 0 | HS37: 0 | IK37: 0
A38: 17 | B38: 1 | C38: =ROW(SmtRes!A11) -> 11 | D38: =ROW(EtalonRes!A11) -> 11 | E38: 6 | F38: 6.68-34-3 | G38: Расчистка площадей от кустарников и мелколесья диаметром до 100 мм вручную с последующей переноской и складированием на расстояние до 50 м при густой заросли | H38: 1 ГА | I38: =ROUND(0.0418,9) -> 0.0418 | J38: 0 | K38: =ROUND(0.0418,9) -> 0.0418 | O38: =ROUND(CP38,2) -> 234.54 | P38: =ROUND(CQ38*I38,2) -> 0 | Q38: =ROUND(CR38*I38,2) -> 0 | R38: =ROUND(CS38*I38,2) -> 0 | S38: =ROUND(CT38*I38,2) -> 234.54 | T38: =ROUND(CU38*I38,2) -> 0 | U38: =CV38*I38 -> 21.716432 | V38: =CW38*I38 -> 0 | W38: =ROUND(CX38*I38,2) -> 0 | X38: =ROUND(CY38,2) -> 239.23 | Y38: =ROUND(CZ38,2) -> 126.65 | AA38: 86495194 | AB38: =(AC38+AD38+AF38) -> 5359.068 | AC38: =(ES38) -> 0 | AD38: =((ET38*1.1)) -> 0 | AE38: =((EU38*1.1)) -> 0 | AF38: =((EV38*1.1)) -> 5359.068 | AG38: =(AP38) -> 0 | AH38: =((EW38*1.1)) -> 496.21 | AI38: =((EX38*1.1)) -> 0 | AJ38: =(AS38) -> 0 | AK38: 0 | AL38: 0 | AM38: 0 | AN38: 0 | AO38: 4871.88 | AP38: 0 | AQ38: 451.1 | AR38: 0 | AS38: 0 | AT38: 102 | AU38: 54 | AV38: 1.047 | AW38: 1 | AZ38: 1 | BA38: 1 | BB38: 1 | BC38: 1 | BH38: 0 | BI38: 1 | BJ38: 6.68-34-3 | BM38: 666 | BN38: 0 | BO38: 6.68-34-3 | BP38: 1 | BQ38: 60 | BR38: 0 | BS38: 1 | BT38: 1 | BU38: 1 | BV38: 1 | BW38: 1 | BX38: 1 | BZ38: 102 | CA38: 54 | CE38: 0 | CF38: 0 | CG38: 0 | CM38: 0 | CN38: Поправка:стеснённые условия, пп. "в" | CO38: 0 | CP38: =(P38+Q38+S38) -> 234.54 | CQ38: =(AC38*BC38*AW38) -> 0 | CR38: =(((ET38*1.1))*BB38*AV38) -> 0 | CS38: =(AE38*BS38*AV38) -> 0 | CT38: =(AF38*BA38*AV38) -> 5610.9442 | CU38: =AG38 -> 0 | CV38: =(AH38*AV38) -> 519.53187 | CW38: =AI38 -> 0 | CX38: =AJ38 -> 0 | CY38: =(((S38+R38)*BZ38)/100) -> 239.2308 | CZ38: =(((S38+R38)*CA38)/100) -> 126.6516 | DE38: *1,1 | DF38: *1,1 | DG38: *1,1 | DI38: *1,1 | DJ38: *1,1 | DN38: 0 | DO38: 0 | DP38: 1 | DQ38: 1 | DU38: 1013 | DV38: 1 ГА | DW38: 1 ГА | DX38: 1 | EE38: 86331294 | EF38: 60 | EG38: Ремонтно-строительные работы | EH38: 0 | EJ38: 1 | EK38: 666 | EL38: ТСН-2001.6-68. 68-30...68-34 | EM38: ТСН-2001.6-68-13 | EO38: Попр.12.00.01.11.003 | EQ38: 0 | ER38: 0 | ES38: 0 | ET38: 0 | EU38: 0 | EV38: 4871.88 | EW38: 451.1 | EX38: 0 | EY38: 0 | FQ38: 0 | FR38: 0 | FS38: 0 | FX38: 102 | FY38: 54 | GD38: 1 | GF38: -2032985441 | GG38: 2 | GH38: 0 | GI38: -2 | GJ38: 0 | GK38: 0 | GL38: =ROUND(IF(AND(BH38=3,BI38=3,FS38<>0),P38,0),2) -> 0 | GM38: =ROUND(O38+X38+Y38,2)+GX38 -> 600.42 | GN38: =IF(OR(BI38=0,BI38=1),GM38-GX38,0) -> 600.42 | GO38: =IF(BI38=2,GM38-GX38,0) -> 0 | GP38: =IF(BI38=4,GM38-GX38,0) -> 0 | GR38: 0 | GS38: 3 | GT38: 0 | GV38: =(GT38) -> 0 | GW38: 1 | GX38: =ROUND(HC38*I38,2) -> 0 | HA38: 0 | HB38: 0 | HC38: =GV38*GW38 -> 0 | HS38: 0 | IK38: 0
A39: 17 | B39: 1 | C39: =ROW(SmtRes!A12) -> 12 | D39: =ROW(EtalonRes!A12) -> 12 | E39: 6 | F39: 6.68-34-3 | G39: Расчистка площадей от кустарников и мелколесья диаметром до 100 мм вручную с последующей переноской и складированием на расстояние до 50 м при густой заросли | H39: 1 ГА | I39: =ROUND(0.0418,9) -> 0.0418 | J39: 0 | K39: =ROUND(0.0418,9) -> 0.0418 | O39: =ROUND(CP39,2) -> 13546.88 | P39: =ROUND(CQ39*I39,2) -> 0 | Q39: =ROUND(CR39*I39,2) -> 0 | R39: =ROUND(CS39*I39,2) -> 0 | S39: =ROUND(CT39*I39,2) -> 13546.88 | T39: =ROUND(CU39*I39,2) -> 0 | U39: =CV39*I39 -> 21.716432 | V39: =CW39*I39 -> 0 | W39: =ROUND(CX39*I39,2) -> 0 | X39: =ROUND(CY39,2) -> 13817.82 | Y39: =ROUND(CZ39,2) -> 7315.32 | AA39: 86495195 | AB39: =(AC39+AD39+AF39) -> 5359.068 | AC39: =(ES39) -> 0 | AD39: =((ET39*1.1)) -> 0 | AE39: =((EU39*1.1)) -> 0 | AF39: =((EV39*1.1)) -> 5359.068 | AG39: =(AP39) -> 0 | AH39: =((EW39*1.1)) -> 496.21 | AI39: =((EX39*1.1)) -> 0 | AJ39: =(AS39) -> 0 | AK39: 0 | AL39: 0 | AM39: 0 | AN39: 0 | AO39: 4871.88 | AP39: 0 | AQ39: 451.1 | AR39: 0 | AS39: 0 | AT39: 102 | AU39: 54 | AV39: 1.047 | AW39: 1 | AZ39: 1 | BA39: 57.76 | BB39: 1 | BC39: 1 | BH39: 0 | BI39: 1 | BJ39: 6.68-34-3 | BM39: 666 | BN39: 0 | BO39: 6.68-34-3 | BP39: 1 | BQ39: 60 | BR39: 0 | BS39: 57.76 | BT39: 1 | BU39: 1 | BV39: 1 | BW39: 1 | BX39: 1 | BZ39: 102 | CA39: 54 | CE39: 0 | CF39: 0 | CG39: 0 | CM39: 0 | CN39: Поправка:стеснённые условия, пп. "в" | CO39: 0 | CP39: =(P39+Q39+S39) -> 13546.88 | CQ39: =(AC39*BC39*AW39) -> 0 | CR39: =(((ET39*1.1))*BB39*AV39) -> 0 | CS39: =(AE39*BS39*AV39) -> 0 | CT39: =(AF39*BA39*AV39) -> 324088.14 | CU39: =AG39 -> 0 | CV39: =(AH39*AV39) -> 519.53187 | CW39: =AI39 -> 0 | CX39: =AJ39 -> 0 | CY39: =(S39+R39)*(BZ39/100) -> 13817.818 | CZ39: =(S39+R39)*(CA39/100) -> 7315.3152 | DE39: *1,1 | DF39: *1,1 | DG39: *1,1 | DI39: *1,1 | DJ39: *1,1 | DN39: 102 | DO39: 54 | DP39: 1 | DQ39: 1 | DU39: 1013 | DV39: 1 ГА | DW39: 1 ГА | DX39: 1 | EE39: 86331294 | EF39: 60 | EG39: Ремонтно-строительные работы | EH39: 0 | EJ39: 1 | EK39: 666 | EL39: ТСН-2001.6-68. 68-30...68-34 | EM39: ТСН-2001.6-68-13 | EO39: Попр.12.00.01.11.003 | EQ39: 0 | ER39: 0 | ES39: 0 | ET39: 0 | EU39: 0 | EV39: 4871.88 | EW39: 451.1 | EX39: 0 | EY39: 0 | FQ39: 0 | FR39: 0 | FS39: 0 | FX39: 102 | FY39: 54 | GD39: 1 | GF39: -2032985441 | GG39: 2 | GH39: 0 | GI39: -2 | GJ39: 0 | GK39: 0 | GL39: =ROUND(IF(AND(BH39=3,BI39=3,FS39<>0),P39,0),2) -> 0 | GM39: =ROUND(O39+X39+Y39,2)+GX39 -> 34680.02 | GN39: =IF(OR(BI39=0,BI39=1),GM39-GX39,0) -> 34680.02 | GO39: =IF(BI39=2,GM39-GX39,0) -> 0 | GP39: =IF(BI39=4,GM39-GX39,0) -> 0 | GR39: 0 | GS39: 3 | GT39: 0 | GV39: =(GT39) -> 0 | GW39: 1 | GX39: =ROUND(HC39*I39,2) -> 0 | HA39: 0 | HB39: 0 | HC39: =GV39*GW39 -> 0 | HS39: 0 | IK39: 0
A40: 17 | B40: 1 | C40: =ROW(SmtRes!A14) -> 14 | D40: =ROW(EtalonRes!A14) -> 14 | E40: 7 | F40: 6.68-31-1 | G40: Корчевка и разделка пней диаметром 100 мм вручную с последующей ручной переноской и складированием на расстояние до 50 м, подноска и засыпка образующихся при корчевке ям, растительной земельной смесью | H40: 1 ПЕНЬ | I40: =ROUND(24,9) -> 24 | J40: 0 | K40: =ROUND(24,9) -> 24 | O40: =ROUND(CP40,2) -> 906.62 | P40: =ROUND(CQ40*I40,2) -> 0 | Q40: =ROUND(CR40*I40,2) -> 0 | R40: =ROUND(CS40*I40,2) -> 0 | S40: =ROUND(CT40*I40,2) -> 906.62 | T40: =ROUND(CU40*I40,2) -> 0 | U40: =CV40*I40 -> 92.320272 | V40: =CW40*I40 -> 0 | W40: =ROUND(CX40*I40,2) -> 0 | X40: =ROUND(CY40,2) -> 924.75 | Y40: =ROUND(CZ40,2) -> 489.57 | AA40: 86495194 | AB40: =(AC40+AD40+AF40) -> 36.08 | AC40: =(ES40) -> 0 | AD40: =((ET40*1.1)) -> 0 | AE40: =((EU40*1.1)) -> 0 | AF40: =((EV40*1.1)) -> 36.08 | AG40: =(AP40) -> 0 | AH40: =((EW40*1.1)) -> 3.674 | AI40: =((EX40*1.1)) -> 0 | AJ40: =(AS40) -> 0 | AK40: 0 | AL40: 0 | AM40: 0 | AN40: 0 | AO40: 32.8 | AP40: 0 | AQ40: 3.34 | AR40: 0 | AS40: 0 | AT40: 102 | AU40: 54 | AV40: 1.047 | AW40: 1 | AZ40: 1 | BA40: 1 | BB40: 1 | BC40: 1 | BH40: 0 | BI40: 1 | BJ40: 6.68-31-1 | BM40: 666 | BN40: 0 | BO40: 6.68-31-1 | BP40: 1 | BQ40: 60 | BR40: 0 | BS40: 1 | BT40: 1 | BU40: 1 | BV40: 1 | BW40: 1 | BX40: 1 | BZ40: 102 | CA40: 54 | CE40: 0 | CF40: 0 | CG40: 0 | CM40: 0 | CN40: Поправка:стеснённые условия, пп. "в" | CO40: 0 | CP40: =(P40+Q40+S40) -> 906.62 | CQ40: =(AC40*BC40*AW40) -> 0 | CR40: =(((ET40*1.1))*BB40*AV40) -> 0 | CS40: =(AE40*BS40*AV40) -> 0 | CT40: =(AF40*BA40*AV40) -> 37.77576 | CU40: =AG40 -> 0 | CV40: =(AH40*AV40) -> 3.846678 | CW40: =AI40 -> 0 | CX40: =AJ40 -> 0 | CY40: =(((S40+R40)*BZ40)/100) -> 924.7524 | CZ40: =(((S40+R40)*CA40)/100) -> 489.5748 | DE40: *1,1 | DF40: *1,1 | DG40: *1,1 | DI40: *1,1 | DJ40: *1,1 | DN40: 0 | DO40: 0 | DP40: 1 | DQ40: 1 | DU40: 1013 | DV40: 1 ПЕНЬ | DW40: 1 ПЕНЬ | DX40: 1 | EE40: 86331294 | EF40: 60 | EG40: Ремонтно-строительные работы | EH40: 0 | EJ40: 1 | EK40: 666 | EL40: ТСН-2001.6-68. 68-30...68-34 | EM40: ТСН-2001.6-68-13 | EO40: Попр.12.00.01.11.003 | EQ40: 0 | ER40: 0 | ES40: 0 | ET40: 0 | EU40: 0 | EV40: 32.8 | EW40: 3.34 | EX40: 0 | EY40: 0 | FQ40: 0 | FR40: 0 | FS40: 0 | FX40: 102 | FY40: 54 | GD40: 1 | GF40: 1376334070 | GG40: 2 | GH40: 0 | GI40: -2 | GJ40: 0 | GK40: 0 | GL40: =ROUND(IF(AND(BH40=3,BI40=3,FS40<>0),P40,0),2) -> 0 | GM40: =ROUND(O40+X40+Y40,2)+GX40 -> 2320.94 | GN40: =IF(OR(BI40=0,BI40=1),GM40-GX40,0) -> 2320.94 | GO40: =IF(BI40=2,GM40-GX40,0) -> 0 | GP40: =IF(BI40=4,GM40-GX40,0) -> 0 | GR40: 0 | GS40: 3 | GT40: 0 | GV40: =(GT40) -> 0 | GW40: 1 | GX40: =ROUND(HC40*I40,2) -> 0 | HA40: 0 | HB40: 0 | HC40: =GV40*GW40 -> 0 | HS40: 0 | IK40: 0
A41: 17 | B41: 1 | C41: =ROW(SmtRes!A16) -> 16 | D41: =ROW(EtalonRes!A16) -> 16 | E41: 7 | F41: 6.68-31-1 | G41: Корчевка и разделка пней диаметром 100 мм вручную с последующей ручной переноской и складированием на расстояние до 50 м, подноска и засыпка образующихся при корчевке ям, растительной земельной смесью | H41: 1 ПЕНЬ | I41: =ROUND(24,9) -> 24 | J41: 0 | K41: =ROUND(24,9) -> 24 | O41: =ROUND(CP41,2) -> 52366.27 | P41: =ROUND(CQ41*I41,2) -> 0 | Q41: =ROUND(CR41*I41,2) -> 0 | R41: =ROUND(CS41*I41,2) -> 0 | S41: =ROUND(CT41*I41,2) -> 52366.27 | T41: =ROUND(CU41*I41,2) -> 0 | U41: =CV41*I41 -> 92.320272 | V41: =CW41*I41 -> 0 | W41: =ROUND(CX41*I41,2) -> 0 | X41: =ROUND(CY41,2) -> 53413.6 | Y41: =ROUND(CZ41,2) -> 28277.79 | AA41: 86495195 | AB41: =(AC41+AD41+AF41) -> 36.08 | AC41: =(ES41) -> 0 | AD41: =((ET41*1.1)) -> 0 | AE41: =((EU41*1.1)) -> 0 | AF41: =((EV41*1.1)) -> 36.08 | AG41: =(AP41) -> 0 | AH41: =((EW41*1.1)) -> 3.674 | AI41: =((EX41*1.1)) -> 0 | AJ41: =(AS41) -> 0 | AK41: 0 | AL41: 0 | AM41: 0 | AN41: 0 | AO41: 32.8 | AP41: 0 | AQ41: 3.34 | AR41: 0 | AS41: 0 | AT41: 102 | AU41: 54 | AV41: 1.047 | AW41: 1 | AZ41: 1 | BA41: 57.76 | BB41: 1 | BC41: 1 | BH41: 0 | BI41: 1 | BJ41: 6.68-31-1 | BM41: 666 | BN41: 0 | BO41: 6.68-31-1 | BP41: 1 | BQ41: 60 | BR41: 0 | BS41: 57.76 | BT41: 1 | BU41: 1 | BV41: 1 | BW41: 1 | BX41: 1 | BZ41: 102 | CA41: 54 | CE41: 0 | CF41: 0 | CG41: 0 | CM41: 0 | CN41: Поправка:стеснённые условия, пп. "в" | CO41: 0 | CP41: =(P41+Q41+S41) -> 52366.27 | CQ41: =(AC41*BC41*AW41) -> 0 | CR41: =(((ET41*1.1))*BB41*AV41) -> 0 | CS41: =(AE41*BS41*AV41) -> 0 | CT41: =(AF41*BA41*AV41) -> 2181.9279 | CU41: =AG41 -> 0 | CV41: =(AH41*AV41) -> 3.846678 | CW41: =AI41 -> 0 | CX41: =AJ41 -> 0 | CY41: =(S41+R41)*(BZ41/100) -> 53413.595 | CZ41: =(S41+R41)*(CA41/100) -> 28277.786 | DE41: *1,1 | DF41: *1,1 | DG41: *1,1 | DI41: *1,1 | DJ41: *1,1 | DN41: 102 | DO41: 54 | DP41: 1 | DQ41: 1 | DU41: 1013 | DV41: 1 ПЕНЬ | DW41: 1 ПЕНЬ | DX41: 1 | EE41: 86331294 | EF41: 60 | EG41: Ремонтно-строительные работы | EH41: 0 | EJ41: 1 | EK41: 666 | EL41: ТСН-2001.6-68. 68-30...68-34 | EM41: ТСН-2001.6-68-13 | EO41: Попр.12.00.01.11.003 | EQ41: 0 | ER41: 0 | ES41: 0 | ET41: 0 | EU41: 0 | EV41: 32.8 | EW41: 3.34 | EX41: 0 | EY41: 0 | FQ41: 0 | FR41: 0 | FS41: 0 | FX41: 102 | FY41: 54 | GD41: 1 | GF41: 1376334070 | GG41: 2 | GH41: 0 | GI41: -2 | GJ41: 0 | GK41: 0 | GL41: =ROUND(IF(AND(BH41=3,BI41=3,FS41<>0),P41,0),2) -> 0 | GM41: =ROUND(O41+X41+Y41,2)+GX41 -> 134057.66 | GN41: =IF(OR(BI41=0,BI41=1),GM41-GX41,0) -> 134057.66 | GO41: =IF(BI41=2,GM41-GX41,0) -> 0 | GP41: =IF(BI41=4,GM41-GX41,0) -> 0 | GR41: 0 | GS41: 3 | GT41: 0 | GV41: =(GT41) -> 0 | GW41: 1 | GX41: =ROUND(HC41*I41,2) -> 0 | HA41: 0 | HB41: 0 | HC41: =GV41*GW41 -> 0 | HS41: 0 | IK41: 0
A42: 17 | B42: 1 | C42: =ROW(SmtRes!A18) -> 18 | D42: =ROW(EtalonRes!A18) -> 18 | E42: 8 | F42: 6.68-31-2 | G42: Корчевка и разделка пней диаметром 200 мм вручную с последующей ручной переноской и складированием на расстояние до 50 м, подноска и засыпка образующихся при корчевке ям, растительной земельной смесью | H42: 1 ПЕНЬ | I42: =ROUND(11,9) -> 11 | J42: 0 | K42: =ROUND(11,9) -> 11 | O42: =ROUND(CP42,2) -> 555.9 | P42: =ROUND(CQ42*I42,2) -> 0 | Q42: =ROUND(CR42*I42,2) -> 0 | R42: =ROUND(CS42*I42,2) -> 0 | S42: =ROUND(CT42*I42,2) -> 555.9 | T42: =ROUND(CU42*I42,2) -> 0 | U42: =CV42*I42 -> 57.00915 | V42: =CW42*I42 -> 0 | W42: =ROUND(CX42*I42,2) -> 0 | X42: =ROUND(CY42,2) -> 567.02 | Y42: =ROUND(CZ42,2) -> 300.19 | AA42: 86495194 | AB42: =(AC42+AD42+AF42) -> 48.268 | AC42: =(ES42) -> 0 | AD42: =((ET42*1.1)) -> 0 | AE42: =((EU42*1.1)) -> 0 | AF42: =((EV42*1.1)) -> 48.268 | AG42: =(AP42) -> 0 | AH42: =((EW42*1.1)) -> 4.95 | AI42: =((EX42*1.1)) -> 0 | AJ42: =(AS42) -> 0 | AK42: 0 | AL42: 0 | AM42: 0 | AN42: 0 | AO42: 43.88 | AP42: 0 | AQ42: 4.5 | AR42: 0 | AS42: 0 | AT42: 102 | AU42: 54 | AV42: 1.047 | AW42: 1 | AZ42: 1 | BA42: 1 | BB42: 1 | BC42: 1 | BH42: 0 | BI42: 1 | BJ42: 6.68-31-2 | BM42: 666 | BN42: 0 | BO42: 6.68-31-2 | BP42: 1 | BQ42: 60 | BR42: 0 | BS42: 1 | BT42: 1 | BU42: 1 | BV42: 1 | BW42: 1 | BX42: 1 | BZ42: 102 | CA42: 54 | CE42: 0 | CF42: 0 | CG42: 0 | CM42: 0 | CN42: Поправка:стеснённые условия, пп. "в" | CO42: 0 | CP42: =(P42+Q42+S42) -> 555.9 | CQ42: =(AC42*BC42*AW42) -> 0 | CR42: =(((ET42*1.1))*BB42*AV42) -> 0 | CS42: =(AE42*BS42*AV42) -> 0 | CT42: =(AF42*BA42*AV42) -> 50.536596 | CU42: =AG42 -> 0 | CV42: =(AH42*AV42) -> 5.18265 | CW42: =AI42 -> 0 | CX42: =AJ42 -> 0 | CY42: =(((S42+R42)*BZ42)/100) -> 567.018 | CZ42: =(((S42+R42)*CA42)/100) -> 300.186 | DE42: *1,1 | DF42: *1,1 | DG42: *1,1 | DI42: *1,1 | DJ42: *1,1 | DN42: 0 | DO42: 0 | DP42: 1 | DQ42: 1 | DU42: 1013 | DV42: 1 ПЕНЬ | DW42: 1 ПЕНЬ | DX42: 1 | EE42: 86331294 | EF42: 60 | EG42: Ремонтно-строительные работы | EH42: 0 | EJ42: 1 | EK42: 666 | EL42: ТСН-2001.6-68. 68-30...68-34 | EM42: ТСН-2001.6-68-13 | EO42: Попр.12.00.01.11.003 | EQ42: 0 | ER42: 0 | ES42: 0 | ET42: 0 | EU42: 0 | EV42: 43.88 | EW42: 4.5 | EX42: 0 | EY42: 0 | FQ42: 0 | FR42: 0 | FS42: 0 | FX42: 102 | FY42: 54 | GD42: 1 | GF42: 1810184959 | GG42: 2 | GH42: 0 | GI42: -2 | GJ42: 0 | GK42: 0 | GL42: =ROUND(IF(AND(BH42=3,BI42=3,FS42<>0),P42,0),2) -> 0 | GM42: =ROUND(O42+X42+Y42,2)+GX42 -> 1423.11 | GN42: =IF(OR(BI42=0,BI42=1),GM42-GX42,0) -> 1423.11 | GO42: =IF(BI42=2,GM42-GX42,0) -> 0 | GP42: =IF(BI42=4,GM42-GX42,0) -> 0 | GR42: 0 | GS42: 3 | GT42: 0 | GV42: =(GT42) -> 0 | GW42: 1 | GX42: =ROUND(HC42*I42,2) -> 0 | HA42: 0 | HB42: 0 | HC42: =GV42*GW42 -> 0 | HS42: 0 | IK42: 0
A43: 17 | B43: 1 | C43: =ROW(SmtRes!A20) -> 20 | D43: =ROW(EtalonRes!A20) -> 20 | E43: 8 | F43: 6.68-31-2 | G43: Корчевка и разделка пней диаметром 200 мм вручную с последующей ручной переноской и складированием на расстояние до 50 м, подноска и засыпка образующихся при корчевке ям, растительной земельной смесью | H43: 1 ПЕНЬ | I43: =ROUND(11,9) -> 11 | J43: 0 | K43: =ROUND(11,9) -> 11 | O43: =ROUND(CP43,2) -> 32108.93 | P43: =ROUND(CQ43*I43,2) -> 0 | Q43: =ROUND(CR43*I43,2) -> 0 | R43: =ROUND(CS43*I43,2) -> 0 | S43: =ROUND(CT43*I43,2) -> 32108.93 | T43: =ROUND(CU43*I43,2) -> 0 | U43: =CV43*I43 -> 57.00915 | V43: =CW43*I43 -> 0 | W43: =ROUND(CX43*I43,2) -> 0 | X43: =ROUND(CY43,2) -> 32751.11 | Y43: =ROUND(CZ43,2) -> 17338.82 | AA43: 86495195 | AB43: =(AC43+AD43+AF43) -> 48.268 | AC43: =(ES43) -> 0 | AD43: =((ET43*1.1)) -> 0 | AE43: =((EU43*1.1)) -> 0 | AF43: =((EV43*1.1)) -> 48.268 | AG43: =(AP43) -> 0 | AH43: =((EW43*1.1)) -> 4.95 | AI43: =((EX43*1.1)) -> 0 | AJ43: =(AS43) -> 0 | AK43: 0 | AL43: 0 | AM43: 0 | AN43: 0 | AO43: 43.88 | AP43: 0 | AQ43: 4.5 | AR43: 0 | AS43: 0 | AT43: 102 | AU43: 54 | AV43: 1.047 | AW43: 1 | AZ43: 1 | BA43: 57.76 | BB43: 1 | BC43: 1 | BH43: 0 | BI43: 1 | BJ43: 6.68-31-2 | BM43: 666 | BN43: 0 | BO43: 6.68-31-2 | BP43: 1 | BQ43: 60 | BR43: 0 | BS43: 57.76 | BT43: 1 | BU43: 1 | BV43: 1 | BW43: 1 | BX43: 1 | BZ43: 102 | CA43: 54 | CE43: 0 | CF43: 0 | CG43: 0 | CM43: 0 | CN43: Поправка:стеснённые условия, пп. "в" | CO43: 0 | CP43: =(P43+Q43+S43) -> 32108.93 | CQ43: =(AC43*BC43*AW43) -> 0 | CR43: =(((ET43*1.1))*BB43*AV43) -> 0 | CS43: =(AE43*BS43*AV43) -> 0 | CT43: =(AF43*BA43*AV43) -> 2918.9938 | CU43: =AG43 -> 0 | CV43: =(AH43*AV43) -> 5.18265 | CW43: =AI43 -> 0 | CX43: =AJ43 -> 0 | CY43: =(S43+R43)*(BZ43/100) -> 32751.109 | CZ43: =(S43+R43)*(CA43/100) -> 17338.822 | DE43: *1,1 | DF43: *1,1 | DG43: *1,1 | DI43: *1,1 | DJ43: *1,1 | DN43: 102 | DO43: 54 | DP43: 1 | DQ43: 1 | DU43: 1013 | DV43: 1 ПЕНЬ | DW43: 1 ПЕНЬ | DX43: 1 | EE43: 86331294 | EF43: 60 | EG43: Ремонтно-строительные работы | EH43: 0 | EJ43: 1 | EK43: 666 | EL43: ТСН-2001.6-68. 68-30...68-34 | EM43: ТСН-2001.6-68-13 | EO43: Попр.12.00.01.11.003 | EQ43: 0 | ER43: 0 | ES43: 0 | ET43: 0 | EU43: 0 | EV43: 43.88 | EW43: 4.5 | EX43: 0 | EY43: 0 | FQ43: 0 | FR43: 0 | FS43: 0 | FX43: 102 | FY43: 54 | GD43: 1 | GF43: 1810184959 | GG43: 2 | GH43: 0 | GI43: -2 | GJ43: 0 | GK43: 0 | GL43: =ROUND(IF(AND(BH43=3,BI43=3,FS43<>0),P43,0),2) -> 0 | GM43: =ROUND(O43+X43+Y43,2)+GX43 -> 82198.86 | GN43: =IF(OR(BI43=0,BI43=1),GM43-GX43,0) -> 82198.86 | GO43: =IF(BI43=2,GM43-GX43,0) -> 0 | GP43: =IF(BI43=4,GM43-GX43,0) -> 0 | GR43: 0 | GS43: 3 | GT43: 0 | GV43: =(GT43) -> 0 | GW43: 1 | GX43: =ROUND(HC43*I43,2) -> 0 | HA43: 0 | HB43: 0 | HC43: =GV43*GW43 -> 0 | HS43: 0 | IK43: 0
A44: 17 | B44: 1 | C44: =ROW(SmtRes!A22) -> 22 | D44: =ROW(EtalonRes!A22) -> 22 | E44: 9 | F44: 6.68-31-3 | G44: Корчевка и разделка пней диаметром 300 мм вручную с последующей ручной переноской и складированием на расстояние до 50 м, подноска и засыпка образующихся при корчевке ям, растительной земельной смесью | H44: 1 ПЕНЬ | I44: =ROUND(9,9) -> 9 | J44: 0 | K44: =ROUND(9,9) -> 9 | O44: =ROUND(CP44,2) -> 619.53 | P44: =ROUND(CQ44*I44,2) -> 0 | Q44: =ROUND(CR44*I44,2) -> 0 | R44: =ROUND(CS44*I44,2) -> 0 | S44: =ROUND(CT44*I44,2) -> 619.53 | T44: =ROUND(CU44*I44,2) -> 0 | U44: =CV44*I44 -> 63.539289 | V44: =CW44*I44 -> 0 | W44: =ROUND(CX44*I44,2) -> 0 | X44: =ROUND(CY44,2) -> 631.92 | Y44: =ROUND(CZ44,2) -> 334.55 | AA44: 86495194 | AB44: =(AC44+AD44+AF44) -> 65.747 | AC44: =(ES44) -> 0 | AD44: =((ET44*1.1)) -> 0 | AE44: =((EU44*1.1)) -> 0 | AF44: =((EV44*1.1)) -> 65.747 | AG44: =(AP44) -> 0 | AH44: =((EW44*1.1)) -> 6.743 | AI44: =((EX44*1.1)) -> 0 | AJ44: =(AS44) -> 0 | AK44: 0 | AL44: 0 | AM44: 0 | AN44: 0 | AO44: 59.77 | AP44: 0 | AQ44: 6.13 | AR44: 0 | AS44: 0 | AT44: 102 | AU44: 54 | AV44: 1.047 | AW44: 1 | AZ44: 1 | BA44: 1 | BB44: 1 | BC44: 1 | BH44: 0 | BI44: 1 | BJ44: 6.68-31-3 | BM44: 666 | BN44: 0 | BO44: 6.68-31-3 | BP44: 1 | BQ44: 60 | BR44: 0 | BS44: 1 | BT44: 1 | BU44: 1 | BV44: 1 | BW44: 1 | BX44: 1 | BZ44: 102 | CA44: 54 | CE44: 0 | CF44: 0 | CG44: 0 | CM44: 0 | CN44: Поправка:стеснённые условия, пп. "в" | CO44: 0 | CP44: =(P44+Q44+S44) -> 619.53 | CQ44: =(AC44*BC44*AW44) -> 0 | CR44: =(((ET44*1.1))*BB44*AV44) -> 0 | CS44: =(AE44*BS44*AV44) -> 0 | CT44: =(AF44*BA44*AV44) -> 68.837109 | CU44: =AG44 -> 0 | CV44: =(AH44*AV44) -> 7.059921 | CW44: =AI44 -> 0 | CX44: =AJ44 -> 0 | CY44: =(((S44+R44)*BZ44)/100) -> 631.9206 | CZ44: =(((S44+R44)*CA44)/100) -> 334.5462 | DE44: *1,1 | DF44: *1,1 | DG44: *1,1 | DI44: *1,1 | DJ44: *1,1 | DN44: 0 | DO44: 0 | DP44: 1 | DQ44: 1 | DU44: 1013 | DV44: 1 ПЕНЬ | DW44: 1 ПЕНЬ | DX44: 1 | EE44: 86331294 | EF44: 60 | EG44: Ремонтно-строительные работы | EH44: 0 | EJ44: 1 | EK44: 666 | EL44: ТСН-2001.6-68. 68-30...68-34 | EM44: ТСН-2001.6-68-13 | EO44: Попр.12.00.01.11.003 | EQ44: 0 | ER44: 0 | ES44: 0 | ET44: 0 | EU44: 0 | EV44: 59.77 | EW44: 6.13 | EX44: 0 | EY44: 0 | FQ44: 0 | FR44: 0 | FS44: 0 | FX44: 102 | FY44: 54 | GD44: 1 | GF44: -1331538383 | GG44: 2 | GH44: 0 | GI44: -2 | GJ44: 0 | GK44: 0 | GL44: =ROUND(IF(AND(BH44=3,BI44=3,FS44<>0),P44,0),2) -> 0 | GM44: =ROUND(O44+X44+Y44,2)+GX44 -> 1586 | GN44: =IF(OR(BI44=0,BI44=1),GM44-GX44,0) -> 1586 | GO44: =IF(BI44=2,GM44-GX44,0) -> 0 | GP44: =IF(BI44=4,GM44-GX44,0) -> 0 | GR44: 0 | GS44: 3 | GT44: 0 | GV44: =(GT44) -> 0 | GW44: 1 | GX44: =ROUND(HC44*I44,2) -> 0 | HA44: 0 | HB44: 0 | HC44: =GV44*GW44 -> 0 | HS44: 0 | IK44: 0
A45: 17 | B45: 1 | C45: =ROW(SmtRes!A24) -> 24 | D45: =ROW(EtalonRes!A24) -> 24 | E45: 9 | F45: 6.68-31-3 | G45: Корчевка и разделка пней диаметром 300 мм вручную с последующей ручной переноской и складированием на расстояние до 50 м, подноска и засыпка образующихся при корчевке ям, растительной земельной смесью | H45: 1 ПЕНЬ | I45: =ROUND(9,9) -> 9 | J45: 0 | K45: =ROUND(9,9) -> 9 | O45: =ROUND(CP45,2) -> 35784.28 | P45: =ROUND(CQ45*I45,2) -> 0 | Q45: =ROUND(CR45*I45,2) -> 0 | R45: =ROUND(CS45*I45,2) -> 0 | S45: =ROUND(CT45*I45,2) -> 35784.28 | T45: =ROUND(CU45*I45,2) -> 0 | U45: =CV45*I45 -> 63.539289 | V45: =CW45*I45 -> 0 | W45: =ROUND(CX45*I45,2) -> 0 | X45: =ROUND(CY45,2) -> 36499.97 | Y45: =ROUND(CZ45,2) -> 19323.51 | AA45: 86495195 | AB45: =(AC45+AD45+AF45) -> 65.747 | AC45: =(ES45) -> 0 | AD45: =((ET45*1.1)) -> 0 | AE45: =((EU45*1.1)) -> 0 | AF45: =((EV45*1.1)) -> 65.747 | AG45: =(AP45) -> 0 | AH45: =((EW45*1.1)) -> 6.743 | AI45: =((EX45*1.1)) -> 0 | AJ45: =(AS45) -> 0 | AK45: 0 | AL45: 0 | AM45: 0 | AN45: 0 | AO45: 59.77 | AP45: 0 | AQ45: 6.13 | AR45: 0 | AS45: 0 | AT45: 102 | AU45: 54 | AV45: 1.047 | AW45: 1 | AZ45: 1 | BA45: 57.76 | BB45: 1 | BC45: 1 | BH45: 0 | BI45: 1 | BJ45: 6.68-31-3 | BM45: 666 | BN45: 0 | BO45: 6.68-31-3 | BP45: 1 | BQ45: 60 | BR45: 0 | BS45: 57.76 | BT45: 1 | BU45: 1 | BV45: 1 | BW45: 1 | BX45: 1 | BZ45: 102 | CA45: 54 | CE45: 0 | CF45: 0 | CG45: 0 | CM45: 0 | CN45: Поправка:стеснённые условия, пп. "в" | CO45: 0 | CP45: =(P45+Q45+S45) -> 35784.28 | CQ45: =(AC45*BC45*AW45) -> 0 | CR45: =(((ET45*1.1))*BB45*AV45) -> 0 | CS45: =(AE45*BS45*AV45) -> 0 | CT45: =(AF45*BA45*AV45) -> 3976.0314 | CU45: =AG45 -> 0 | CV45: =(AH45*AV45) -> 7.059921 | CW45: =AI45 -> 0 | CX45: =AJ45 -> 0 | CY45: =(S45+R45)*(BZ45/100) -> 36499.966 | CZ45: =(S45+R45)*(CA45/100) -> 19323.511 | DE45: *1,1 | DF45: *1,1 | DG45: *1,1 | DI45: *1,1 | DJ45: *1,1 | DN45: 102 | DO45: 54 | DP45: 1 | DQ45: 1 | DU45: 1013 | DV45: 1 ПЕНЬ | DW45: 1 ПЕНЬ | DX45: 1 | EE45: 86331294 | EF45: 60 | EG45: Ремонтно-строительные работы | EH45: 0 | EJ45: 1 | EK45: 666 | EL45: ТСН-2001.6-68. 68-30...68-34 | EM45: ТСН-2001.6-68-13 | EO45: Попр.12.00.01.11.003 | EQ45: 0 | ER45: 0 | ES45: 0 | ET45: 0 | EU45: 0 | EV45: 59.77 | EW45: 6.13 | EX45: 0 | EY45: 0 | FQ45: 0 | FR45: 0 | FS45: 0 | FX45: 102 | FY45: 54 | GD45: 1 | GF45: -1331538383 | GG45: 2 | GH45: 0 | GI45: -2 | GJ45: 0 | GK45: 0 | GL45: =ROUND(IF(AND(BH45=3,BI45=3,FS45<>0),P45,0),2) -> 0 | GM45: =ROUND(O45+X45+Y45,2)+GX45 -> 91607.76 | GN45: =IF(OR(BI45=0,BI45=1),GM45-GX45,0) -> 91607.76 | GO45: =IF(BI45=2,GM45-GX45,0) -> 0 | GP45: =IF(BI45=4,GM45-GX45,0) -> 0 | GR45: 0 | GS45: 3 | GT45: 0 | GV45: =(GT45) -> 0 | GW45: 1 | GX45: =ROUND(HC45*I45,2) -> 0 | HA45: 0 | HB45: 0 | HC45: =GV45*GW45 -> 0 | HS45: 0 | IK45: 0
A46: 17 | B46: 1 | C46: =ROW(SmtRes!A26) -> 26 | D46: =ROW(EtalonRes!A26) -> 26 | E46: 10 | F46: 6.68-31-4 | G46: Корчевка и разделка пней диаметром 400 мм вручную с последующей ручной переноской и складированием на расстояние до 50 м, подноска и засыпка образующихся при корчевке ям, растительной земельной смесью | H46: 1 ПЕНЬ | I46: =ROUND(10,9) -> 10 | J46: 0 | K46: =ROUND(10,9) -> 10 | O46: =ROUND(CP46,2) -> 1023.75 | P46: =ROUND(CQ46*I46,2) -> 0 | Q46: =ROUND(CR46*I46,2) -> 0 | R46: =ROUND(CS46*I46,2) -> 0 | S46: =ROUND(CT46*I46,2) -> 1023.75 | T46: =ROUND(CU46*I46,2) -> 0 | U46: =CV46*I46 -> 103.30749 | V46: =CW46*I46 -> 0 | W46: =ROUND(CX46*I46,2) -> 0 | X46: =ROUND(CY46,2) -> 1044.23 | Y46: =ROUND(CZ46,2) -> 552.83 | AA46: 86495194 | AB46: =(AC46+AD46+AF46) -> 97.779 | AC46: =(ES46) -> 0 | AD46: =((ET46*1.1)) -> 0 | AE46: =((EU46*1.1)) -> 0 | AF46: =((EV46*1.1)) -> 97.779 | AG46: =(AP46) -> 0 | AH46: =((EW46*1.1)) -> 9.867 | AI46: =((EX46*1.1)) -> 0 | AJ46: =(AS46) -> 0 | AK46: 0 | AL46: 0 | AM46: 0 | AN46: 0 | AO46: 88.89 | AP46: 0 | AQ46: 8.97 | AR46: 0 | AS46: 0 | AT46: 102 | AU46: 54 | AV46: 1.047 | AW46: 1 | AZ46: 1 | BA46: 1 | BB46: 1 | BC46: 1 | BH46: 0 | BI46: 1 | BJ46: 6.68-31-4 | BM46: 666 | BN46: 0 | BO46: 6.68-31-4 | BP46: 1 | BQ46: 60 | BR46: 0 | BS46: 1 | BT46: 1 | BU46: 1 | BV46: 1 | BW46: 1 | BX46: 1 | BZ46: 102 | CA46: 54 | CE46: 0 | CF46: 0 | CG46: 0 | CM46: 0 | CN46: Поправка:стеснённые условия, пп. "в" | CO46: 0 | CP46: =(P46+Q46+S46) -> 1023.75 | CQ46: =(AC46*BC46*AW46) -> 0 | CR46: =(((ET46*1.1))*BB46*AV46) -> 0 | CS46: =(AE46*BS46*AV46) -> 0 | CT46: =(AF46*BA46*AV46) -> 102.37461 | CU46: =AG46 -> 0 | CV46: =(AH46*AV46) -> 10.330749 | CW46: =AI46 -> 0 | CX46: =AJ46 -> 0 | CY46: =(((S46+R46)*BZ46)/100) -> 1044.225 | CZ46: =(((S46+R46)*CA46)/100) -> 552.825 | DE46: *1,1 | DF46: *1,1 | DG46: *1,1 | DI46: *1,1 | DJ46: *1,1 | DN46: 0 | DO46: 0 | DP46: 1 | DQ46: 1 | DU46: 1013 | DV46: 1 ПЕНЬ | DW46: 1 ПЕНЬ | DX46: 1 | EE46: 86331294 | EF46: 60 | EG46: Ремонтно-строительные работы | EH46: 0 | EJ46: 1 | EK46: 666 | EL46: ТСН-2001.6-68. 68-30...68-34 | EM46: ТСН-2001.6-68-13 | EO46: Попр.12.00.01.11.003 | EQ46: 0 | ER46: 0 | ES46: 0 | ET46: 0 | EU46: 0 | EV46: 88.89 | EW46: 8.97 | EX46: 0 | EY46: 0 | FQ46: 0 | FR46: 0 | FS46: 0 | FX46: 102 | FY46: 54 | GD46: 1 | GF46: -1307995638 | GG46: 2 | GH46: 0 | GI46: -2 | GJ46: 0 | GK46: 0 | GL46: =ROUND(IF(AND(BH46=3,BI46=3,FS46<>0),P46,0),2) -> 0 | GM46: =ROUND(O46+X46+Y46,2)+GX46 -> 2620.81 | GN46: =IF(OR(BI46=0,BI46=1),GM46-GX46,0) -> 2620.81 | GO46: =IF(BI46=2,GM46-GX46,0) -> 0 | GP46: =IF(BI46=4,GM46-GX46,0) -> 0 | GR46: 0 | GS46: 3 | GT46: 0 | GV46: =(GT46) -> 0 | GW46: 1 | GX46: =ROUND(HC46*I46,2) -> 0 | HA46: 0 | HB46: 0 | HC46: =GV46*GW46 -> 0 | HS46: 0 | IK46: 0
A47: 17 | B47: 1 | C47: =ROW(SmtRes!A28) -> 28 | D47: =ROW(EtalonRes!A28) -> 28 | E47: 10 | F47: 6.68-31-4 | G47: Корчевка и разделка пней диаметром 400 мм вручную с последующей ручной переноской и складированием на расстояние до 50 м, подноска и засыпка образующихся при корчевке ям, растительной земельной смесью | H47: 1 ПЕНЬ | I47: =ROUND(10,9) -> 10 | J47: 0 | K47: =ROUND(10,9) -> 10 | O47: =ROUND(CP47,2) -> 59131.58 | P47: =ROUND(CQ47*I47,2) -> 0 | Q47: =ROUND(CR47*I47,2) -> 0 | R47: =ROUND(CS47*I47,2) -> 0 | S47: =ROUND(CT47*I47,2) -> 59131.58 | T47: =ROUND(CU47*I47,2) -> 0 | U47: =CV47*I47 -> 103.30749 | V47: =CW47*I47 -> 0 | W47: =ROUND(CX47*I47,2) -> 0 | X47: =ROUND(CY47,2) -> 60314.21 | Y47: =ROUND(CZ47,2) -> 31931.05 | AA47: 86495195 | AB47: =(AC47+AD47+AF47) -> 97.779 | AC47: =(ES47) -> 0 | AD47: =((ET47*1.1)) -> 0 | AE47: =((EU47*1.1)) -> 0 | AF47: =((EV47*1.1)) -> 97.779 | AG47: =(AP47) -> 0 | AH47: =((EW47*1.1)) -> 9.867 | AI47: =((EX47*1.1)) -> 0 | AJ47: =(AS47) -> 0 | AK47: 0 | AL47: 0 | AM47: 0 | AN47: 0 | AO47: 88.89 | AP47: 0 | AQ47: 8.97 | AR47: 0 | AS47: 0 | AT47: 102 | AU47: 54 | AV47: 1.047 | AW47: 1 | AZ47: 1 | BA47: 57.76 | BB47: 1 | BC47: 1 | BH47: 0 | BI47: 1 | BJ47: 6.68-31-4 | BM47: 666 | BN47: 0 | BO47: 6.68-31-4 | BP47: 1 | BQ47: 60 | BR47: 0 | BS47: 57.76 | BT47: 1 | BU47: 1 | BV47: 1 | BW47: 1 | BX47: 1 | BZ47: 102 | CA47: 54 | CE47: 0 | CF47: 0 | CG47: 0 | CM47: 0 | CN47: Поправка:стеснённые условия, пп. "в" | CO47: 0 | CP47: =(P47+Q47+S47) -> 59131.58 | CQ47: =(AC47*BC47*AW47) -> 0 | CR47: =(((ET47*1.1))*BB47*AV47) -> 0 | CS47: =(AE47*BS47*AV47) -> 0 | CT47: =(AF47*BA47*AV47) -> 5913.1576 | CU47: =AG47 -> 0 | CV47: =(AH47*AV47) -> 10.330749 | CW47: =AI47 -> 0 | CX47: =AJ47 -> 0 | CY47: =(S47+R47)*(BZ47/100) -> 60314.212 | CZ47: =(S47+R47)*(CA47/100) -> 31931.053 | DE47: *1,1 | DF47: *1,1 | DG47: *1,1 | DI47: *1,1 | DJ47: *1,1 | DN47: 102 | DO47: 54 | DP47: 1 | DQ47: 1 | DU47: 1013 | DV47: 1 ПЕНЬ | DW47: 1 ПЕНЬ | DX47: 1 | EE47: 86331294 | EF47: 60 | EG47: Ремонтно-строительные работы | EH47: 0 | EJ47: 1 | EK47: 666 | EL47: ТСН-2001.6-68. 68-30...68-34 | EM47: ТСН-2001.6-68-13 | EO47: Попр.12.00.01.11.003 | EQ47: 0 | ER47: 0 | ES47: 0 | ET47: 0 | EU47: 0 | EV47: 88.89 | EW47: 8.97 | EX47: 0 | EY47: 0 | FQ47: 0 | FR47: 0 | FS47: 0 | FX47: 102 | FY47: 54 | GD47: 1 | GF47: -1307995638 | GG47: 2 | GH47: 0 | GI47: -2 | GJ47: 0 | GK47: 0 | GL47: =ROUND(IF(AND(BH47=3,BI47=3,FS47<>0),P47,0),2) -> 0 | GM47: =ROUND(O47+X47+Y47,2)+GX47 -> 151376.84 | GN47: =IF(OR(BI47=0,BI47=1),GM47-GX47,0) -> 151376.84 | GO47: =IF(BI47=2,GM47-GX47,0) -> 0 | GP47: =IF(BI47=4,GM47-GX47,0) -> 0 | GR47: 0 | GS47: 3 | GT47: 0 | GV47: =(GT47) -> 0 | GW47: 1 | GX47: =ROUND(HC47*I47,2) -> 0 | HA47: 0 | HB47: 0 | HC47: =GV47*GW47 -> 0 | HS47: 0 | IK47: 0
A48: 17 | B48: 1 | C48: =ROW(SmtRes!A30) -> 30 | D48: =ROW(EtalonRes!A30) -> 30 | E48: 11 | F48: 6.68-31-5 | G48: Корчевка и разделка пней диаметром 500 мм вручную с последующей ручной переноской и складированием на расстояние до 50 м, подноска и засыпка образующихся при корчевке ям, растительной земельной смесью | H48: 1 ПЕНЬ | I48: =ROUND(3,9) -> 3 | J48: 0 | K48: =ROUND(3,9) -> 3 | O48: =ROUND(CP48,2) -> 430.23 | P48: =ROUND(CQ48*I48,2) -> 0 | Q48: =ROUND(CR48*I48,2) -> 0 | R48: =ROUND(CS48*I48,2) -> 0 | S48: =ROUND(CT48*I48,2) -> 430.23 | T48: =ROUND(CU48*I48,2) -> 0 | U48: =CV48*I48 -> 42.808689 | V48: =CW48*I48 -> 0 | W48: =ROUND(CX48*I48,2) -> 0 | X48: =ROUND(CY48,2) -> 438.83 | Y48: =ROUND(CZ48,2) -> 232.32 | AA48: 86495194 | AB48: =(AC48+AD48+AF48) -> 136.972 | AC48: =(ES48) -> 0 | AD48: =((ET48*1.1)) -> 0 | AE48: =((EU48*1.1)) -> 0 | AF48: =((EV48*1.1)) -> 136.972 | AG48: =(AP48) -> 0 | AH48: =((EW48*1.1)) -> 13.629 | AI48: =((EX48*1.1)) -> 0 | AJ48: =(AS48) -> 0 | AK48: 0 | AL48: 0 | AM48: 0 | AN48: 0 | AO48: 124.52 | AP48: 0 | AQ48: 12.39 | AR48: 0 | AS48: 0 | AT48: 102 | AU48: 54 | AV48: 1.047 | AW48: 1 | AZ48: 1 | BA48: 1 | BB48: 1 | BC48: 1 | BH48: 0 | BI48: 1 | BJ48: 6.68-31-5 | BM48: 666 | BN48: 0 | BO48: 6.68-31-5 | BP48: 1 | BQ48: 60 | BR48: 0 | BS48: 1 | BT48: 1 | BU48: 1 | BV48: 1 | BW48: 1 | BX48: 1 | BZ48: 102 | CA48: 54 | CE48: 0 | CF48: 0 | CG48: 0 | CM48: 0 | CN48: Поправка:стеснённые условия, пп. "в" | CO48: 0 | CP48: =(P48+Q48+S48) -> 430.23 | CQ48: =(AC48*BC48*AW48) -> 0 | CR48: =(((ET48*1.1))*BB48*AV48) -> 0 | CS48: =(AE48*BS48*AV48) -> 0 | CT48: =(AF48*BA48*AV48) -> 143.40968 | CU48: =AG48 -> 0 | CV48: =(AH48*AV48) -> 14.269563 | CW48: =AI48 -> 0 | CX48: =AJ48 -> 0 | CY48: =(((S48+R48)*BZ48)/100) -> 438.8346 | CZ48: =(((S48+R48)*CA48)/100) -> 232.3242 | DE48: *1,1 | DF48: *1,1 | DG48: *1,1 | DI48: *1,1 | DJ48: *1,1 | DN48: 0 | DO48: 0 | DP48: 1 | DQ48: 1 | DU48: 1013 | DV48: 1 ПЕНЬ | DW48: 1 ПЕНЬ | DX48: 1 | EE48: 86331294 | EF48: 60 | EG48: Ремонтно-строительные работы | EH48: 0 | EJ48: 1 | EK48: 666 | EL48: ТСН-2001.6-68. 68-30...68-34 | EM48: ТСН-2001.6-68-13 | EO48: Попр.12.00.01.11.003 | EQ48: 0 | ER48: 0 | ES48: 0 | ET48: 0 | EU48: 0 | EV48: 124.52 | EW48: 12.39 | EX48: 0 | EY48: 0 | FQ48: 0 | FR48: 0 | FS48: 0 | FX48: 102 | FY48: 54 | GD48: 1 | GF48: -776106542 | GG48: 2 | GH48: 0 | GI48: -2 | GJ48: 0 | GK48: 0 | GL48: =ROUND(IF(AND(BH48=3,BI48=3,FS48<>0),P48,0),2) -> 0 | GM48: =ROUND(O48+X48+Y48,2)+GX48 -> 1101.38 | GN48: =IF(OR(BI48=0,BI48=1),GM48-GX48,0) -> 1101.38 | GO48: =IF(BI48=2,GM48-GX48,0) -> 0 | GP48: =IF(BI48=4,GM48-GX48,0) -> 0 | GR48: 0 | GS48: 3 | GT48: 0 | GV48: =(GT48) -> 0 | GW48: 1 | GX48: =ROUND(HC48*I48,2) -> 0 | HA48: 0 | HB48: 0 | HC48: =GV48*GW48 -> 0 | HS48: 0 | IK48: 0
A49: 17 | B49: 1 | C49: =ROW(SmtRes!A32) -> 32 | D49: =ROW(EtalonRes!A32) -> 32 | E49: 11 | F49: 6.68-31-5 | G49: Корчевка и разделка пней диаметром 500 мм вручную с последующей ручной переноской и складированием на расстояние до 50 м, подноска и засыпка образующихся при корчевке ям, растительной земельной смесью | H49: 1 ПЕНЬ | I49: =ROUND(3,9) -> 3 | J49: 0 | K49: =ROUND(3,9) -> 3 | O49: =ROUND(CP49,2) -> 24850.03 | P49: =ROUND(CQ49*I49,2) -> 0 | Q49: =ROUND(CR49*I49,2) -> 0 | R49: =ROUND(CS49*I49,2) -> 0 | S49: =ROUND(CT49*I49,2) -> 24850.03 | T49: =ROUND(CU49*I49,2) -> 0 | U49: =CV49*I49 -> 42.808689 | V49: =CW49*I49 -> 0 | W49: =ROUND(CX49*I49,2) -> 0 | X49: =ROUND(CY49,2) -> 25347.03 | Y49: =ROUND(CZ49,2) -> 13419.02 | AA49: 86495195 | AB49: =(AC49+AD49+AF49) -> 136.972 | AC49: =(ES49) -> 0 | AD49: =((ET49*1.1)) -> 0 | AE49: =((EU49*1.1)) -> 0 | AF49: =((EV49*1.1)) -> 136.972 | AG49: =(AP49) -> 0 | AH49: =((EW49*1.1)) -> 13.629 | AI49: =((EX49*1.1)) -> 0 | AJ49: =(AS49) -> 0 | AK49: 0 | AL49: 0 | AM49: 0 | AN49: 0 | AO49: 124.52 | AP49: 0 | AQ49: 12.39 | AR49: 0 | AS49: 0 | AT49: 102 | AU49: 54 | AV49: 1.047 | AW49: 1 | AZ49: 1 | BA49: 57.76 | BB49: 1 | BC49: 1 | BH49: 0 | BI49: 1 | BJ49: 6.68-31-5 | BM49: 666 | BN49: 0 | BO49: 6.68-31-5 | BP49: 1 | BQ49: 60 | BR49: 0 | BS49: 57.76 | BT49: 1 | BU49: 1 | BV49: 1 | BW49: 1 | BX49: 1 | BZ49: 102 | CA49: 54 | CE49: 0 | CF49: 0 | CG49: 0 | CM49: 0 | CN49: Поправка:стеснённые условия, пп. "в" | CO49: 0 | CP49: =(P49+Q49+S49) -> 24850.03 | CQ49: =(AC49*BC49*AW49) -> 0 | CR49: =(((ET49*1.1))*BB49*AV49) -> 0 | CS49: =(AE49*BS49*AV49) -> 0 | CT49: =(AF49*BA49*AV49) -> 8283.3433 | CU49: =AG49 -> 0 | CV49: =(AH49*AV49) -> 14.269563 | CW49: =AI49 -> 0 | CX49: =AJ49 -> 0 | CY49: =(S49+R49)*(BZ49/100) -> 25347.031 | CZ49: =(S49+R49)*(CA49/100) -> 13419.016 | DE49: *1,1 | DF49: *1,1 | DG49: *1,1 | DI49: *1,1 | DJ49: *1,1 | DN49: 102 | DO49: 54 | DP49: 1 | DQ49: 1 | DU49: 1013 | DV49: 1 ПЕНЬ | DW49: 1 ПЕНЬ | DX49: 1 | EE49: 86331294 | EF49: 60 | EG49: Ремонтно-строительные работы | EH49: 0 | EJ49: 1 | EK49: 666 | EL49: ТСН-2001.6-68. 68-30...68-34 | EM49: ТСН-2001.6-68-13 | EO49: Попр.12.00.01.11.003 | EQ49: 0 | ER49: 0 | ES49: 0 | ET49: 0 | EU49: 0 | EV49: 124.52 | EW49: 12.39 | EX49: 0 | EY49: 0 | FQ49: 0 | FR49: 0 | FS49: 0 | FX49: 102 | FY49: 54 | GD49: 1 | GF49: -776106542 | GG49: 2 | GH49: 0 | GI49: -2 | GJ49: 0 | GK49: 0 | GL49: =ROUND(IF(AND(BH49=3,BI49=3,FS49<>0),P49,0),2) -> 0 | GM49: =ROUND(O49+X49+Y49,2)+GX49 -> 63616.08 | GN49: =IF(OR(BI49=0,BI49=1),GM49-GX49,0) -> 63616.08 | GO49: =IF(BI49=2,GM49-GX49,0) -> 0 | GP49: =IF(BI49=4,GM49-GX49,0) -> 0 | GR49: 0 | GS49: 3 | GT49: 0 | GV49: =(GT49) -> 0 | GW49: 1 | GX49: =ROUND(HC49*I49,2) -> 0 | HA49: 0 | HB49: 0 | HC49: =GV49*GW49 -> 0 | HS49: 0 | IK49: 0
A50: 17 | B50: 1 | E50: 12 | F50: 1.4-6-1 | G50: Земля растительная | H50: м3 | I50: =ROUND(27.19,9) -> 27.19 | J50: 0 | K50: =ROUND(27.19,9) -> 27.19 | O50: =ROUND(CP50,2) -> 3407.72 | P50: =ROUND(CQ50*I50,2) -> 3407.72 | Q50: =ROUND(CR50*I50,2) -> 0 | R50: =ROUND(CS50*I50,2) -> 0 | S50: =ROUND(CT50*I50,2) -> 0 | T50: =ROUND(CU50*I50,2) -> 0 | U50: =CV50*I50 -> 0 | V50: =CW50*I50 -> 0 | W50: =ROUND(CX50*I50,2) -> 0 | X50: =ROUND(CY50,2) -> 0 | Y50: =ROUND(CZ50,2) -> 0 | AA50: 86495194 | AB50: =(AC50+AD50+AF50) -> 125.33 | AC50: =(ES50) -> 125.33 | AD50: =(ET50) -> 0 | AE50: =(EU50) -> 0 | AF50: =(EV50) -> 0 | AG50: =(AP50) -> 0 | AH50: =(EW50) -> 0 | AI50: =(EX50) -> 0 | AJ50: =(AS50) -> 0 | AK50: 0 | AL50: 125.33 | AM50: 0 | AN50: 0 | AO50: 0 | AP50: 0 | AQ50: 0 | AR50: 0 | AS50: 0 | AT50: 102 | AU50: 54 | AV50: 1 | AW50: 1 | AZ50: 1 | BA50: 1 | BB50: 1 | BC50: 1 | BH50: 0 | BI50: 1 | BJ50: 1.4-6-1 | BM50: 1617 | BN50: 0 | BO50: 1.4-6-1 | BP50: 1 | BQ50: 200 | BR50: 0 | BS50: 1 | BT50: 1 | BU50: 1 | BV50: 1 | BW50: 1 | BX50: 1 | BZ50: 102 | CA50: 54 | CE50: 0 | CF50: 0 | CG50: 0 | CM50: 0 | CO50: 0 | CP50: =(P50+Q50+S50) -> 3407.72 | CQ50: =(AC50*BC50*AW50) -> 125.33 | CR50: =((ET50)*BB50*AV50) -> 0 | CS50: =(AE50*BS50*AV50) -> 0 | CT50: =(AF50*BA50*AV50) -> 0 | CU50: =AG50 -> 0 | CV50: =(AH50*AV50) -> 0 | CW50: =AI50 -> 0 | CX50: =AJ50 -> 0 | CY50: =(((S50+R50)*BZ50)/100) -> 0 | CZ50: =(((S50+R50)*CA50)/100) -> 0 | DN50: 0 | DO50: 0 | DP50: 1 | DQ50: 1 | DU50: 1007 | DV50: м3 | DW50: м3 | DX50: 1 | EE50: 86332245 | EF50: 200 | EG50: Материалы строительные | EH50: 0 | EJ50: 1 | EK50: 1617 | EL50: ТСН-2001.1 Материалы строительные | EM50: ТСН-2001.1-1 | EQ50: 0 | ER50: 0 | ES50: 125.33 | ET50: 0 | EU50: 0 | EV50: 0 | EW50: 0 | EX50: 0 | EY50: 0 | FQ50: 0 | FR50: 0 | FS50: 0 | FX50: 102 | FY50: 54 | GD50: 1 | GF50: -1680889160 | GG50: 2 | GH50: 0 | GI50: -2 | GJ50: 0 | GK50: 0 | GL50: =ROUND(IF(AND(BH50=3,BI50=3,FS50<>0),P50,0),2) -> 0 | GM50: =ROUND(O50+X50+Y50,2)+GX50 -> 3407.72 | GN50: =IF(OR(BI50=0,BI50=1),GM50-GX50,0) -> 3407.72 | GO50: =IF(BI50=2,GM50-GX50,0) -> 0 | GP50: =IF(BI50=4,GM50-GX50,0) -> 0 | GR50: 0 | GS50: 3 | GT50: 0 | GV50: =(GT50) -> 0 | GW50: 1 | GX50: =ROUND(HC50*I50,2) -> 0 | HA50: 0 | HB50: 0 | HC50: =GV50*GW50 -> 0 | HS50: 0 | IK50: 0
A51: 17 | B51: 1 | E51: 12 | F51: 1.4-6-1 | G51: Земля растительная | H51: м3 | I51: =ROUND(27.19,9) -> 27.19 | J51: 0 | K51: =ROUND(27.19,9) -> 27.19 | O51: =ROUND(CP51,2) -> 30294.65 | P51: =ROUND(CQ51*I51,2) -> 30294.65 | Q51: =ROUND(CR51*I51,2) -> 0 | R51: =ROUND(CS51*I51,2) -> 0 | S51: =ROUND(CT51*I51,2) -> 0 | T51: =ROUND(CU51*I51,2) -> 0 | U51: =CV51*I51 -> 0 | V51: =CW51*I51 -> 0 | W51: =ROUND(CX51*I51,2) -> 0 | X51: =ROUND(CY51,2) -> 0 | Y51: =ROUND(CZ51,2) -> 0 | AA51: 86495195 | AB51: =(AC51+AD51+AF51) -> 125.33 | AC51: =(ES51) -> 125.33 | AD51: =(ET51) -> 0 | AE51: =(EU51) -> 0 | AF51: =(EV51) -> 0 | AG51: =(AP51) -> 0 | AH51: =(EW51) -> 0 | AI51: =(EX51) -> 0 | AJ51: =(AS51) -> 0 | AK51: 0 | AL51: 125.33 | AM51: 0 | AN51: 0 | AO51: 0 | AP51: 0 | AQ51: 0 | AR51: 0 | AS51: 0 | AT51: 102 | AU51: 54 | AV51: 1 | AW51: 1 | AZ51: 1 | BA51: 1 | BB51: 1 | BC51: 8.89 | BH51: 0 | BI51: 1 | BJ51: 1.4-6-1 | BM51: 1617 | BN51: 0 | BO51: 1.4-6-1 | BP51: 1 | BQ51: 200 | BR51: 0 | BS51: 1 | BT51: 1 | BU51: 1 | BV51: 1 | BW51: 1 | BX51: 1 | BZ51: 102 | CA51: 54 | CE51: 0 | CF51: 0 | CG51: 0 | CM51: 0 | CO51: 0 | CP51: =(P51+Q51+S51) -> 30294.65 | CQ51: =(AC51*BC51*AW51) -> 1114.1837 | CR51: =((ET51)*BB51*AV51) -> 0 | CS51: =(AE51*BS51*AV51) -> 0 | CT51: =(AF51*BA51*AV51) -> 0 | CU51: =AG51 -> 0 | CV51: =(AH51*AV51) -> 0 | CW51: =AI51 -> 0 | CX51: =AJ51 -> 0 | CY51: =(S51+R51)*(BZ51/100) -> 0 | CZ51: =(S51+R51)*(CA51/100) -> 0 | DN51: 102 | DO51: 54 | DP51: 1 | DQ51: 1 | DU51: 1007 | DV51: м3 | DW51: м3 | DX51: 1 | EE51: 86332245 | EF51: 200 | EG51: Материалы строительные | EH51: 0 | EJ51: 1 | EK51: 1617 | EL51: ТСН-2001.1 Материалы строительные | EM51: ТСН-2001.1-1 | EQ51: 0 | ER51: 0 | ES51: 125.33 | ET51: 0 | EU51: 0 | EV51: 0 | EW51: 0 | EX51: 0 | EY51: 0 | FQ51: 0 | FR51: 0 | FS51: 0 | FX51: 102 | FY51: 54 | GD51: 1 | GF51: -1680889160 | GG51: 2 | GH51: 0 | GI51: -2 | GJ51: 0 | GK51: 0 | GL51: =ROUND(IF(AND(BH51=3,BI51=3,FS51<>0),P51,0),2) -> 0 | GM51: =ROUND(O51+X51+Y51,2)+GX51 -> 30294.65 | GN51: =IF(OR(BI51=0,BI51=1),GM51-GX51,0) -> 30294.65 | GO51: =IF(BI51=2,GM51-GX51,0) -> 0 | GP51: =IF(BI51=4,GM51-GX51,0) -> 0 | GR51: 0 | GS51: 3 | GT51: 0 | GV51: =(GT51) -> 0 | GW51: 8.89 | GX51: =ROUND(HC51*I51,2) -> 0 | HA51: 0 | HB51: 0 | HC51: =GV51*GW51 -> 0 | HS51: 0 | IK51: 0
A53: 51 | B53: =B24 -> 1 | C53: =A24 -> 4 | D53: =ROW(A24) -> 24 | F53: =IF(F24<>"",F24,"") -> 1 | G53: =IF(G24<>"",G24,"") -> Вырубка деревьев и кустарников | H53: 0 | O53: =ROUND(AB53,2) -> 8293.09 | P53: =ROUND(AC53,2) -> 3407.72 | Q53: =ROUND(AD53,2) -> 0 | R53: =ROUND(AE53,2) -> 0 | S53: =ROUND(AF53,2) -> 4885.37 | T53: =ROUND(AG53,2) -> 0 | U53: =AH53 -> 490.35468 | V53: =AI53 -> 0 | W53: =ROUND(AJ53,2) -> 0 | X53: =ROUND(AK53,2) -> 4983.07 | Y53: =ROUND(AL53,2) -> 2638.1 | AB53: =ROUND(SUMIF(AA28:AA51,"=86495194",O28:O51),2) -> 8293.09 | AC53: =ROUND(SUMIF(AA28:AA51,"=86495194",P28:P51),2) -> 3407.72 | AD53: =ROUND(SUMIF(AA28:AA51,"=86495194",Q28:Q51),2) -> 0 | AE53: =ROUND(SUMIF(AA28:AA51,"=86495194",R28:R51),2) -> 0 | AF53: =ROUND(SUMIF(AA28:AA51,"=86495194",S28:S51),2) -> 4885.37 | AG53: =ROUND(SUMIF(AA28:AA51,"=86495194",T28:T51),2) -> 0 | AH53: =SUMIF(AA28:AA51,"=86495194",U28:U51) -> 490.35468 | AI53: =SUMIF(AA28:AA51,"=86495194",V28:V51) -> 0 | AJ53: =ROUND(SUMIF(AA28:AA51,"=86495194",W28:W51),2) -> 0 | AK53: =ROUND(SUMIF(AA28:AA51,"=86495194",X28:X51),2) -> 4983.07 | AL53: =ROUND(SUMIF(AA28:AA51,"=86495194",Y28:Y51),2) -> 2638.1 | AO53: =ROUND(BX53,2) -> 0 | AP53: =ROUND(BY53,2) -> 0 | AQ53: =ROUND(BZ53,2) -> 0 | AR53: =ROUND(CA53,2) -> 15914.26 | AS53: =ROUND(CB53,2) -> 15914.26 | AT53: =ROUND(CC53,2) -> 0 | AU53: =ROUND(CD53,2) -> 0 | AV53: =ROUND(CE53,2) -> 3407.72 | ... BD53: =ROUND(CM53,2) -> 0 | BX53: =ROUND(SUMIF(AA28:AA51,"=86495194",FQ28:FQ51),2) -> 0 | BY53: =ROUND(SUMIF(AA28:AA51,"=86495194",FR28:FR51),2) -> 0 | BZ53: =ROUND(SUMIF(AA28:AA51,"=86495194",GL28:GL51),2) -> 0 | CA53: =ROUND(SUMIF(AA28:AA51,"=86495194",GM28:GM51),2) -> 15914.26 | CB53: =ROUND(SUMIF(AA28:AA51,"=86495194",GN28:GN51),2) -> 15914.26 | CC53: =ROUND(SUMIF(AA28:AA51,"=86495194",GO28:GO51),2) -> 0 | CD53: =ROUND(SUMIF(AA28:AA51,"=86495194",GP28:GP51),2) -> 0 | CE53: =AC53-BX53 -> 3407.72 | CF53: =AC53-BY53 -> 3407.72 | CG53: =BX53-BZ53 -> 0 | CH53: =AC53-BX53-BY53+BZ53 -> 3407.72 | CI53: =BY53-BZ53 -> 0 | CJ53: =ROUND(SUMIF(AA28:AA51,"=86495194",GX28:GX51),2) -> 0 | CK53: =ROUND(SUMIF(AA28:AA51,"=86495194",GY28:GY51),2) -> 0 | CL53: =ROUND(SUMIF(AA28:AA51,"=86495194",GZ28:GZ51),2) -> 0 | CM53: =ROUND(SUMIF(AA28:AA51,"=86495194",HD28:HD51),2) -> 0 | DG53: =ROUND(DT53,2) -> 312474.1 | DH53: =ROUND(DU53,2) -> 30294.65 | DI53: =ROUND(DV53,2) -> 0 | DJ53: =ROUND(DW53,2) -> 0 | DK53: =ROUND(DX53,2) -> 282179.45 | DL53: =ROUND(DY53,2) -> 0 | DM53: =DZ53 -> 490.35468 | DN53: =EA53 -> 0 | DO53: =ROUND(EB53,2) -> 0 | DP53: =ROUND(EC53,2) -> 287823.05 | DQ53: =ROUND(ED53,2) -> 152376.92 | DT53: =ROUND(SUMIF(AA28:AA51,"=86495195",O28:O51),2) -> 312474.1 | DU53: =ROUND(SUMIF(AA28:AA51,"=86495195",P28:P51),2) -> 30294.65 | DV53: =ROUND(SUMIF(AA28:AA51,"=86495195",Q28:Q51),2) -> 0 | DW53: =ROUND(SUMIF(AA28:AA51,"=86495195",R28:R51),2) -> 0 | DX53: =ROUND(SUMIF(AA28:AA51,"=86495195",S28:S51),2) -> 282179.45 | DY53: =ROUND(SUMIF(AA28:AA51,"=86495195",T28:T51),2) -> 0 | DZ53: =SUMIF(AA28:AA51,"=86495195",U28:U51) -> 490.35468 | EA53: =SUMIF(AA28:AA51,"=86495195",V28:V51) -> 0 | EB53: =ROUND(SUMIF(AA28:AA51,"=86495195",W28:W51),2) -> 0 | EC53: =ROUND(SUMIF(AA28:AA51,"=86495195",X28:X51),2) -> 287823.05 | ED53: =ROUND(SUMIF(AA28:AA51,"=86495195",Y28:Y51),2) -> 152376.92 | EG53: =ROUND(FP53,2) -> 0 | EH53: =ROUND(FQ53,2) -> 0 | EI53: =ROUND(FR53,2) -> 0 | EJ53: =ROUND(FS53,2) -> 752674.07 | EK53: =ROUND(FT53,2) -> 752674.07 | EL53: =ROUND(FU53,2) -> 0 | EM53: =ROUND(FV53,2) -> 0 | EN53: =ROUND(FW53,2) -> 30294.65 | ... EV53: =ROUND(GE53,2) -> 0 | FP53: =ROUND(SUMIF(AA28:AA51,"=86495195",FQ28:FQ51),2) -> 0 | FQ53: =ROUND(SUMIF(AA28:AA51,"=86495195",FR28:FR51),2) -> 0 | FR53: =ROUND(SUMIF(AA28:AA51,"=86495195",GL28:GL51),2) -> 0 | FS53: =ROUND(SUMIF(AA28:AA51,"=86495195",GM28:GM51),2) -> 752674.07 | FT53: =ROUND(SUMIF(AA28:AA51,"=86495195",GN28:GN51),2) -> 752674.07 | FU53: =ROUND(SUMIF(AA28:AA51,"=86495195",GO28:GO51),2) -> 0 | FV53: =ROUND(SUMIF(AA28:AA51,"=86495195",GP28:GP51),2) -> 0 | FW53: =DU53-FP53 -> 30294.65 | FX53: =DU53-FQ53 -> 30294.65 | FY53: =FP53-FR53 -> 0 | FZ53: =DU53-FP53-FQ53+FR53 -> 30294.65 | GA53: =FQ53-FR53 -> 0 | GB53: =ROUND(SUMIF(AA28:AA51,"=86495195",GX28:GX51),2) -> 0 | GC53: =ROUND(SUMIF(AA28:AA51,"=86495195",GY28:GY51),2) -> 0 | GD53: =ROUND(SUMIF(AA28:AA51,"=86495195",GZ28:GZ51),2) -> 0 | GE53: =ROUND(SUMIF(AA28:AA51,"=86495195",HD28:HD51),2) -> 0 | GX53: 0
A55: 50 | B55: 0 | C55: 0 | D55: 1 | E55: 201 | F55: =ROUND(Source!O53,O55) -> 8293.09 | G55: ПЗ | H55: Прямые затраты | K55: 201 | L55: 1 | M55: 3 | O55: 2 | P55: =ROUND(Source!DG53,O55) -> 312474.1 | W55: 8293.09 | X55: 1 | Y55: 8293.09 | Z55: 312474.1 | AA55: 1 | AB55: 312474.1
A56: 50 | B56: 0 | C56: 0 | D56: 1 | E56: 202 | F56: =ROUND(Source!P53,O56) -> 3407.72 | G56: СтМатОб | H56: Стоимость материальных ресурсов (всего) | K56: 202 | L56: 2 | M56: 3 | O56: 2 | P56: =ROUND(Source!DH53,O56) -> 30294.65 | W56: 3407.72 | X56: 1 | Y56: 3407.72 | Z56: 30294.65 | AA56: 1 | AB56: 30294.65
A57: 50 | B57: 0 | C57: 0 | D57: 1 | E57: 222 | F57: =ROUND(Source!AO53,O57) -> 0 | G57: СтМатОбЗак | H57: Стоимость материалов и оборудования заказчика | K57: 222 | L57: 3 | M57: 3 | O57: 2 | P57: =ROUND(Source!EG53,O57) -> 0 | W57: 0 | X57: 1 | Y57: 0 | Z57: 0 | AA57: 1 | AB57: 0
A58: 50 | B58: 0 | C58: 0 | D58: 1 | E58: 225 | F58: =ROUND(Source!AV53,O58) -> 3407.72 | G58: СтМатОбПод | H58: Стоимость материалов и оборудования подрядчика | K58: 225 | L58: 4 | M58: 3 | O58: 2 | P58: =ROUND(Source!EN53,O58) -> 30294.65 | W58: 3407.72 | X58: 1 | Y58: 3407.72 | Z58: 30294.65 | AA58: 1 | AB58: 30294.65
A59: 50 | B59: 0 | C59: 0 | D59: 1 | E59: 226 | F59: =ROUND(Source!AW53,O59) -> 3407.72 | G59: СтМат | H59: Стоимость материалов (всего) | K59: 226 | L59: 5 | M59: 3 | O59: 2 | P59: =ROUND(Source!EO53,O59) -> 30294.65 | W59: 3407.72 | X59: 1 | Y59: 3407.72 | Z59: 30294.65 | AA59: 1 | AB59: 30294.65
A60: 50 | B60: 0 | C60: 0 | D60: 1 | E60: 227 | F60: =ROUND(Source!AX53,O60) -> 0 | G60: СтМатЗак | H60: Стоимость материалов заказчика | K60: 227 | L60: 6 | M60: 3 | O60: 2 | P60: =ROUND(Source!EP53,O60) -> 0 | W60: 0 | X60: 1 | Y60: 0 | Z60: 0 | AA60: 1 | AB60: 0
A61: 50 | B61: 0 | C61: 0 | D61: 1 | E61: 228 | F61: =ROUND(Source!AY53,O61) -> 3407.72 | G61: СтМатПод | H61: Стоимость материалов подрядчика | K61: 228 | L61: 7 | M61: 3 | O61: 2 | P61: =ROUND(Source!EQ53,O61) -> 30294.65 | W61: 3407.72 | X61: 1 | Y61: 3407.72 | Z61: 30294.65 | AA61: 1 | AB61: 30294.65
A62: 50 | B62: 0 | C62: 0 | D62: 1 | E62: 216 | F62: =ROUND(Source!AP53,O62) -> 0 | G62: Оборуд | H62: Стоимость оборудования (всего) | K62: 216 | L62: 8 | M62: 3 | O62: 2 | P62: =ROUND(Source!EH53,O62) -> 0 | W62: 0 | X62: 1 | Y62: 0 | Z62: 0 | AA62: 1 | AB62: 0
A63: 50 | B63: 0 | C63: 0 | D63: 1 | E63: 223 | F63: =ROUND(Source!AQ53,O63) -> 0 | G63: ОборудЗак | H63: Стоимость оборудования заказчика | K63: 223 | L63: 9 | M63: 3 | O63: 2 | P63: =ROUND(Source!EI53,O63) -> 0 | W63: 0 | X63: 1 | Y63: 0 | Z63: 0 | AA63: 1 | AB63: 0
A64: 50 | B64: 0 | C64: 0 | D64: 1 | E64: 229 | F64: =ROUND(Source!AZ53,O64) -> 0 | G64: ОборудПод | H64: Стоимость оборудования подрядчика | K64: 229 | L64: 10 | M64: 3 | O64: 2 | P64: =ROUND(Source!ER53,O64) -> 0 | W64: 0 | X64: 1 | Y64: 0 | Z64: 0 | AA64: 1 | AB64: 0
A65: 50 | B65: 0 | C65: 0 | D65: 1 | E65: 203 | F65: =ROUND(Source!Q53,O65) -> 0 | G65: ЭММ | H65: Эксплуатация машин | K65: 203 | L65: 11 | M65: 3 | O65: 2 | P65: =ROUND(Source!DI53,O65) -> 0 | W65: 0 | X65: 1 | Y65: 0 | Z65: 0 | AA65: 1 | AB65: 0
A66: 50 | B66: 0 | C66: 0 | D66: 1 | E66: 231 | F66: =ROUND(Source!BB53,O66) -> 0 | G66: ЭММсНРиСП | H66: Эксплуатация машин по ТСН-2001.16 | K66: 231 | L66: 12 | M66: 3 | O66: 2 | P66: =ROUND(Source!ET53,O66) -> 0 | W66: 0 | X66: 1 | Y66: 0 | Z66: 0 | AA66: 1 | AB66: 0
A67: 50 | B67: 0 | C67: 0 | D67: 1 | E67: 204 | F67: =ROUND(Source!R53,O67) -> 0 | G67: ЗПМ | H67: ЗП машинистов | K67: 204 | L67: 13 | M67: 3 | O67: 2 | P67: =ROUND(Source!DJ53,O67) -> 0 | W67: 0 | X67: 1 | Y67: 0 | Z67: 0 | AA67: 1 | AB67: 0
A68: 50 | B68: 0 | C68: 0 | D68: 1 | E68: 205 | F68: =ROUND(Source!S53,O68) -> 4885.37 | G68: ОЗП | H68: Основная ЗП рабочих | K68: 205 | L68: 14 | M68: 3 | O68: 2 | P68: =ROUND(Source!DK53,O68) -> 282179.45 | W68: 4885.37 | X68: 1 | Y68: 4885.37 | Z68: 282179.45 | AA68: 1 | AB68: 282179.45
A69: 50 | B69: 0 | C69: 0 | D69: 1 | E69: 232 | F69: =ROUND(Source!BC53,O69) -> 0 | G69: ОЗПсНРиСП | H69: Основная ЗП рабочих по ТСН-2001.16 | K69: 232 | L69: 15 | M69: 3 | O69: 2 | P69: =ROUND(Source!EU53,O69) -> 0 | W69: 0 | X69: 1 | Y69: 0 | Z69: 0 | AA69: 1 | AB69: 0
A70: 50 | B70: 0 | C70: 0 | D70: 1 | E70: 214 | F70: =ROUND(Source!AS53,O70) -> 15914.26 | G70: Строит | H70: Строительные работы с НР и СП | K70: 214 | L70: 16 | M70: 3 | O70: 2 | P70: =ROUND(Source!EK53,O70) -> 752674.07 | W70: 15914.26 | X70: 1 | Y70: 15914.26 | Z70: 752674.07 | AA70: 1 | AB70: 752674.07
A71: 50 | B71: 0 | C71: 0 | D71: 1 | E71: 215 | F71: =ROUND(Source!AT53,O71) -> 0 | G71: Монтаж | H71: Монтажные работы с НР и СП | K71: 215 | L71: 17 | M71: 3 | O71: 2 | P71: =ROUND(Source!EL53,O71) -> 0 | W71: 0 | X71: 1 | Y71: 0 | Z71: 0 | AA71: 1 | AB71: 0
A72: 50 | B72: 0 | C72: 0 | D72: 1 | E72: 217 | F72: =ROUND(Source!AU53,O72) -> 0 | G72: Прочие | H72: Прочие работы с НР и СП | K72: 217 | L72: 18 | M72: 3 | O72: 2 | P72: =ROUND(Source!EM53,O72) -> 0 | W72: 0 | X72: 1 | Y72: 0 | Z72: 0 | AA72: 1 | AB72: 0
A73: 50 | B73: 0 | C73: 0 | D73: 1 | E73: 230 | F73: =ROUND(Source!BA53,O73) -> 0 | G73: ПрочиеЗатр | H73: Прочие затраты по ТСН-2001.16 | K73: 230 | L73: 19 | M73: 3 | O73: 2 | P73: =ROUND(Source!ES53,O73) -> 0 | W73: 0 | X73: 1 | Y73: 0 | Z73: 0 | AA73: 1 | AB73: 0
A74: 50 | B74: 0 | C74: 0 | D74: 1 | E74: 206 | F74: =ROUND(Source!T53,O74) -> 0 | G74: ВозврМат | H74: Возврат материалов | K74: 206 | L74: 20 | M74: 3 | O74: 2 | P74: =ROUND(Source!DL53,O74) -> 0 | W74: 0 | X74: 1 | Y74: 0 | Z74: 0 | AA74: 1 | AB74: 0
A75: 50 | B75: 0 | C75: 0 | D75: 1 | E75: 207 | F75: =Source!U53 -> 490.35468 | G75: ТрудСтр | H75: Трудозатраты строителей | K75: 207 | L75: 21 | M75: 3 | O75: -1 | P75: =Source!DM53 -> 490.35468 | W75: 490.35468 | X75: 1 | Y75: 490.35468 | Z75: 490.35468 | AA75: 1 | AB75: 490.35468
A76: 50 | B76: 0 | C76: 0 | D76: 1 | E76: 208 | F76: =Source!V53 -> 0 | G76: ТрудМаш | H76: Трудозатраты машинистов | K76: 208 | L76: 22 | M76: 3 | O76: -1 | P76: =Source!DN53 -> 0 | W76: 0 | X76: 1 | Y76: 0 | Z76: 0 | AA76: 1 | AB76: 0
A77: 50 | B77: 0 | C77: 0 | D77: 1 | E77: 209 | F77: =ROUND(Source!W53,O77) -> 0 | G77: ТранспМат | H77: Транспорт материалов | K77: 209 | L77: 23 | M77: 3 | O77: 2 | P77: =ROUND(Source!DO53,O77) -> 0 | W77: 0 | X77: 1 | Y77: 0 | Z77: 0 | AA77: 1 | AB77: 0
A78: 50 | B78: 0 | C78: 0 | D78: 1 | E78: 233 | F78: =ROUND(Source!BD53,O78) -> 0 | G78: Перевозка | H78: Перевозка грузов | K78: 233 | L78: 24 | M78: 3 | O78: 2 | P78: =ROUND(Source!EV53,O78) -> 0 | W78: 0 | X78: 1 | Y78: 0 | Z78: 0 | AA78: 1 | AB78: 0
A79: 50 | B79: 0 | C79: 0 | D79: 1 | E79: 210 | F79: =ROUND(Source!X53,O79) -> 4983.07 | G79: НР | H79: Накладные расходы | K79: 210 | L79: 25 | M79: 3 | O79: 2 | P79: =ROUND(Source!DP53,O79) -> 287823.05 | W79: 4983.07 | X79: 1 | Y79: 4983.07 | Z79: 287823.05 | AA79: 1 | AB79: 287823.05
A80: 50 | B80: 0 | C80: 0 | D80: 1 | E80: 211 | F80: =ROUND(Source!Y53,O80) -> 2638.1 | G80: СмПриб | H80: Сметная прибыль | K80: 211 | L80: 26 | M80: 3 | O80: 2 | P80: =ROUND(Source!DQ53,O80) -> 152376.92 | W80: 2638.1 | X80: 1 | Y80: 2638.1 | Z80: 152376.92 | AA80: 1 | AB80: 152376.92
A81: 50 | B81: 0 | C81: 0 | D81: 1 | E81: 224 | F81: =ROUND(Source!AR53,O81) -> 15914.26 | G81: Всего | H81: Всего с НР и СП | K81: 224 | L81: 27 | M81: 3 | O81: 2 | P81: =ROUND(Source!EJ53,O81) -> 752674.07 | W81: 15914.26 | X81: 1 | Y81: 15914.26 | Z81: 752674.07 | AA81: 1 | AB81: 752674.07
A83: 4 | B83: 1 | D83: =ROW(A104) -> 104 | F83: 14 | G83: Пересадка деревьев и кустарников | I83: 0 | K83: -1 | S83: 0 | T83: 0 | V83: 1 | BX83: 0 | CJ83: 0
A85: 52 | B85: =B104 -> 1 | C85: =C104 -> 4 | D85: =D104 -> 83 | E85: =E104 -> 0 | F85: =F104 -> 14 | G85: =G104 -> Пересадка деревьев и кустарников | O85: =O104 -> 22521.58 | P85: =P104 -> 5668.48 | Q85: =Q104 -> 4116.35 | R85: =R104 -> 385.08 | S85: =S104 -> 12736.75 | T85: =T104 -> 0 | U85: =U104 -> 1034.5106 | V85: =V104 -> 0 | ... GX85: =GX104 -> 0
A87: 17 | B87: 1 | C87: =ROW(SmtRes!A39) -> 39 | D87: =ROW(EtalonRes!A39) -> 39 | E87: 13 | F87: 3.47-34-8 | G87: Заготовка деревьев и кустарников с комом земли размером 1,0х1,0х0,6 м | H87: 10 деревьев или кустарников | I87: =ROUND(4/10,9) -> 0.4 | J87: 0 | K87: =ROUND(4/10,9) -> 0.4 | O87: =ROUND(CP87,2) -> 2695.85 | P87: =ROUND(CQ87*I87,2) -> 1439.82 | Q87: =ROUND(CR87*I87,2) -> 300.24 | R87: =ROUND(CS87*I87,2) -> 28.37 | S87: =ROUND(CT87*I87,2) -> 955.79 | T87: =ROUND(CU87*I87,2) -> 0 | U87: =CV87*I87 -> 78.407736 | V87: =CW87*I87 -> 0 | W87: =ROUND(CX87*I87,2) -> 0 | X87: =ROUND(CY87,2) -> 915.27 | Y87: =ROUND(CZ87,2) -> 600.34 | AA87: 86495194 | AB87: =(AC87+AD87+AF87) -> 6598.6593 | AC87: =(ES87) -> 3599.55 | AD87: =((ET87*1.1*1.25)) -> 716.8975 | AE87: =((EU87*1.1*1.25)) -> 67.74625 | AF87: =((EV87*1.1*1.15)) -> 2282.2118 | AG87: =(AP87) -> 0 | AH87: =((EW87*1.1*1.15)) -> 187.22 | AI87: =((EX87*1.1*1.25)) -> 0 | AJ87: =(AS87) -> 0 | AK87: 0 | AL87: 3599.55 | AM87: 521.38 | AN87: 49.27 | AO87: 1804.12 | AP87: 0 | AQ87: 148 | AR87: 0 | AS87: 0 | AT87: 93 | AU87: 61 | AV87: 1.047 | AW87: 1 | AZ87: 1 | BA87: 1 | BB87: 1 | BC87: 1 | BH87: 0 | BI87: 1 | BJ87: 3.47-34-8 | BM87: 1702 | BN87: 0 | BO87: 3.47-34-8 | BP87: 1 | BQ87: 30 | BR87: 0 | BS87: 1 | BT87: 1 | BU87: 1 | BV87: 1 | BW87: 1 | BX87: 1 | BZ87: 93 | CA87: 61 | CE87: 0 | CF87: 0 | CG87: 0 | CM87: 0 | CN87: Поправка:стеснённые условия, пп. "в" Поправка:ТСН-2001.6-0 п. 1.15, прил. 2.2 п. 2.2.6 | CO87: 0 | CP87: =(P87+Q87+S87) -> 2695.85 | CQ87: =(AC87*BC87*AW87) -> 3599.55 | CR87: =(((ET87*1.1*1.25))*BB87*AV87) -> 750.59168 | CS87: =(AE87*BS87*AV87) -> 70.930324 | CT87: =(AF87*BA87*AV87) -> 2389.4758 | CU87: =AG87 -> 0 | CV87: =(AH87*AV87) -> 196.01934 | CW87: =AI87 -> 0 | CX87: =AJ87 -> 0 | CY87: =(((S87+R87)*BZ87)/100) -> 915.2688 | CZ87: =(((S87+R87)*CA87)/100) -> 600.3376 | DE87: *1,1*1,25 | DF87: *1,1*1,25 | DG87: *1,1*1,15 | DI87: *1,1*1,15 | DJ87: *1,1*1,25 | DN87: 0 | DO87: 0 | DP87: 1 | DQ87: 1 | DU87: 1013 | DV87: 10 деревьев или кустарников | DW87: 10 деревьев или кустарников | DX87: 1 | EE87: 86332330 | EF87: 30 | EG87: Строительные работы | EH87: 0 | EJ87: 1 | EK87: 1702 | EL87: ТСН-2001.3-47. 47-7-7, 47-34-12, 47-38-11, 47-67-2…47-67-8 (доп. 29) | EM87: ТСН-2001.3-47-20 | EO87: Попр.12.00.01.11.003 Попр.06.00.01.07.001 | EQ87: 0 | ER87: 0 | ES87: 3599.55 | ET87: 521.38 | EU87: 49.27 | EV87: 1804.12 | EW87: 148 | EX87: 0 | EY87: 0 | FQ87: 0 | FR87: 0 | FS87: 0 | FX87: 93 | FY87: 61 | GD87: 1 | GF87: 683315843 | GG87: 2 | GH87: 0 | GI87: -2 | GJ87: 0 | GK87: 0 | GL87: =ROUND(IF(AND(BH87=3,BI87=3,FS87<>0),P87,0),2) -> 0 | GM87: =ROUND(O87+X87+Y87,2)+GX87 -> 4211.46 | GN87: =IF(OR(BI87=0,BI87=1),GM87-GX87,0) -> 4211.46 | GO87: =IF(BI87=2,GM87-GX87,0) -> 0 | GP87: =IF(BI87=4,GM87-GX87,0) -> 0 | GR87: 0 | GS87: 3 | GT87: 0 | GV87: =(GT87) -> 0 | GW87: 1 | GX87: =ROUND(HC87*I87,2) -> 0 | HA87: 0 | HB87: 0 | HC87: =GV87*GW87 -> 0 | HS87: 0 | IK87: 0
A88: 17 | B88: 1 | C88: =ROW(SmtRes!A46) -> 46 | D88: =ROW(EtalonRes!A46) -> 46 | E88: 13 | F88: 3.47-34-8 | G88: Заготовка деревьев и кустарников с комом земли размером 1,0х1,0х0,6 м | H88: 10 деревьев или кустарников | I88: =ROUND(4/10,9) -> 0.4 | J88: 0 | K88: =ROUND(4/10,9) -> 0.4 | O88: =ROUND(CP88,2) -> 68526.06 | P88: =ROUND(CQ88*I88,2) -> 8638.92 | Q88: =ROUND(CR88*I88,2) -> 4680.69 | R88: =ROUND(CS88*I88,2) -> 1638.77 | S88: =ROUND(CT88*I88,2) -> 55206.45 | T88: =ROUND(CU88*I88,2) -> 0 | U88: =CV88*I88 -> 78.407736 | V88: =CW88*I88 -> 0 | W88: =ROUND(CX88*I88,2) -> 0 | X88: =ROUND(CY88,2) -> 52866.05 | Y88: =ROUND(CZ88,2) -> 34675.58 | AA88: 86495195 | AB88: =(AC88+AD88+AF88) -> 6598.6593 | AC88: =(ES88) -> 3599.55 | AD88: =((ET88*1.1*1.25)) -> 716.8975 | AE88: =((EU88*1.1*1.25)) -> 67.74625 | AF88: =((EV88*1.1*1.15)) -> 2282.2118 | AG88: =(AP88) -> 0 | AH88: =((EW88*1.1*1.15)) -> 187.22 | AI88: =((EX88*1.1*1.25)) -> 0 | AJ88: =(AS88) -> 0 | AK88: 0 | AL88: 3599.55 | AM88: 521.38 | AN88: 49.27 | AO88: 1804.12 | AP88: 0 | AQ88: 148 | AR88: 0 | AS88: 0 | AT88: 93 | AU88: 61 | AV88: 1.047 | AW88: 1 | AZ88: 1 | BA88: 57.76 | BB88: 15.59 | BC88: 6 | BH88: 0 | BI88: 1 | BJ88: 3.47-34-8 | BM88: 1702 | BN88: 0 | BO88: 3.47-34-8 | BP88: 1 | BQ88: 30 | BR88: 0 | BS88: 57.76 | BT88: 1 | BU88: 1 | BV88: 1 | BW88: 1 | BX88: 1 | BZ88: 93 | CA88: 61 | CE88: 0 | CF88: 0 | CG88: 0 | CM88: 0 | CN88: Поправка:стеснённые условия, пп. "в" Поправка:ТСН-2001.6-0 п. 1.15, прил. 2.2 п. 2.2.6 | CO88: 0 | CP88: =(P88+Q88+S88) -> 68526.06 | CQ88: =(AC88*BC88*AW88) -> 21597.3 | CR88: =(((ET88*1.1*1.25))*BB88*AV88) -> 11701.724 | CS88: =(AE88*BS88*AV88) -> 4096.9355 | CT88: =(AF88*BA88*AV88) -> 138016.12 | CU88: =AG88 -> 0 | CV88: =(AH88*AV88) -> 196.01934 | CW88: =AI88 -> 0 | CX88: =AJ88 -> 0 | CY88: =(S88+R88)*(BZ88/100) -> 52866.055 | CZ88: =(S88+R88)*(CA88/100) -> 34675.584 | DE88: *1,1*1,25 | DF88: *1,1*1,25 | DG88: *1,1*1,15 | DI88: *1,1*1,15 | DJ88: *1,1*1,25 | DN88: 93 | DO88: 61 | DP88: 1 | DQ88: 1 | DU88: 1013 | DV88: 10 деревьев или кустарников | DW88: 10 деревьев или кустарников | DX88: 1 | EE88: 86332330 | EF88: 30 | EG88: Строительные работы | EH88: 0 | EJ88: 1 | EK88: 1702 | EL88: ТСН-2001.3-47. 47-7-7, 47-34-12, 47-38-11, 47-67-2…47-67-8 (доп. 29) | EM88: ТСН-2001.3-47-20 | EO88: Попр.12.00.01.11.003 Попр.06.00.01.07.001 | EQ88: 0 | ER88: 0 | ES88: 3599.55 | ET88: 521.38 | EU88: 49.27 | EV88: 1804.12 | EW88: 148 | EX88: 0 | EY88: 0 | FQ88: 0 | FR88: 0 | FS88: 0 | FX88: 93 | FY88: 61 | GD88: 1 | GF88: 683315843 | GG88: 2 | GH88: 0 | GI88: -2 | GJ88: 0 | GK88: 0 | GL88: =ROUND(IF(AND(BH88=3,BI88=3,FS88<>0),P88,0),2) -> 0 | GM88: =ROUND(O88+X88+Y88,2)+GX88 -> 156067.69 | GN88: =IF(OR(BI88=0,BI88=1),GM88-GX88,0) -> 156067.69 | GO88: =IF(BI88=2,GM88-GX88,0) -> 0 | GP88: =IF(BI88=4,GM88-GX88,0) -> 0 | GR88: 0 | GS88: 3 | GT88: 0 | GV88: =(GT88) -> 0 | GW88: 6 | GX88: =ROUND(HC88*I88,2) -> 0 | HA88: 0 | HB88: 0 | HC88: =GV88*GW88 -> 0 | HS88: 0 | IK88: 0
A89: 17 | B89: 1 | E89: 14 | F89: 1.4-6-1 | G89: Земля растительная | H89: м3 | I89: =ROUND(2.4,9) -> 2.4 | J89: 0 | K89: =ROUND(2.4,9) -> 2.4 | O89: =ROUND(CP89,2) -> 300.79 | P89: =ROUND(CQ89*I89,2) -> 300.79 | Q89: =ROUND(CR89*I89,2) -> 0 | R89: =ROUND(CS89*I89,2) -> 0 | S89: =ROUND(CT89*I89,2) -> 0 | T89: =ROUND(CU89*I89,2) -> 0 | U89: =CV89*I89 -> 0 | V89: =CW89*I89 -> 0 | W89: =ROUND(CX89*I89,2) -> 0 | X89: =ROUND(CY89,2) -> 0 | Y89: =ROUND(CZ89,2) -> 0 | AA89: 86495194 | AB89: =(AC89+AD89+AF89) -> 125.33 | AC89: =(ES89) -> 125.33 | AD89: =(ET89) -> 0 | AE89: =(EU89) -> 0 | AF89: =(EV89) -> 0 | AG89: =(AP89) -> 0 | AH89: =(EW89) -> 0 | AI89: =(EX89) -> 0 | AJ89: =(AS89) -> 0 | AK89: 0 | AL89: 125.33 | AM89: 0 | AN89: 0 | AO89: 0 | AP89: 0 | AQ89: 0 | AR89: 0 | AS89: 0 | AT89: 93 | AU89: 61 | AV89: 1 | AW89: 1 | AZ89: 1 | BA89: 1 | BB89: 1 | BC89: 1 | BH89: 0 | BI89: 1 | BJ89: 1.4-6-1 | BM89: 1617 | BN89: 0 | BO89: 1.4-6-1 | BP89: 1 | BQ89: 200 | BR89: 0 | BS89: 1 | BT89: 1 | BU89: 1 | BV89: 1 | BW89: 1 | BX89: 1 | BZ89: 93 | CA89: 61 | CE89: 0 | CF89: 0 | CG89: 0 | CM89: 0 | CO89: 0 | CP89: =(P89+Q89+S89) -> 300.79 | CQ89: =(AC89*BC89*AW89) -> 125.33 | CR89: =((ET89)*BB89*AV89) -> 0 | CS89: =(AE89*BS89*AV89) -> 0 | CT89: =(AF89*BA89*AV89) -> 0 | CU89: =AG89 -> 0 | CV89: =(AH89*AV89) -> 0 | CW89: =AI89 -> 0 | CX89: =AJ89 -> 0 | CY89: =(((S89+R89)*BZ89)/100) -> 0 | CZ89: =(((S89+R89)*CA89)/100) -> 0 | DN89: 0 | DO89: 0 | DP89: 1 | DQ89: 1 | DU89: 1007 | DV89: м3 | DW89: м3 | DX89: 1 | EE89: 86332245 | EF89: 200 | EG89: Материалы строительные | EH89: 0 | EJ89: 1 | EK89: 1617 | EL89: ТСН-2001.1 Материалы строительные | EM89: ТСН-2001.1-1 | EQ89: 0 | ER89: 0 | ES89: 125.33 | ET89: 0 | EU89: 0 | EV89: 0 | EW89: 0 | EX89: 0 | EY89: 0 | FQ89: 0 | FR89: 0 | FS89: 0 | FX89: 93 | FY89: 61 | GD89: 1 | GF89: -2102258916 | GG89: 2 | GH89: 0 | GI89: -2 | GJ89: 0 | GK89: 0 | GL89: =ROUND(IF(AND(BH89=3,BI89=3,FS89<>0),P89,0),2) -> 0 | GM89: =ROUND(O89+X89+Y89,2)+GX89 -> 300.79 | GN89: =IF(OR(BI89=0,BI89=1),GM89-GX89,0) -> 300.79 | GO89: =IF(BI89=2,GM89-GX89,0) -> 0 | GP89: =IF(BI89=4,GM89-GX89,0) -> 0 | GR89: 0 | GS89: 3 | GT89: 0 | GV89: =(GT89) -> 0 | GW89: 1 | GX89: =ROUND(HC89*I89,2) -> 0 | HA89: 0 | HB89: 0 | HC89: =GV89*GW89 -> 0 | HS89: 0 | IK89: 0
A90: 17 | B90: 1 | E90: 14 | F90: 1.4-6-1 | G90: Земля растительная | H90: м3 | I90: =ROUND(2.4,9) -> 2.4 | J90: 0 | K90: =ROUND(2.4,9) -> 2.4 | O90: =ROUND(CP90,2) -> 2674.04 | P90: =ROUND(CQ90*I90,2) -> 2674.04 | Q90: =ROUND(CR90*I90,2) -> 0 | R90: =ROUND(CS90*I90,2) -> 0 | S90: =ROUND(CT90*I90,2) -> 0 | T90: =ROUND(CU90*I90,2) -> 0 | U90: =CV90*I90 -> 0 | V90: =CW90*I90 -> 0 | W90: =ROUND(CX90*I90,2) -> 0 | X90: =ROUND(CY90,2) -> 0 | Y90: =ROUND(CZ90,2) -> 0 | AA90: 86495195 | AB90: =(AC90+AD90+AF90) -> 125.33 | AC90: =(ES90) -> 125.33 | AD90: =(ET90) -> 0 | AE90: =(EU90) -> 0 | AF90: =(EV90) -> 0 | AG90: =(AP90) -> 0 | AH90: =(EW90) -> 0 | AI90: =(EX90) -> 0 | AJ90: =(AS90) -> 0 | AK90: 0 | AL90: 125.33 | AM90: 0 | AN90: 0 | AO90: 0 | AP90: 0 | AQ90: 0 | AR90: 0 | AS90: 0 | AT90: 93 | AU90: 61 | AV90: 1 | AW90: 1 | AZ90: 1 | BA90: 1 | BB90: 1 | BC90: 8.89 | BH90: 0 | BI90: 1 | BJ90: 1.4-6-1 | BM90: 1617 | BN90: 0 | BO90: 1.4-6-1 | BP90: 1 | BQ90: 200 | BR90: 0 | BS90: 1 | BT90: 1 | BU90: 1 | BV90: 1 | BW90: 1 | BX90: 1 | BZ90: 93 | CA90: 61 | CE90: 0 | CF90: 0 | CG90: 0 | CM90: 0 | CO90: 0 | CP90: =(P90+Q90+S90) -> 2674.04 | CQ90: =(AC90*BC90*AW90) -> 1114.1837 | CR90: =((ET90)*BB90*AV90) -> 0 | CS90: =(AE90*BS90*AV90) -> 0 | CT90: =(AF90*BA90*AV90) -> 0 | CU90: =AG90 -> 0 | CV90: =(AH90*AV90) -> 0 | CW90: =AI90 -> 0 | CX90: =AJ90 -> 0 | CY90: =(S90+R90)*(BZ90/100) -> 0 | CZ90: =(S90+R90)*(CA90/100) -> 0 | DN90: 93 | DO90: 61 | DP90: 1 | DQ90: 1 | DU90: 1007 | DV90: м3 | DW90: м3 | DX90: 1 | EE90: 86332245 | EF90: 200 | EG90: Материалы строительные | EH90: 0 | EJ90: 1 | EK90: 1617 | EL90: ТСН-2001.1 Материалы строительные | EM90: ТСН-2001.1-1 | EQ90: 0 | ER90: 0 | ES90: 125.33 | ET90: 0 | EU90: 0 | EV90: 0 | EW90: 0 | EX90: 0 | EY90: 0 | FQ90: 0 | FR90: 0 | FS90: 0 | FX90: 93 | FY90: 61 | GD90: 1 | GF90: -2102258916 | GG90: 2 | GH90: 0 | GI90: -2 | GJ90: 0 | GK90: 0 | GL90: =ROUND(IF(AND(BH90=3,BI90=3,FS90<>0),P90,0),2) -> 0 | GM90: =ROUND(O90+X90+Y90,2)+GX90 -> 2674.04 | GN90: =IF(OR(BI90=0,BI90=1),GM90-GX90,0) -> 2674.04 | GO90: =IF(BI90=2,GM90-GX90,0) -> 0 | GP90: =IF(BI90=4,GM90-GX90,0) -> 0 | GR90: 0 | GS90: 3 | GT90: 0 | GV90: =(GT90) -> 0 | GW90: 8.89 | GX90: =ROUND(HC90*I90,2) -> 0 | HA90: 0 | HB90: 0 | HC90: =GV90*GW90 -> 0 | HS90: 0 | IK90: 0
A91: 17 | B91: 1 | C91: =ROW(SmtRes!A47) -> 47 | D91: =ROW(EtalonRes!A47) -> 47 | E91: 15 | F91: 3.47-5-11 | G91: Подготовка стандартных посадочных мест вручную с квадратным комом земли размером 1,0х1,0х0,6 м в естественном грунте | H91: 10 ям | I91: =ROUND(4/10,9) -> 0.4 | J91: 0 | K91: =ROUND(4/10,9) -> 0.4 | O91: =ROUND(CP91,2) -> 233.96 | P91: =ROUND(CQ91*I91,2) -> 0 | Q91: =ROUND(CR91*I91,2) -> 0 | R91: =ROUND(CS91*I91,2) -> 0 | S91: =ROUND(CT91*I91,2) -> 233.96 | T91: =ROUND(CU91*I91,2) -> 0 | U91: =CV91*I91 -> 22.89188 | V91: =CW91*I91 -> 0 | W91: =ROUND(CX91*I91,2) -> 0 | X91: =ROUND(CY91,2) -> 217.58 | Y91: =ROUND(CZ91,2) -> 142.72 | AA91: 86495194 | AB91: =(AC91+AD91+AF91) -> 558.63665 | AC91: =(ES91) -> 0 | AD91: =((ET91*1.1*1.25)) -> 0 | AE91: =((EU91*1.1*1.25)) -> 0 | AF91: =((EV91*1.1*1.15)) -> 558.63665 | AG91: =(AP91) -> 0 | AH91: =((EW91*1.1*1.15)) -> 54.66065 | AI91: =((EX91*1.1*1.25)) -> 0 | AJ91: =(AS91) -> 0 | AK91: 0 | AL91: 0 | AM91: 0 | AN91: 0 | AO91: 441.61 | AP91: 0 | AQ91: 43.21 | AR91: 0 | AS91: 0 | AT91: 93 | AU91: 61 | AV91: 1.047 | AW91: 1 | AZ91: 1 | BA91: 1 | BB91: 1 | BC91: 1 | BH91: 0 | BI91: 1 | BJ91: 3.47-5-11 | BM91: 292 | BN91: 0 | BO91: 3.47-5-11 | BP91: 1 | BQ91: 30 | BR91: 0 | BS91: 1 | BT91: 1 | BU91: 1 | BV91: 1 | BW91: 1 | BX91: 1 | BZ91: 93 | CA91: 61 | CE91: 0 | CF91: 0 | CG91: 0 | CM91: 0 | CN91: Поправка:стеснённые условия, пп. "в" Поправка:ТСН-2001.6-0 п. 1.15, прил. 2.2 п. 2.2.6 | CO91: 0 | CP91: =(P91+Q91+S91) -> 233.96 | CQ91: =(AC91*BC91*AW91) -> 0 | CR91: =(((ET91*1.1*1.25))*BB91*AV91) -> 0 | CS91: =(AE91*BS91*AV91) -> 0 | CT91: =(AF91*BA91*AV91) -> 584.89257 | CU91: =AG91 -> 0 | CV91: =(AH91*AV91) -> 57.229701 | CW91: =AI91 -> 0 | CX91: =AJ91 -> 0 | CY91: =(((S91+R91)*BZ91)/100) -> 217.5828 | CZ91: =(((S91+R91)*CA91)/100) -> 142.7156 | DE91: *1,1*1,25 | DF91: *1,1*1,25 | DG91: *1,1*1,15 | DI91: *1,1*1,15 | DJ91: *1,1*1,25 | DN91: 0 | DO91: 0 | DP91: 1 | DQ91: 1 | DU91: 1013 | DV91: 10 ям | DW91: 10 ям | DX91: 1 | EE91: 86330920 | EF91: 30 | EG91: Строительные работы | EH91: 0 | EJ91: 1 | EK91: 292 | EL91: ТСН-2001.3-47. 47-1...47-8 | EM91: ТСН-2001.3-47-1 | EO91: Попр.12.00.01.11.003 Попр.06.00.01.07.001 | EQ91: 0 | ER91: 0 | ES91: 0 | ET91: 0 | EU91: 0 | EV91: 441.61 | EW91: 43.21 | EX91: 0 | EY91: 0 | FQ91: 0 | FR91: 0 | FS91: 0 | FX91: 93 | FY91: 61 | GD91: 1 | GF91: 1518325015 | GG91: 2 | GH91: 0 | GI91: -2 | GJ91: 0 | GK91: 0 | GL91: =ROUND(IF(AND(BH91=3,BI91=3,FS91<>0),P91,0),2) -> 0 | GM91: =ROUND(O91+X91+Y91,2)+GX91 -> 594.26 | GN91: =IF(OR(BI91=0,BI91=1),GM91-GX91,0) -> 594.26 | GO91: =IF(BI91=2,GM91-GX91,0) -> 0 | GP91: =IF(BI91=4,GM91-GX91,0) -> 0 | GR91: 0 | GS91: 3 | GT91: 0 | GV91: =(GT91) -> 0 | GW91: 1 | GX91: =ROUND(HC91*I91,2) -> 0 | HA91: 0 | HB91: 0 | HC91: =GV91*GW91 -> 0 | HS91: 0 | IK91: 0
A92: 17 | B92: 1 | C92: =ROW(SmtRes!A48) -> 48 | D92: =ROW(EtalonRes!A48) -> 48 | E92: 15 | F92: 3.47-5-11 | G92: Подготовка стандартных посадочных мест вручную с квадратным комом земли размером 1,0х1,0х0,6 м в естественном грунте | H92: 10 ям | I92: =ROUND(4/10,9) -> 0.4 | J92: 0 | K92: =ROUND(4/10,9) -> 0.4 | O92: =ROUND(CP92,2) -> 13513.36 | P92: =ROUND(CQ92*I92,2) -> 0 | Q92: =ROUND(CR92*I92,2) -> 0 | R92: =ROUND(CS92*I92,2) -> 0 | S92: =ROUND(CT92*I92,2) -> 13513.36 | T92: =ROUND(CU92*I92,2) -> 0 | U92: =CV92*I92 -> 22.89188 | V92: =CW92*I92 -> 0 | W92: =ROUND(CX92*I92,2) -> 0 | X92: =ROUND(CY92,2) -> 12567.42 | Y92: =ROUND(CZ92,2) -> 8243.15 | AA92: 86495195 | AB92: =(AC92+AD92+AF92) -> 558.63665 | AC92: =(ES92) -> 0 | AD92: =((ET92*1.1*1.25)) -> 0 | AE92: =((EU92*1.1*1.25)) -> 0 | AF92: =((EV92*1.1*1.15)) -> 558.63665 | AG92: =(AP92) -> 0 | AH92: =((EW92*1.1*1.15)) -> 54.66065 | AI92: =((EX92*1.1*1.25)) -> 0 | AJ92: =(AS92) -> 0 | AK92: 0 | AL92: 0 | AM92: 0 | AN92: 0 | AO92: 441.61 | AP92: 0 | AQ92: 43.21 | AR92: 0 | AS92: 0 | AT92: 93 | AU92: 61 | AV92: 1.047 | AW92: 1 | AZ92: 1 | BA92: 57.76 | BB92: 1 | BC92: 1 | BH92: 0 | BI92: 1 | BJ92: 3.47-5-11 | BM92: 292 | BN92: 0 | BO92: 3.47-5-11 | BP92: 1 | BQ92: 30 | BR92: 0 | BS92: 57.76 | BT92: 1 | BU92: 1 | BV92: 1 | BW92: 1 | BX92: 1 | BZ92: 93 | CA92: 61 | CE92: 0 | CF92: 0 | CG92: 0 | CM92: 0 | CN92: Поправка:стеснённые условия, пп. "в" Поправка:ТСН-2001.6-0 п. 1.15, прил. 2.2 п. 2.2.6 | CO92: 0 | CP92: =(P92+Q92+S92) -> 13513.36 | CQ92: =(AC92*BC92*AW92) -> 0 | CR92: =(((ET92*1.1*1.25))*BB92*AV92) -> 0 | CS92: =(AE92*BS92*AV92) -> 0 | CT92: =(AF92*BA92*AV92) -> 33783.395 | CU92: =AG92 -> 0 | CV92: =(AH92*AV92) -> 57.229701 | CW92: =AI92 -> 0 | CX92: =AJ92 -> 0 | CY92: =(S92+R92)*(BZ92/100) -> 12567.425 | CZ92: =(S92+R92)*(CA92/100) -> 8243.1496 | DE92: *1,1*1,25 | DF92: *1,1*1,25 | DG92: *1,1*1,15 | DI92: *1,1*1,15 | DJ92: *1,1*1,25 | DN92: 93 | DO92: 61 | DP92: 1 | DQ92: 1 | DU92: 1013 | DV92: 10 ям | DW92: 10 ям | DX92: 1 | EE92: 86330920 | EF92: 30 | EG92: Строительные работы | EH92: 0 | EJ92: 1 | EK92: 292 | EL92: ТСН-2001.3-47. 47-1...47-8 | EM92: ТСН-2001.3-47-1 | EO92: Попр.12.00.01.11.003 Попр.06.00.01.07.001 | EQ92: 0 | ER92: 0 | ES92: 0 | ET92: 0 | EU92: 0 | EV92: 441.61 | EW92: 43.21 | EX92: 0 | EY92: 0 | FQ92: 0 | FR92: 0 | FS92: 0 | FX92: 93 | FY92: 61 | GD92: 1 | GF92: 1518325015 | GG92: 2 | GH92: 0 | GI92: -2 | GJ92: 0 | GK92: 0 | GL92: =ROUND(IF(AND(BH92=3,BI92=3,FS92<>0),P92,0),2) -> 0 | GM92: =ROUND(O92+X92+Y92,2)+GX92 -> 34323.93 | GN92: =IF(OR(BI92=0,BI92=1),GM92-GX92,0) -> 34323.93 | GO92: =IF(BI92=2,GM92-GX92,0) -> 0 | GP92: =IF(BI92=4,GM92-GX92,0) -> 0 | GR92: 0 | GS92: 3 | GT92: 0 | GV92: =(GT92) -> 0 | GW92: 1 | GX92: =ROUND(HC92*I92,2) -> 0 | HA92: 0 | HB92: 0 | HC92: =GV92*GW92 -> 0 | HS92: 0 | IK92: 0
A93: 17 | B93: 1 | C93: =ROW(SmtRes!A56) -> 56 | D93: =ROW(EtalonRes!A56) -> 56 | E93: 16 | F93: 3.47-7-7 | G93: Посадка деревьев и кустарников с комом земли размером 1,0х1,0х0,6 м | H93: 10 деревьев или кустарников | I93: =ROUND(4/10,9) -> 0.4 | J93: 0 | K93: =ROUND(4/10,9) -> 0.4 | O93: =ROUND(CP93,2) -> 644.42 | P93: =ROUND(CQ93*I93,2) -> 29.98 | Q93: =ROUND(CR93*I93,2) -> 303.51 | R93: =ROUND(CS93*I93,2) -> 28.14 | S93: =ROUND(CT93*I93,2) -> 310.93 | T93: =ROUND(CU93*I93,2) -> 0 | U93: =CV93*I93 -> 25.217623 | V93: =CW93*I93 -> 0 | W93: =ROUND(CX93*I93,2) -> 0 | X93: =ROUND(CY93,2) -> 315.34 | Y93: =ROUND(CZ93,2) -> 206.83 | AA93: 86495194 | AB93: =(AC93+AD93+AF93) -> 1542.1224 | AC93: =(ES93) -> 74.96 | AD93: =((ET93*1.1*1.25)) -> 724.72125 | AE93: =((EU93*1.1*1.25)) -> 67.1825 | AF93: =((EV93*1.1*1.15)) -> 742.44115 | AG93: =(AP93) -> 0 | AH93: =((EW93*1.1*1.15)) -> 60.214 | AI93: =((EX93*1.1*1.25)) -> 0 | AJ93: =(AS93) -> 0 | AK93: 0 | AL93: 74.96 | AM93: 527.07 | AN93: 48.86 | AO93: 586.91 | AP93: 0 | AQ93: 47.6 | AR93: 0 | AS93: 0 | AT93: 93 | AU93: 61 | AV93: 1.047 | AW93: 1 | AZ93: 1 | BA93: 1 | BB93: 1 | BC93: 1 | BH93: 0 | BI93: 1 | BJ93: 3.47-7-7 | BM93: 1702 | BN93: 0 | BO93: 3.47-7-7 | BP93: 1 | BQ93: 30 | BR93: 0 | BS93: 1 | BT93: 1 | BU93: 1 | BV93: 1 | BW93: 1 | BX93: 1 | BZ93: 93 | CA93: 61 | CE93: 0 | CF93: 0 | CG93: 0 | CM93: 0 | CN93: Поправка:стеснённые условия, пп. "в" Поправка:ТСН-2001.6-0 п. 1.15, прил. 2.2 п. 2.2.6 | CO93: 0 | CP93: =(P93+Q93+S93) -> 644.42 | CQ93: =(AC93*BC93*AW93) -> 74.96 | CR93: =(((ET93*1.1*1.25))*BB93*AV93) -> 758.78315 | CS93: =(AE93*BS93*AV93) -> 70.340078 | CT93: =(AF93*BA93*AV93) -> 777.33588 | CU93: =AG93 -> 0 | CV93: =(AH93*AV93) -> 63.044058 | CW93: =AI93 -> 0 | CX93: =AJ93 -> 0 | CY93: =(((S93+R93)*BZ93)/100) -> 315.3351 | CZ93: =(((S93+R93)*CA93)/100) -> 206.8327 | DE93: *1,1*1,25 | DF93: *1,1*1,25 | DG93: *1,1*1,15 | DI93: *1,1*1,15 | DJ93: *1,1*1,25 | DN93: 0 | DO93: 0 | DP93: 1 | DQ93: 1 | DU93: 1013 | DV93: 10 деревьев или кустарников | DW93: 10 деревьев или кустарников | DX93: 1 | EE93: 86332330 | EF93: 30 | EG93: Строительные работы | EH93: 0 | EJ93: 1 | EK93: 1702 | EL93: ТСН-2001.3-47. 47-7-7, 47-34-12, 47-38-11, 47-67-2…47-67-8 (доп. 29) | EM93: ТСН-2001.3-47-20 | EO93: Попр.12.00.01.11.003 Попр.06.00.01.07.001 | EQ93: 0 | ER93: 0 | ES93: 74.96 | ET93: 527.07 | EU93: 48.86 | EV93: 586.91 | EW93: 47.6 | EX93: 0 | EY93: 0 | FQ93: 0 | FR93: 0 | FS93: 0 | FX93: 93 | FY93: 61 | GD93: 1 | GF93: -1608682128 | GG93: 2 | GH93: 0 | GI93: -2 | GJ93: 0 | GK93: 0 | GL93: =ROUND(IF(AND(BH93=3,BI93=3,FS93<>0),P93,0),2) -> 0 | GM93: =ROUND(O93+X93+Y93,2)+GX93 -> 1166.59 | GN93: =IF(OR(BI93=0,BI93=1),GM93-GX93,0) -> 1166.59 | GO93: =IF(BI93=2,GM93-GX93,0) -> 0 | GP93: =IF(BI93=4,GM93-GX93,0) -> 0 | GR93: 0 | GS93: 3 | GT93: 0 | GV93: =(GT93) -> 0 | GW93: 1 | GX93: =ROUND(HC93*I93,2) -> 0 | HA93: 0 | HB93: 0 | HC93: =GV93*GW93 -> 0 | HS93: 0 | IK93: 0
A94: 17 | B94: 1 | C94: =ROW(SmtRes!A64) -> 64 | D94: =ROW(EtalonRes!A64) -> 64 | E94: 16 | F94: 3.47-7-7 | G94: Посадка деревьев и кустарников с комом земли размером 1,0х1,0х0,6 м | H94: 10 деревьев или кустарников | I94: =ROUND(4/10,9) -> 0.4 | J94: 0 | K94: =ROUND(4/10,9) -> 0.4 | O94: =ROUND(CP94,2) -> 22879.73 | P94: =ROUND(CQ94*I94,2) -> 255.16 | Q94: =ROUND(CR94*I94,2) -> 4665 | R94: =ROUND(CS94*I94,2) -> 1625.14 | S94: =ROUND(CT94*I94,2) -> 17959.57 | T94: =ROUND(CU94*I94,2) -> 0 | U94: =CV94*I94 -> 25.217623 | V94: =CW94*I94 -> 0 | W94: =ROUND(CX94*I94,2) -> 0 | X94: =ROUND(CY94,2) -> 18213.78 | Y94: =ROUND(CZ94,2) -> 11946.67 | AA94: 86495195 | AB94: =(AC94+AD94+AF94) -> 1542.1224 | AC94: =(ES94) -> 74.96 | AD94: =((ET94*1.1*1.25)) -> 724.72125 | AE94: =((EU94*1.1*1.25)) -> 67.1825 | AF94: =((EV94*1.1*1.15)) -> 742.44115 | AG94: =(AP94) -> 0 | AH94: =((EW94*1.1*1.15)) -> 60.214 | AI94: =((EX94*1.1*1.25)) -> 0 | AJ94: =(AS94) -> 0 | AK94: 0 | AL94: 74.96 | AM94: 527.07 | AN94: 48.86 | AO94: 586.91 | AP94: 0 | AQ94: 47.6 | AR94: 0 | AS94: 0 | AT94: 93 | AU94: 61 | AV94: 1.047 | AW94: 1 | AZ94: 1 | BA94: 57.76 | BB94: 15.37 | BC94: 8.51 | BH94: 0 | BI94: 1 | BJ94: 3.47-7-7 | BM94: 1702 | BN94: 0 | BO94: 3.47-7-7 | BP94: 1 | BQ94: 30 | BR94: 0 | BS94: 57.76 | BT94: 1 | BU94: 1 | BV94: 1 | BW94: 1 | BX94: 1 | BZ94: 93 | CA94: 61 | CE94: 0 | CF94: 0 | CG94: 0 | CM94: 0 | CN94: Поправка:стеснённые условия, пп. "в" Поправка:ТСН-2001.6-0 п. 1.15, прил. 2.2 п. 2.2.6 | CO94: 0 | CP94: =(P94+Q94+S94) -> 22879.73 | CQ94: =(AC94*BC94*AW94) -> 637.9096 | CR94: =(((ET94*1.1*1.25))*BB94*AV94) -> 11662.497 | CS94: =(AE94*BS94*AV94) -> 4062.8429 | CT94: =(AF94*BA94*AV94) -> 44898.921 | CU94: =AG94 -> 0 | CV94: =(AH94*AV94) -> 63.044058 | CW94: =AI94 -> 0 | CX94: =AJ94 -> 0 | CY94: =(S94+R94)*(BZ94/100) -> 18213.78 | CZ94: =(S94+R94)*(CA94/100) -> 11946.673 | DE94: *1,1*1,25 | DF94: *1,1*1,25 | DG94: *1,1*1,15 | DI94: *1,1*1,15 | DJ94: *1,1*1,25 | DN94: 93 | DO94: 61 | DP94: 1 | DQ94: 1 | DU94: 1013 | DV94: 10 деревьев или кустарников | DW94: 10 деревьев или кустарников | DX94: 1 | EE94: 86332330 | EF94: 30 | EG94: Строительные работы | EH94: 0 | EJ94: 1 | EK94: 1702 | EL94: ТСН-2001.3-47. 47-7-7, 47-34-12, 47-38-11, 47-67-2…47-67-8 (доп. 29) | EM94: ТСН-2001.3-47-20 | EO94: Попр.12.00.01.11.003 Попр.06.00.01.07.001 | EQ94: 0 | ER94: 0 | ES94: 74.96 | ET94: 527.07 | EU94: 48.86 | EV94: 586.91 | EW94: 47.6 | EX94: 0 | EY94: 0 | FQ94: 0 | FR94: 0 | FS94: 0 | FX94: 93 | FY94: 61 | GD94: 1 | GF94: -1608682128 | GG94: 2 | GH94: 0 | GI94: -2 | GJ94: 0 | GK94: 0 | GL94: =ROUND(IF(AND(BH94=3,BI94=3,FS94<>0),P94,0),2) -> 0 | GM94: =ROUND(O94+X94+Y94,2)+GX94 -> 53040.18 | GN94: =IF(OR(BI94=0,BI94=1),GM94-GX94,0) -> 53040.18 | GO94: =IF(BI94=2,GM94-GX94,0) -> 0 | GP94: =IF(BI94=4,GM94-GX94,0) -> 0 | GR94: 0 | GS94: 3 | GT94: 0 | GV94: =(GT94) -> 0 | GW94: 8.51 | GX94: =ROUND(HC94*I94,2) -> 0 | HA94: 0 | HB94: 0 | HC94: =GV94*GW94 -> 0 | HS94: 0 | IK94: 0
A95: 17 | B95: 1 | C95: =ROW(SmtRes!A70) -> 70 | D95: =ROW(EtalonRes!A70) -> 70 | E95: 17 | F95: 3.47-34-6 | G95: Заготовка деревьев и кустарников с комом земли размером 0,5х0,5х 0,4 м | H95: 10 деревьев или кустарников | I95: =ROUND(58/10,9) -> 5.8 | J95: 0 | K95: =ROUND(58/10,9) -> 5.8 | O95: =ROUND(CP95,2) -> 11419.41 | P95: =ROUND(CQ95*I95,2) -> 3080.79 | Q95: =ROUND(CR95*I95,2) -> 1002.31 | R95: =ROUND(CS95*I95,2) -> 94.69 | S95: =ROUND(CT95*I95,2) -> 7336.31 | T95: =ROUND(CU95*I95,2) -> 0 | U95: =CV95*I95 -> 555.78105 | V95: =CW95*I95 -> 0 | W95: =ROUND(CX95*I95,2) -> 0 | X95: =ROUND(CY95,2) -> 6910.83 | Y95: =ROUND(CZ95,2) -> 4532.91 | AA95: 86495194 | AB95: =(AC95+AD95+AF95) -> 1904.3253 | AC95: =(ES95) -> 531.17 | AD95: =((ET95*1.1*1.25)) -> 165.055 | AE95: =((EU95*1.1*1.25)) -> 15.5925 | AF95: =((EV95*1.1*1.15)) -> 1208.1003 | AG95: =(AP95) -> 0 | AH95: =((EW95*1.1*1.15)) -> 91.52275 | AI95: =((EX95*1.1*1.25)) -> 0 | AJ95: =(AS95) -> 0 | AK95: 0 | AL95: 531.17 | AM95: 120.04 | AN95: 11.34 | AO95: 955.02 | AP95: 0 | AQ95: 72.35 | AR95: 0 | AS95: 0 | AT95: 93 | AU95: 61 | AV95: 1.047 | AW95: 1 | AZ95: 1 | BA95: 1 | BB95: 1 | BC95: 1 | BH95: 0 | BI95: 1 | BJ95: 3.47-34-6 | BM95: 1702 | BN95: 0 | BO95: 3.47-34-6 | BP95: 1 | BQ95: 30 | BR95: 0 | BS95: 1 | BT95: 1 | BU95: 1 | BV95: 1 | BW95: 1 | BX95: 1 | BZ95: 93 | CA95: 61 | CE95: 0 | CF95: 0 | CG95: 0 | CM95: 0 | CN95: Поправка:стеснённые условия, пп. "в" Поправка:ТСН-2001.6-0 п. 1.15, прил. 2.2 п. 2.2.6 | CO95: 0 | CP95: =(P95+Q95+S95) -> 11419.41 | CQ95: =(AC95*BC95*AW95) -> 531.17 | CR95: =(((ET95*1.1*1.25))*BB95*AV95) -> 172.81259 | CS95: =(AE95*BS95*AV95) -> 16.325347 | CT95: =(AF95*BA95*AV95) -> 1264.881 | CU95: =AG95 -> 0 | CV95: =(AH95*AV95) -> 95.824319 | CW95: =AI95 -> 0 | CX95: =AJ95 -> 0 | CY95: =(((S95+R95)*BZ95)/100) -> 6910.83 | CZ95: =(((S95+R95)*CA95)/100) -> 4532.91 | DE95: *1,1*1,25 | DF95: *1,1*1,25 | DG95: *1,1*1,15 | DI95: *1,1*1,15 | DJ95: *1,1*1,25 | DN95: 0 | DO95: 0 | DP95: 1 | DQ95: 1 | DU95: 1013 | DV95: 10 деревьев или кустарников | DW95: 10 деревьев или кустарников | DX95: 1 | EE95: 86332330 | EF95: 30 | EG95: Строительные работы | EH95: 0 | EJ95: 1 | EK95: 1702 | EL95: ТСН-2001.3-47. 47-7-7, 47-34-12, 47-38-11, 47-67-2…47-67-8 (доп. 29) | EM95: ТСН-2001.3-47-20 | EO95: Попр.12.00.01.11.003 Попр.06.00.01.07.001 | EQ95: 0 | ER95: 0 | ES95: 531.17 | ET95: 120.04 | EU95: 11.34 | EV95: 955.02 | EW95: 72.35 | EX95: 0 | EY95: 0 | FQ95: 0 | FR95: 0 | FS95: 0 | FX95: 93 | FY95: 61 | GD95: 1 | GF95: 798623534 | GG95: 2 | GH95: 0 | GI95: -2 | GJ95: 0 | GK95: 0 | GL95: =ROUND(IF(AND(BH95=3,BI95=3,FS95<>0),P95,0),2) -> 0 | GM95: =ROUND(O95+X95+Y95,2)+GX95 -> 22863.15 | GN95: =IF(OR(BI95=0,BI95=1),GM95-GX95,0) -> 22863.15 | GO95: =IF(BI95=2,GM95-GX95,0) -> 0 | GP95: =IF(BI95=4,GM95-GX95,0) -> 0 | GR95: 0 | GS95: 3 | GT95: 0 | GV95: =(GT95) -> 0 | GW95: 1 | GX95: =ROUND(HC95*I95,2) -> 0 | HA95: 0 | HB95: 0 | HC95: =GV95*GW95 -> 0 | HS95: 0 | IK95: 0
A96: 17 | B96: 1 | C96: =ROW(SmtRes!A76) -> 76 | D96: =ROW(EtalonRes!A76) -> 76 | E96: 17 | F96: 3.47-34-6 | G96: Заготовка деревьев и кустарников с комом земли размером 0,5х0,5х 0,4 м | H96: 10 деревьев или кустарников | I96: =ROUND(58/10,9) -> 5.8 | J96: 0 | K96: =ROUND(58/10,9) -> 5.8 | O96: =ROUND(CP96,2) -> 462970.14 | P96: =ROUND(CQ96*I96,2) -> 23598.82 | Q96: =ROUND(CR96*I96,2) -> 15626.06 | R96: =ROUND(CS96*I96,2) -> 5469.12 | S96: =ROUND(CT96*I96,2) -> 423745.26 | T96: =ROUND(CU96*I96,2) -> 0 | U96: =CV96*I96 -> 555.78105 | V96: =CW96*I96 -> 0 | W96: =ROUND(CX96*I96,2) -> 0 | X96: =ROUND(CY96,2) -> 399169.37 | Y96: =ROUND(CZ96,2) -> 261820.77 | AA96: 86495195 | AB96: =(AC96+AD96+AF96) -> 1904.3253 | AC96: =(ES96) -> 531.17 | AD96: =((ET96*1.1*1.25)) -> 165.055 | AE96: =((EU96*1.1*1.25)) -> 15.5925 | AF96: =((EV96*1.1*1.15)) -> 1208.1003 | AG96: =(AP96) -> 0 | AH96: =((EW96*1.1*1.15)) -> 91.52275 | AI96: =((EX96*1.1*1.25)) -> 0 | AJ96: =(AS96) -> 0 | AK96: 0 | AL96: 531.17 | AM96: 120.04 | AN96: 11.34 | AO96: 955.02 | AP96: 0 | AQ96: 72.35 | AR96: 0 | AS96: 0 | AT96: 93 | AU96: 61 | AV96: 1.047 | AW96: 1 | AZ96: 1 | BA96: 57.76 | BB96: 15.59 | BC96: 7.66 | BH96: 0 | BI96: 1 | BJ96: 3.47-34-6 | BM96: 1702 | BN96: 0 | BO96: 3.47-34-6 | BP96: 1 | BQ96: 30 | BR96: 0 | BS96: 57.76 | BT96: 1 | BU96: 1 | BV96: 1 | BW96: 1 | BX96: 1 | BZ96: 93 | CA96: 61 | CE96: 0 | CF96: 0 | CG96: 0 | CM96: 0 | CN96: Поправка:стеснённые условия, пп. "в" Поправка:ТСН-2001.6-0 п. 1.15, прил. 2.2 п. 2.2.6 | CO96: 0 | CP96: =(P96+Q96+S96) -> 462970.14 | CQ96: =(AC96*BC96*AW96) -> 4068.7622 | CR96: =(((ET96*1.1*1.25))*BB96*AV96) -> 2694.1482 | CS96: =(AE96*BS96*AV96) -> 942.95207 | CT96: =(AF96*BA96*AV96) -> 73059.527 | CU96: =AG96 -> 0 | CV96: =(AH96*AV96) -> 95.824319 | CW96: =AI96 -> 0 | CX96: =AJ96 -> 0 | CY96: =(S96+R96)*(BZ96/100) -> 399169.37 | CZ96: =(S96+R96)*(CA96/100) -> 261820.77 | DE96: *1,1*1,25 | DF96: *1,1*1,25 | DG96: *1,1*1,15 | DI96: *1,1*1,15 | DJ96: *1,1*1,25 | DN96: 93 | DO96: 61 | DP96: 1 | DQ96: 1 | DU96: 1013 | DV96: 10 деревьев или кустарников | DW96: 10 деревьев или кустарников | DX96: 1 | EE96: 86332330 | EF96: 30 | EG96: Строительные работы | EH96: 0 | EJ96: 1 | EK96: 1702 | EL96: ТСН-2001.3-47. 47-7-7, 47-34-12, 47-38-11, 47-67-2…47-67-8 (доп. 29) | EM96: ТСН-2001.3-47-20 | EO96: Попр.12.00.01.11.003 Попр.06.00.01.07.001 | EQ96: 0 | ER96: 0 | ES96: 531.17 | ET96: 120.04 | EU96: 11.34 | EV96: 955.02 | EW96: 72.35 | EX96: 0 | EY96: 0 | FQ96: 0 | FR96: 0 | FS96: 0 | FX96: 93 | FY96: 61 | GD96: 1 | GF96: 798623534 | GG96: 2 | GH96: 0 | GI96: -2 | GJ96: 0 | GK96: 0 | GL96: =ROUND(IF(AND(BH96=3,BI96=3,FS96<>0),P96,0),2) -> 0 | GM96: =ROUND(O96+X96+Y96,2)+GX96 -> 1123960.3 | GN96: =IF(OR(BI96=0,BI96=1),GM96-GX96,0) -> 1123960.3 | GO96: =IF(BI96=2,GM96-GX96,0) -> 0 | GP96: =IF(BI96=4,GM96-GX96,0) -> 0 | GR96: 0 | GS96: 3 | GT96: 0 | GV96: =(GT96) -> 0 | GW96: 7.66 | GX96: =ROUND(HC96*I96,2) -> 0 | HA96: 0 | HB96: 0 | HC96: =GV96*GW96 -> 0 | HS96: 0 | IK96: 0
A97: 17 | B97: 1 | E97: 18 | F97: 1.4-6-1 | G97: Земля растительная | H97: м3 | I97: =ROUND(5.8,9) -> 5.8 | J97: 0 | K97: =ROUND(5.8,9) -> 5.8 | O97: =ROUND(CP97,2) -> 726.91 | P97: =ROUND(CQ97*I97,2) -> 726.91 | Q97: =ROUND(CR97*I97,2) -> 0 | R97: =ROUND(CS97*I97,2) -> 0 | S97: =ROUND(CT97*I97,2) -> 0 | T97: =ROUND(CU97*I97,2) -> 0 | U97: =CV97*I97 -> 0 | V97: =CW97*I97 -> 0 | W97: =ROUND(CX97*I97,2) -> 0 | X97: =ROUND(CY97,2) -> 0 | Y97: =ROUND(CZ97,2) -> 0 | AA97: 86495194 | AB97: =(AC97+AD97+AF97) -> 125.33 | AC97: =(ES97) -> 125.33 | AD97: =(ET97) -> 0 | AE97: =(EU97) -> 0 | AF97: =(EV97) -> 0 | AG97: =(AP97) -> 0 | AH97: =(EW97) -> 0 | AI97: =(EX97) -> 0 | AJ97: =(AS97) -> 0 | AK97: 0 | AL97: 125.33 | AM97: 0 | AN97: 0 | AO97: 0 | AP97: 0 | AQ97: 0 | AR97: 0 | AS97: 0 | AT97: 93 | AU97: 61 | AV97: 1 | AW97: 1 | AZ97: 1 | BA97: 1 | BB97: 1 | BC97: 1 | BH97: 0 | BI97: 1 | BJ97: 1.4-6-1 | BM97: 1617 | BN97: 0 | BO97: 1.4-6-1 | BP97: 1 | BQ97: 200 | BR97: 0 | BS97: 1 | BT97: 1 | BU97: 1 | BV97: 1 | BW97: 1 | BX97: 1 | BZ97: 93 | CA97: 61 | CE97: 0 | CF97: 0 | CG97: 0 | CM97: 0 | CO97: 0 | CP97: =(P97+Q97+S97) -> 726.91 | CQ97: =(AC97*BC97*AW97) -> 125.33 | CR97: =((ET97)*BB97*AV97) -> 0 | CS97: =(AE97*BS97*AV97) -> 0 | CT97: =(AF97*BA97*AV97) -> 0 | CU97: =AG97 -> 0 | CV97: =(AH97*AV97) -> 0 | CW97: =AI97 -> 0 | CX97: =AJ97 -> 0 | CY97: =(((S97+R97)*BZ97)/100) -> 0 | CZ97: =(((S97+R97)*CA97)/100) -> 0 | DN97: 0 | DO97: 0 | DP97: 1 | DQ97: 1 | DU97: 1007 | DV97: м3 | DW97: м3 | DX97: 1 | EE97: 86332245 | EF97: 200 | EG97: Материалы строительные | EH97: 0 | EJ97: 1 | EK97: 1617 | EL97: ТСН-2001.1 Материалы строительные | EM97: ТСН-2001.1-1 | EQ97: 0 | ER97: 0 | ES97: 125.33 | ET97: 0 | EU97: 0 | EV97: 0 | EW97: 0 | EX97: 0 | EY97: 0 | FQ97: 0 | FR97: 0 | FS97: 0 | FX97: 93 | FY97: 61 | GD97: 1 | GF97: 849409328 | GG97: 2 | GH97: 0 | GI97: -2 | GJ97: 0 | GK97: 0 | GL97: =ROUND(IF(AND(BH97=3,BI97=3,FS97<>0),P97,0),2) -> 0 | GM97: =ROUND(O97+X97+Y97,2)+GX97 -> 726.91 | GN97: =IF(OR(BI97=0,BI97=1),GM97-GX97,0) -> 726.91 | GO97: =IF(BI97=2,GM97-GX97,0) -> 0 | GP97: =IF(BI97=4,GM97-GX97,0) -> 0 | GR97: 0 | GS97: 3 | GT97: 0 | GV97: =(GT97) -> 0 | GW97: 1 | GX97: =ROUND(HC97*I97,2) -> 0 | HA97: 0 | HB97: 0 | HC97: =GV97*GW97 -> 0 | HS97: 0 | IK97: 0
A98: 17 | B98: 1 | E98: 18 | F98: 1.4-6-1 | G98: Земля растительная | H98: м3 | I98: =ROUND(5.8,9) -> 5.8 | J98: 0 | K98: =ROUND(5.8,9) -> 5.8 | O98: =ROUND(CP98,2) -> 6462.27 | P98: =ROUND(CQ98*I98,2) -> 6462.27 | Q98: =ROUND(CR98*I98,2) -> 0 | R98: =ROUND(CS98*I98,2) -> 0 | S98: =ROUND(CT98*I98,2) -> 0 | T98: =ROUND(CU98*I98,2) -> 0 | U98: =CV98*I98 -> 0 | V98: =CW98*I98 -> 0 | W98: =ROUND(CX98*I98,2) -> 0 | X98: =ROUND(CY98,2) -> 0 | Y98: =ROUND(CZ98,2) -> 0 | AA98: 86495195 | AB98: =(AC98+AD98+AF98) -> 125.33 | AC98: =(ES98) -> 125.33 | AD98: =(ET98) -> 0 | AE98: =(EU98) -> 0 | AF98: =(EV98) -> 0 | AG98: =(AP98) -> 0 | AH98: =(EW98) -> 0 | AI98: =(EX98) -> 0 | AJ98: =(AS98) -> 0 | AK98: 0 | AL98: 125.33 | AM98: 0 | AN98: 0 | AO98: 0 | AP98: 0 | AQ98: 0 | AR98: 0 | AS98: 0 | AT98: 93 | AU98: 61 | AV98: 1 | AW98: 1 | AZ98: 1 | BA98: 1 | BB98: 1 | BC98: 8.89 | BH98: 0 | BI98: 1 | BJ98: 1.4-6-1 | BM98: 1617 | BN98: 0 | BO98: 1.4-6-1 | BP98: 1 | BQ98: 200 | BR98: 0 | BS98: 1 | BT98: 1 | BU98: 1 | BV98: 1 | BW98: 1 | BX98: 1 | BZ98: 93 | CA98: 61 | CE98: 0 | CF98: 0 | CG98: 0 | CM98: 0 | CO98: 0 | CP98: =(P98+Q98+S98) -> 6462.27 | CQ98: =(AC98*BC98*AW98) -> 1114.1837 | CR98: =((ET98)*BB98*AV98) -> 0 | CS98: =(AE98*BS98*AV98) -> 0 | CT98: =(AF98*BA98*AV98) -> 0 | CU98: =AG98 -> 0 | CV98: =(AH98*AV98) -> 0 | CW98: =AI98 -> 0 | CX98: =AJ98 -> 0 | CY98: =(S98+R98)*(BZ98/100) -> 0 | CZ98: =(S98+R98)*(CA98/100) -> 0 | DN98: 93 | DO98: 61 | DP98: 1 | DQ98: 1 | DU98: 1007 | DV98: м3 | DW98: м3 | DX98: 1 | EE98: 86332245 | EF98: 200 | EG98: Материалы строительные | EH98: 0 | EJ98: 1 | EK98: 1617 | EL98: ТСН-2001.1 Материалы строительные | EM98: ТСН-2001.1-1 | EQ98: 0 | ER98: 0 | ES98: 125.33 | ET98: 0 | EU98: 0 | EV98: 0 | EW98: 0 | EX98: 0 | EY98: 0 | FQ98: 0 | FR98: 0 | FS98: 0 | FX98: 93 | FY98: 61 | GD98: 1 | GF98: 849409328 | GG98: 2 | GH98: 0 | GI98: -2 | GJ98: 0 | GK98: 0 | GL98: =ROUND(IF(AND(BH98=3,BI98=3,FS98<>0),P98,0),2) -> 0 | GM98: =ROUND(O98+X98+Y98,2)+GX98 -> 6462.27 | GN98: =IF(OR(BI98=0,BI98=1),GM98-GX98,0) -> 6462.27 | GO98: =IF(BI98=2,GM98-GX98,0) -> 0 | GP98: =IF(BI98=4,GM98-GX98,0) -> 0 | GR98: 0 | GS98: 3 | GT98: 0 | GV98: =(GT98) -> 0 | GW98: 8.89 | GX98: =ROUND(HC98*I98,2) -> 0 | HA98: 0 | HB98: 0 | HC98: =GV98*GW98 -> 0 | HS98: 0 | IK98: 0
A99: 17 | B99: 1 | C99: =ROW(SmtRes!A77) -> 77 | D99: =ROW(EtalonRes!A77) -> 77 | E99: 19 | F99: 3.47-5-1 | G99: Подготовка стандартных посадочных мест вручную с квадратным комом земли размером 0,5х0,5х0,4 м в естественном грунте | H99: 10 ям | I99: =ROUND(58/10,9) -> 5.8 | J99: 0 | K99: =ROUND(58/10,9) -> 5.8 | O99: =ROUND(CP99,2) -> 2145.61 | P99: =ROUND(CQ99*I99,2) -> 0 | Q99: =ROUND(CR99*I99,2) -> 0 | R99: =ROUND(CS99*I99,2) -> 0 | S99: =ROUND(CT99*I99,2) -> 2145.61 | T99: =ROUND(CU99*I99,2) -> 0 | U99: =CV99*I99 -> 209.94466 | V99: =CW99*I99 -> 0 | W99: =ROUND(CX99*I99,2) -> 0 | X99: =ROUND(CY99,2) -> 1995.42 | Y99: =ROUND(CZ99,2) -> 1308.82 | AA99: 86495194 | AB99: =(AC99+AD99+AF99) -> 353.32715 | AC99: =(ES99) -> 0 | AD99: =((ET99*1.1*1.25)) -> 0 | AE99: =((EU99*1.1*1.25)) -> 0 | AF99: =((EV99*1.1*1.15)) -> 353.32715 | AG99: =(AP99) -> 0 | AH99: =((EW99*1.1*1.15)) -> 34.57245 | AI99: =((EX99*1.1*1.25)) -> 0 | AJ99: =(AS99) -> 0 | AK99: 0 | AL99: 0 | AM99: 0 | AN99: 0 | AO99: 279.31 | AP99: 0 | AQ99: 27.33 | AR99: 0 | AS99: 0 | AT99: 93 | AU99: 61 | AV99: 1.047 | AW99: 1 | AZ99: 1 | BA99: 1 | BB99: 1 | BC99: 1 | BH99: 0 | BI99: 1 | BJ99: 3.47-5-1 | BM99: 292 | BN99: 0 | BO99: 3.47-5-1 | BP99: 1 | BQ99: 30 | BR99: 0 | BS99: 1 | BT99: 1 | BU99: 1 | BV99: 1 | BW99: 1 | BX99: 1 | BZ99: 93 | CA99: 61 | CE99: 0 | CF99: 0 | CG99: 0 | CM99: 0 | CN99: Поправка:стеснённые условия, пп. "в" Поправка:ТСН-2001.6-0 п. 1.15, прил. 2.2 п. 2.2.6 | CO99: 0 | CP99: =(P99+Q99+S99) -> 2145.61 | CQ99: =(AC99*BC99*AW99) -> 0 | CR99: =(((ET99*1.1*1.25))*BB99*AV99) -> 0 | CS99: =(AE99*BS99*AV99) -> 0 | CT99: =(AF99*BA99*AV99) -> 369.93353 | CU99: =AG99 -> 0 | CV99: =(AH99*AV99) -> 36.197355 | CW99: =AI99 -> 0 | CX99: =AJ99 -> 0 | CY99: =(((S99+R99)*BZ99)/100) -> 1995.4173 | CZ99: =(((S99+R99)*CA99)/100) -> 1308.8221 | DE99: *1,1*1,25 | DF99: *1,1*1,25 | DG99: *1,1*1,15 | DI99: *1,1*1,15 | DJ99: *1,1*1,25 | DN99: 0 | DO99: 0 | DP99: 1 | DQ99: 1 | DU99: 1013 | DV99: 10 ям | DW99: 10 ям | DX99: 1 | EE99: 86330920 | EF99: 30 | EG99: Строительные работы | EH99: 0 | EJ99: 1 | EK99: 292 | EL99: ТСН-2001.3-47. 47-1...47-8 | EM99: ТСН-2001.3-47-1 | EO99: Попр.12.00.01.11.003 Попр.06.00.01.07.001 | EQ99: 0 | ER99: 0 | ES99: 0 | ET99: 0 | EU99: 0 | EV99: 279.31 | EW99: 27.33 | EX99: 0 | EY99: 0 | FQ99: 0 | FR99: 0 | FS99: 0 | FX99: 93 | FY99: 61 | GD99: 1 | GF99: -707662887 | GG99: 2 | GH99: 0 | GI99: -2 | GJ99: 0 | GK99: 0 | GL99: =ROUND(IF(AND(BH99=3,BI99=3,FS99<>0),P99,0),2) -> 0 | GM99: =ROUND(O99+X99+Y99,2)+GX99 -> 5449.85 | GN99: =IF(OR(BI99=0,BI99=1),GM99-GX99,0) -> 5449.85 | GO99: =IF(BI99=2,GM99-GX99,0) -> 0 | GP99: =IF(BI99=4,GM99-GX99,0) -> 0 | GR99: 0 | GS99: 3 | GT99: 0 | GV99: =(GT99) -> 0 | GW99: 1 | GX99: =ROUND(HC99*I99,2) -> 0 | HA99: 0 | HB99: 0 | HC99: =GV99*GW99 -> 0 | HS99: 0 | IK99: 0
A100: 17 | B100: 1 | C100: =ROW(SmtRes!A78) -> 78 | D100: =ROW(EtalonRes!A78) -> 78 | E100: 19 | F100: 3.47-5-1 | G100: Подготовка стандартных посадочных мест вручную с квадратным комом земли размером 0,5х0,5х0,4 м в естественном грунте | H100: 10 ям | I100: =ROUND(58/10,9) -> 5.8 | J100: 0 | K100: =ROUND(58/10,9) -> 5.8 | O100: =ROUND(CP100,2) -> 123930.69 | P100: =ROUND(CQ100*I100,2) -> 0 | Q100: =ROUND(CR100*I100,2) -> 0 | R100: =ROUND(CS100*I100,2) -> 0 | S100: =ROUND(CT100*I100,2) -> 123930.69 | T100: =ROUND(CU100*I100,2) -> 0 | U100: =CV100*I100 -> 209.94466 | V100: =CW100*I100 -> 0 | W100: =ROUND(CX100*I100,2) -> 0 | X100: =ROUND(CY100,2) -> 115255.54 | Y100: =ROUND(CZ100,2) -> 75597.72 | AA100: 86495195 | AB100: =(AC100+AD100+AF100) -> 353.32715 | AC100: =(ES100) -> 0 | AD100: =((ET100*1.1*1.25)) -> 0 | AE100: =((EU100*1.1*1.25)) -> 0 | AF100: =((EV100*1.1*1.15)) -> 353.32715 | AG100: =(AP100) -> 0 | AH100: =((EW100*1.1*1.15)) -> 34.57245 | AI100: =((EX100*1.1*1.25)) -> 0 | AJ100: =(AS100) -> 0 | AK100: 0 | AL100: 0 | AM100: 0 | AN100: 0 | AO100: 279.31 | AP100: 0 | AQ100: 27.33 | AR100: 0 | AS100: 0 | AT100: 93 | AU100: 61 | AV100: 1.047 | AW100: 1 | AZ100: 1 | BA100: 57.76 | BB100: 1 | BC100: 1 | BH100: 0 | BI100: 1 | BJ100: 3.47-5-1 | BM100: 292 | BN100: 0 | BO100: 3.47-5-1 | BP100: 1 | BQ100: 30 | BR100: 0 | BS100: 57.76 | BT100: 1 | BU100: 1 | BV100: 1 | BW100: 1 | BX100: 1 | BZ100: 93 | CA100: 61 | CE100: 0 | CF100: 0 | CG100: 0 | CM100: 0 | CN100: Поправка:стеснённые условия, пп. "в" Поправка:ТСН-2001.6-0 п. 1.15, прил. 2.2 п. 2.2.6 | CO100: 0 | CP100: =(P100+Q100+S100) -> 123930.69 | CQ100: =(AC100*BC100*AW100) -> 0 | CR100: =(((ET100*1.1*1.25))*BB100*AV100) -> 0 | CS100: =(AE100*BS100*AV100) -> 0 | CT100: =(AF100*BA100*AV100) -> 21367.36 | CU100: =AG100 -> 0 | CV100: =(AH100*AV100) -> 36.197355 | CW100: =AI100 -> 0 | CX100: =AJ100 -> 0 | CY100: =(S100+R100)*(BZ100/100) -> 115255.54 | CZ100: =(S100+R100)*(CA100/100) -> 75597.721 | DE100: *1,1*1,25 | DF100: *1,1*1,25 | DG100: *1,1*1,15 | DI100: *1,1*1,15 | DJ100: *1,1*1,25 | DN100: 93 | DO100: 61 | DP100: 1 | DQ100: 1 | DU100: 1013 | DV100: 10 ям | DW100: 10 ям | DX100: 1 | EE100: 86330920 | EF100: 30 | EG100: Строительные работы | EH100: 0 | EJ100: 1 | EK100: 292 | EL100: ТСН-2001.3-47. 47-1...47-8 | EM100: ТСН-2001.3-47-1 | EO100: Попр.12.00.01.11.003 Попр.06.00.01.07.001 | EQ100: 0 | ER100: 0 | ES100: 0 | ET100: 0 | EU100: 0 | EV100: 279.31 | EW100: 27.33 | EX100: 0 | EY100: 0 | FQ100: 0 | FR100: 0 | FS100: 0 | FX100: 93 | FY100: 61 | GD100: 1 | GF100: -707662887 | GG100: 2 | GH100: 0 | GI100: -2 | GJ100: 0 | GK100: 0 | GL100: =ROUND(IF(AND(BH100=3,BI100=3,FS100<>0),P100,0),2) -> 0 | GM100: =ROUND(O100+X100+Y100,2)+GX100 -> 314783.95 | GN100: =IF(OR(BI100=0,BI100=1),GM100-GX100,0) -> 314783.95 | GO100: =IF(BI100=2,GM100-GX100,0) -> 0 | GP100: =IF(BI100=4,GM100-GX100,0) -> 0 | GR100: 0 | GS100: 3 | GT100: 0 | GV100: =(GT100) -> 0 | GW100: 1 | GX100: =ROUND(HC100*I100,2) -> 0 | HA100: 0 | HB100: 0 | HC100: =GV100*GW100 -> 0 | HS100: 0 | IK100: 0
A101: 17 | B101: 1 | C101: =ROW(SmtRes!A83) -> 83 | D101: =ROW(EtalonRes!A83) -> 83 | E101: 20 | F101: 3.47-7-5 | G101: Посадка деревьев и кустарников с комом земли размером 0,5х0,5х0,4 м | H101: 10 деревьев или кустарников | I101: =ROUND(58/10,9) -> 5.8 | J101: 0 | K101: =ROUND(58/10,9) -> 5.8 | O101: =ROUND(CP101,2) -> 4354.63 | P101: =ROUND(CQ101*I101,2) -> 90.19 | Q101: =ROUND(CR101*I101,2) -> 2510.29 | R101: =ROUND(CS101*I101,2) -> 233.88 | S101: =ROUND(CT101*I101,2) -> 1754.15 | T101: =ROUND(CU101*I101,2) -> 0 | U101: =CV101*I101 -> 142.26766 | V101: =CW101*I101 -> 0 | W101: =ROUND(CX101*I101,2) -> 0 | X101: =ROUND(CY101,2) -> 1848.87 | Y101: =ROUND(CZ101,2) -> 1212.7 | AA101: 86495194 | AB101: =(AC101+AD101+AF101) -> 717.79275 | AC101: =(ES101) -> 15.55 | AD101: =((ET101*1.1*1.25)) -> 413.38 | AE101: =((EU101*1.1*1.25)) -> 38.51375 | AF101: =((EV101*1.1*1.15)) -> 288.86275 | AG101: =(AP101) -> 0 | AH101: =((EW101*1.1*1.15)) -> 23.4278 | AI101: =((EX101*1.1*1.25)) -> 0 | AJ101: =(AS101) -> 0 | AK101: 0 | AL101: 15.55 | AM101: 300.64 | AN101: 28.01 | AO101: 228.35 | AP101: 0 | AQ101: 18.52 | AR101: 0 | AS101: 0 | AT101: 93 | AU101: 61 | AV101: 1.047 | AW101: 1 | AZ101: 1 | BA101: 1 | BB101: 1 | BC101: 1 | BH101: 0 | BI101: 1 | BJ101: 3.47-7-5 | BM101: 1702 | BN101: 0 | BO101: 3.47-7-5 | BP101: 1 | BQ101: 30 | BR101: 0 | BS101: 1 | BT101: 1 | BU101: 1 | BV101: 1 | BW101: 1 | BX101: 1 | BZ101: 93 | CA101: 61 | CE101: 0 | CF101: 0 | CG101: 0 | CM101: 0 | CN101: Поправка:стеснённые условия, пп. "в" Поправка:ТСН-2001.6-0 п. 1.15, прил. 2.2 п. 2.2.6 | CO101: 0 | CP101: =(P101+Q101+S101) -> 4354.63 | CQ101: =(AC101*BC101*AW101) -> 15.55 | CR101: =(((ET101*1.1*1.25))*BB101*AV101) -> 432.80886 | CS101: =(AE101*BS101*AV101) -> 40.323896 | CT101: =(AF101*BA101*AV101) -> 302.4393 | CU101: =AG101 -> 0 | CV101: =(AH101*AV101) -> 24.528907 | CW101: =AI101 -> 0 | CX101: =AJ101 -> 0 | CY101: =(((S101+R101)*BZ101)/100) -> 1848.8679 | CZ101: =(((S101+R101)*CA101)/100) -> 1212.6983 | DE101: *1,1*1,25 | DF101: *1,1*1,25 | DG101: *1,1*1,15 | DI101: *1,1*1,15 | DJ101: *1,1*1,25 | DN101: 0 | DO101: 0 | DP101: 1 | DQ101: 1 | DU101: 1013 | DV101: 10 деревьев или кустарников | DW101: 10 деревьев или кустарников | DX101: 1 | EE101: 86332330 | EF101: 30 | EG101: Строительные работы | EH101: 0 | EJ101: 1 | EK101: 1702 | EL101: ТСН-2001.3-47. 47-7-7, 47-34-12, 47-38-11, 47-67-2…47-67-8 (доп. 29) | EM101: ТСН-2001.3-47-20 | EO101: Попр.12.00.01.11.003 Попр.06.00.01.07.001 | EQ101: 0 | ER101: 0 | ES101: 15.55 | ET101: 300.64 | EU101: 28.01 | EV101: 228.35 | EW101: 18.52 | EX101: 0 | EY101: 0 | FQ101: 0 | FR101: 0 | FS101: 0 | FX101: 93 | FY101: 61 | GD101: 1 | GF101: -1934037619 | GG101: 2 | GH101: 0 | GI101: -2 | GJ101: 0 | GK101: 0 | GL101: =ROUND(IF(AND(BH101=3,BI101=3,FS101<>0),P101,0),2) -> 0 | GM101: =ROUND(O101+X101+Y101,2)+GX101 -> 7416.2 | GN101: =IF(OR(BI101=0,BI101=1),GM101-GX101,0) -> 7416.2 | GO101: =IF(BI101=2,GM101-GX101,0) -> 0 | GP101: =IF(BI101=4,GM101-GX101,0) -> 0 | GR101: 0 | GS101: 3 | GT101: 0 | GV101: =(GT101) -> 0 | GW101: 1 | GX101: =ROUND(HC101*I101,2) -> 0 | HA101: 0 | HB101: 0 | HC101: =GV101*GW101 -> 0 | HS101: 0 | IK101: 0
A102: 17 | B102: 1 | C102: =ROW(SmtRes!A88) -> 88 | D102: =ROW(EtalonRes!A88) -> 88 | E102: 20 | F102: 3.47-7-5 | G102: Посадка деревьев и кустарников с комом земли размером 0,5х0,5х0,4 м | H102: 10 деревьев или кустарников | I102: =ROUND(58/10,9) -> 5.8 | J102: 0 | K102: =ROUND(58/10,9) -> 5.8 | O102: =ROUND(CP102,2) -> 140752.35 | P102: =ROUND(CQ102*I102,2) -> 698.97 | Q102: =ROUND(CR102*I102,2) -> 38733.8 | R102: =ROUND(CS102*I102,2) -> 13508.83 | S102: =ROUND(CT102*I102,2) -> 101319.58 | T102: =ROUND(CU102*I102,2) -> 0 | U102: =CV102*I102 -> 142.26766 | V102: =CW102*I102 -> 0 | W102: =ROUND(CX102*I102,2) -> 0 | X102: =ROUND(CY102,2) -> 106790.42 | Y102: =ROUND(CZ102,2) -> 70045.33 | AA102: 86495195 | AB102: =(AC102+AD102+AF102) -> 717.79275 | AC102: =(ES102) -> 15.55 | AD102: =((ET102*1.1*1.25)) -> 413.38 | AE102: =((EU102*1.1*1.25)) -> 38.51375 | AF102: =((EV102*1.1*1.15)) -> 288.86275 | AG102: =(AP102) -> 0 | AH102: =((EW102*1.1*1.15)) -> 23.4278 | AI102: =((EX102*1.1*1.25)) -> 0 | AJ102: =(AS102) -> 0 | AK102: 0 | AL102: 15.55 | AM102: 300.64 | AN102: 28.01 | AO102: 228.35 | AP102: 0 | AQ102: 18.52 | AR102: 0 | AS102: 0 | AT102: 93 | AU102: 61 | AV102: 1.047 | AW102: 1 | AZ102: 1 | BA102: 57.76 | BB102: 15.43 | BC102: 7.75 | BH102: 0 | BI102: 1 | BJ102: 3.47-7-5 | BM102: 1702 | BN102: 0 | BO102: 3.47-7-5 | BP102: 1 | BQ102: 30 | BR102: 0 | BS102: 57.76 | BT102: 1 | BU102: 1 | BV102: 1 | BW102: 1 | BX102: 1 | BZ102: 93 | CA102: 61 | CE102: 0 | CF102: 0 | CG102: 0 | CM102: 0 | CN102: Поправка:стеснённые условия, пп. "в" Поправка:ТСН-2001.6-0 п. 1.15, прил. 2.2 п. 2.2.6 | CO102: 0 | CP102: =(P102+Q102+S102) -> 140752.35 | CQ102: =(AC102*BC102*AW102) -> 120.5125 | CR102: =(((ET102*1.1*1.25))*BB102*AV102) -> 6678.2407 | CS102: =(AE102*BS102*AV102) -> 2329.1082 | CT102: =(AF102*BA102*AV102) -> 17468.894 | CU102: =AG102 -> 0 | CV102: =(AH102*AV102) -> 24.528907 | CW102: =AI102 -> 0 | CX102: =AJ102 -> 0 | CY102: =(S102+R102)*(BZ102/100) -> 106790.42 | CZ102: =(S102+R102)*(CA102/100) -> 70045.33 | DE102: *1,1*1,25 | DF102: *1,1*1,25 | DG102: *1,1*1,15 | DI102: *1,1*1,15 | DJ102: *1,1*1,25 | DN102: 93 | DO102: 61 | DP102: 1 | DQ102: 1 | DU102: 1013 | DV102: 10 деревьев или кустарников | DW102: 10 деревьев или кустарников | DX102: 1 | EE102: 86332330 | EF102: 30 | EG102: Строительные работы | EH102: 0 | EJ102: 1 | EK102: 1702 | EL102: ТСН-2001.3-47. 47-7-7, 47-34-12, 47-38-11, 47-67-2…47-67-8 (доп. 29) | EM102: ТСН-2001.3-47-20 | EO102: Попр.12.00.01.11.003 Попр.06.00.01.07.001 | EQ102: 0 | ER102: 0 | ES102: 15.55 | ET102: 300.64 | EU102: 28.01 | EV102: 228.35 | EW102: 18.52 | EX102: 0 | EY102: 0 | FQ102: 0 | FR102: 0 | FS102: 0 | FX102: 93 | FY102: 61 | GD102: 1 | GF102: -1934037619 | GG102: 2 | GH102: 0 | GI102: -2 | GJ102: 0 | GK102: 0 | GL102: =ROUND(IF(AND(BH102=3,BI102=3,FS102<>0),P102,0),2) -> 0 | GM102: =ROUND(O102+X102+Y102,2)+GX102 -> 317588.1 | GN102: =IF(OR(BI102=0,BI102=1),GM102-GX102,0) -> 317588.1 | GO102: =IF(BI102=2,GM102-GX102,0) -> 0 | GP102: =IF(BI102=4,GM102-GX102,0) -> 0 | GR102: 0 | GS102: 3 | GT102: 0 | GV102: =(GT102) -> 0 | GW102: 7.75 | GX102: =ROUND(HC102*I102,2) -> 0 | HA102: 0 | HB102: 0 | HC102: =GV102*GW102 -> 0 | HS102: 0 | IK102: 0
A104: 51 | B104: =B83 -> 1 | C104: =A83 -> 4 | D104: =ROW(A83) -> 83 | F104: =IF(F83<>"",F83,"") -> 14 | G104: =IF(G83<>"",G83,"") -> Пересадка деревьев и кустарников | H104: 0 | O104: =ROUND(AB104,2) -> 22521.58 | P104: =ROUND(AC104,2) -> 5668.48 | Q104: =ROUND(AD104,2) -> 4116.35 | R104: =ROUND(AE104,2) -> 385.08 | S104: =ROUND(AF104,2) -> 12736.75 | T104: =ROUND(AG104,2) -> 0 | U104: =AH104 -> 1034.5106 | V104: =AI104 -> 0 | W104: =ROUND(AJ104,2) -> 0 | X104: =ROUND(AK104,2) -> 12203.31 | Y104: =ROUND(AL104,2) -> 8004.32 | AB104: =ROUND(SUMIF(AA87:AA102,"=86495194",O87:O102),2) -> 22521.58 | AC104: =ROUND(SUMIF(AA87:AA102,"=86495194",P87:P102),2) -> 5668.48 | AD104: =ROUND(SUMIF(AA87:AA102,"=86495194",Q87:Q102),2) -> 4116.35 | AE104: =ROUND(SUMIF(AA87:AA102,"=86495194",R87:R102),2) -> 385.08 | AF104: =ROUND(SUMIF(AA87:AA102,"=86495194",S87:S102),2) -> 12736.75 | AG104: =ROUND(SUMIF(AA87:AA102,"=86495194",T87:T102),2) -> 0 | AH104: =SUMIF(AA87:AA102,"=86495194",U87:U102) -> 1034.5106 | AI104: =SUMIF(AA87:AA102,"=86495194",V87:V102) -> 0 | AJ104: =ROUND(SUMIF(AA87:AA102,"=86495194",W87:W102),2) -> 0 | AK104: =ROUND(SUMIF(AA87:AA102,"=86495194",X87:X102),2) -> 12203.31 | AL104: =ROUND(SUMIF(AA87:AA102,"=86495194",Y87:Y102),2) -> 8004.32 | AO104: =ROUND(BX104,2) -> 0 | AP104: =ROUND(BY104,2) -> 0 | AQ104: =ROUND(BZ104,2) -> 0 | AR104: =ROUND(CA104,2) -> 42729.21 | AS104: =ROUND(CB104,2) -> 42729.21 | AT104: =ROUND(CC104,2) -> 0 | AU104: =ROUND(CD104,2) -> 0 | AV104: =ROUND(CE104,2) -> 5668.48 | ... BD104: =ROUND(CM104,2) -> 0 | BX104: =ROUND(SUMIF(AA87:AA102,"=86495194",FQ87:FQ102),2) -> 0 | BY104: =ROUND(SUMIF(AA87:AA102,"=86495194",FR87:FR102),2) -> 0 | BZ104: =ROUND(SUMIF(AA87:AA102,"=86495194",GL87:GL102),2) -> 0 | CA104: =ROUND(SUMIF(AA87:AA102,"=86495194",GM87:GM102),2) -> 42729.21 | CB104: =ROUND(SUMIF(AA87:AA102,"=86495194",GN87:GN102),2) -> 42729.21 | CC104: =ROUND(SUMIF(AA87:AA102,"=86495194",GO87:GO102),2) -> 0 | CD104: =ROUND(SUMIF(AA87:AA102,"=86495194",GP87:GP102),2) -> 0 | CE104: =AC104-BX104 -> 5668.48 | CF104: =AC104-BY104 -> 5668.48 | CG104: =BX104-BZ104 -> 0 | CH104: =AC104-BX104-BY104+BZ104 -> 5668.48 | CI104: =BY104-BZ104 -> 0 | CJ104: =ROUND(SUMIF(AA87:AA102,"=86495194",GX87:GX102),2) -> 0 | CK104: =ROUND(SUMIF(AA87:AA102,"=86495194",GY87:GY102),2) -> 0 | CL104: =ROUND(SUMIF(AA87:AA102,"=86495194",GZ87:GZ102),2) -> 0 | CM104: =ROUND(SUMIF(AA87:AA102,"=86495194",HD87:HD102),2) -> 0 | DG104: =ROUND(DT104,2) -> 841708.64 | DH104: =ROUND(DU104,2) -> 42328.18 | DI104: =ROUND(DV104,2) -> 63705.55 | DJ104: =ROUND(DW104,2) -> 22241.86 | DK104: =ROUND(DX104,2) -> 735674.91 | DL104: =ROUND(DY104,2) -> 0 | DM104: =DZ104 -> 1034.5106 | DN104: =EA104 -> 0 | DO104: =ROUND(EB104,2) -> 0 | DP104: =ROUND(EC104,2) -> 704862.58 | DQ104: =ROUND(ED104,2) -> 462329.22 | DT104: =ROUND(SUMIF(AA87:AA102,"=86495195",O87:O102),2) -> 841708.64 | DU104: =ROUND(SUMIF(AA87:AA102,"=86495195",P87:P102),2) -> 42328.18 | DV104: =ROUND(SUMIF(AA87:AA102,"=86495195",Q87:Q102),2) -> 63705.55 | DW104: =ROUND(SUMIF(AA87:AA102,"=86495195",R87:R102),2) -> 22241.86 | DX104: =ROUND(SUMIF(AA87:AA102,"=86495195",S87:S102),2) -> 735674.91 | DY104: =ROUND(SUMIF(AA87:AA102,"=86495195",T87:T102),2) -> 0 | DZ104: =SUMIF(AA87:AA102,"=86495195",U87:U102) -> 1034.5106 | EA104: =SUMIF(AA87:AA102,"=86495195",V87:V102) -> 0 | EB104: =ROUND(SUMIF(AA87:AA102,"=86495195",W87:W102),2) -> 0 | EC104: =ROUND(SUMIF(AA87:AA102,"=86495195",X87:X102),2) -> 704862.58 | ED104: =ROUND(SUMIF(AA87:AA102,"=86495195",Y87:Y102),2) -> 462329.22 | EG104: =ROUND(FP104,2) -> 0 | EH104: =ROUND(FQ104,2) -> 0 | EI104: =ROUND(FR104,2) -> 0 | EJ104: =ROUND(FS104,2) -> 2008900.4 | EK104: =ROUND(FT104,2) -> 2008900.4 | EL104: =ROUND(FU104,2) -> 0 | EM104: =ROUND(FV104,2) -> 0 | EN104: =ROUND(FW104,2) -> 42328.18 | ... EV104: =ROUND(GE104,2) -> 0 | FP104: =ROUND(SUMIF(AA87:AA102,"=86495195",FQ87:FQ102),2) -> 0 | FQ104: =ROUND(SUMIF(AA87:AA102,"=86495195",FR87:FR102),2) -> 0 | FR104: =ROUND(SUMIF(AA87:AA102,"=86495195",GL87:GL102),2) -> 0 | FS104: =ROUND(SUMIF(AA87:AA102,"=86495195",GM87:GM102),2) -> 2008900.4 | FT104: =ROUND(SUMIF(AA87:AA102,"=86495195",GN87:GN102),2) -> 2008900.4 | FU104: =ROUND(SUMIF(AA87:AA102,"=86495195",GO87:GO102),2) -> 0 | FV104: =ROUND(SUMIF(AA87:AA102,"=86495195",GP87:GP102),2) -> 0 | FW104: =DU104-FP104 -> 42328.18 | FX104: =DU104-FQ104 -> 42328.18 | FY104: =FP104-FR104 -> 0 | FZ104: =DU104-FP104-FQ104+FR104 -> 42328.18 | GA104: =FQ104-FR104 -> 0 | GB104: =ROUND(SUMIF(AA87:AA102,"=86495195",GX87:GX102),2) -> 0 | GC104: =ROUND(SUMIF(AA87:AA102,"=86495195",GY87:GY102),2) -> 0 | GD104: =ROUND(SUMIF(AA87:AA102,"=86495195",GZ87:GZ102),2) -> 0 | GE104: =ROUND(SUMIF(AA87:AA102,"=86495195",HD87:HD102),2) -> 0 | GX104: 0
A106: 50 | B106: 0 | C106: 0 | D106: 1 | E106: 201 | F106: =ROUND(Source!O104,O106) -> 22521.58 | G106: ПЗ | H106: Прямые затраты | K106: 201 | L106: 1 | M106: 3 | O106: 2 | P106: =ROUND(Source!DG104,O106) -> 841708.64 | W106: 22521.58 | X106: 1 | Y106: 22521.58 | Z106: 841708.64 | AA106: 1 | AB106: 841708.64
A107: 50 | B107: 0 | C107: 0 | D107: 1 | E107: 202 | F107: =ROUND(Source!P104,O107) -> 5668.48 | G107: СтМатОб | H107: Стоимость материальных ресурсов (всего) | K107: 202 | L107: 2 | M107: 3 | O107: 2 | P107: =ROUND(Source!DH104,O107) -> 42328.18 | W107: 5668.48 | X107: 1 | Y107: 5668.48 | Z107: 42328.18 | AA107: 1 | AB107: 42328.18
A108: 50 | B108: 0 | C108: 0 | D108: 1 | E108: 222 | F108: =ROUND(Source!AO104,O108) -> 0 | G108: СтМатОбЗак | H108: Стоимость материалов и оборудования заказчика | K108: 222 | L108: 3 | M108: 3 | O108: 2 | P108: =ROUND(Source!EG104,O108) -> 0 | W108: 0 | X108: 1 | Y108: 0 | Z108: 0 | AA108: 1 | AB108: 0
A109: 50 | B109: 0 | C109: 0 | D109: 1 | E109: 225 | F109: =ROUND(Source!AV104,O109) -> 5668.48 | G109: СтМатОбПод | H109: Стоимость материалов и оборудования подрядчика | K109: 225 | L109: 4 | M109: 3 | O109: 2 | P109: =ROUND(Source!EN104,O109) -> 42328.18 | W109: 5668.48 | X109: 1 | Y109: 5668.48 | Z109: 42328.18 | AA109: 1 | AB109: 42328.18
A110: 50 | B110: 0 | C110: 0 | D110: 1 | E110: 226 | F110: =ROUND(Source!AW104,O110) -> 5668.48 | G110: СтМат | H110: Стоимость материалов (всего) | K110: 226 | L110: 5 | M110: 3 | O110: 2 | P110: =ROUND(Source!EO104,O110) -> 42328.18 | W110: 5668.48 | X110: 1 | Y110: 5668.48 | Z110: 42328.18 | AA110: 1 | AB110: 42328.18
A111: 50 | B111: 0 | C111: 0 | D111: 1 | E111: 227 | F111: =ROUND(Source!AX104,O111) -> 0 | G111: СтМатЗак | H111: Стоимость материалов заказчика | K111: 227 | L111: 6 | M111: 3 | O111: 2 | P111: =ROUND(Source!EP104,O111) -> 0 | W111: 0 | X111: 1 | Y111: 0 | Z111: 0 | AA111: 1 | AB111: 0
A112: 50 | B112: 0 | C112: 0 | D112: 1 | E112: 228 | F112: =ROUND(Source!AY104,O112) -> 5668.48 | G112: СтМатПод | H112: Стоимость материалов подрядчика | K112: 228 | L112: 7 | M112: 3 | O112: 2 | P112: =ROUND(Source!EQ104,O112) -> 42328.18 | W112: 5668.48 | X112: 1 | Y112: 5668.48 | Z112: 42328.18 | AA112: 1 | AB112: 42328.18
A113: 50 | B113: 0 | C113: 0 | D113: 1 | E113: 216 | F113: =ROUND(Source!AP104,O113) -> 0 | G113: Оборуд | H113: Стоимость оборудования (всего) | K113: 216 | L113: 8 | M113: 3 | O113: 2 | P113: =ROUND(Source!EH104,O113) -> 0 | W113: 0 | X113: 1 | Y113: 0 | Z113: 0 | AA113: 1 | AB113: 0
A114: 50 | B114: 0 | C114: 0 | D114: 1 | E114: 223 | F114: =ROUND(Source!AQ104,O114) -> 0 | G114: ОборудЗак | H114: Стоимость оборудования заказчика | K114: 223 | L114: 9 | M114: 3 | O114: 2 | P114: =ROUND(Source!EI104,O114) -> 0 | W114: 0 | X114: 1 | Y114: 0 | Z114: 0 | AA114: 1 | AB114: 0
A115: 50 | B115: 0 | C115: 0 | D115: 1 | E115: 229 | F115: =ROUND(Source!AZ104,O115) -> 0 | G115: ОборудПод | H115: Стоимость оборудования подрядчика | K115: 229 | L115: 10 | M115: 3 | O115: 2 | P115: =ROUND(Source!ER104,O115) -> 0 | W115: 0 | X115: 1 | Y115: 0 | Z115: 0 | AA115: 1 | AB115: 0
A116: 50 | B116: 0 | C116: 0 | D116: 1 | E116: 203 | F116: =ROUND(Source!Q104,O116) -> 4116.35 | G116: ЭММ | H116: Эксплуатация машин | K116: 203 | L116: 11 | M116: 3 | O116: 2 | P116: =ROUND(Source!DI104,O116) -> 63705.55 | W116: 4116.35 | X116: 1 | Y116: 4116.35 | Z116: 63705.55 | AA116: 1 | AB116: 63705.55
A117: 50 | B117: 0 | C117: 0 | D117: 1 | E117: 231 | F117: =ROUND(Source!BB104,O117) -> 0 | G117: ЭММсНРиСП | H117: Эксплуатация машин по ТСН-2001.16 | K117: 231 | L117: 12 | M117: 3 | O117: 2 | P117: =ROUND(Source!ET104,O117) -> 0 | W117: 0 | X117: 1 | Y117: 0 | Z117: 0 | AA117: 1 | AB117: 0
A118: 50 | B118: 0 | C118: 0 | D118: 1 | E118: 204 | F118: =ROUND(Source!R104,O118) -> 385.08 | G118: ЗПМ | H118: ЗП машинистов | K118: 204 | L118: 13 | M118: 3 | O118: 2 | P118: =ROUND(Source!DJ104,O118) -> 22241.86 | W118: 385.08 | X118: 1 | Y118: 385.08 | Z118: 22241.86 | AA118: 1 | AB118: 22241.86
A119: 50 | B119: 0 | C119: 0 | D119: 1 | E119: 205 | F119: =ROUND(Source!S104,O119) -> 12736.75 | G119: ОЗП | H119: Основная ЗП рабочих | K119: 205 | L119: 14 | M119: 3 | O119: 2 | P119: =ROUND(Source!DK104,O119) -> 735674.91 | W119: 12736.75 | X119: 1 | Y119: 12736.75 | Z119: 735674.91 | AA119: 1 | AB119: 735674.91
A120: 50 | B120: 0 | C120: 0 | D120: 1 | E120: 232 | F120: =ROUND(Source!BC104,O120) -> 0 | G120: ОЗПсНРиСП | H120: Основная ЗП рабочих по ТСН-2001.16 | K120: 232 | L120: 15 | M120: 3 | O120: 2 | P120: =ROUND(Source!EU104,O120) -> 0 | W120: 0 | X120: 1 | Y120: 0 | Z120: 0 | AA120: 1 | AB120: 0
A121: 50 | B121: 0 | C121: 0 | D121: 1 | E121: 214 | F121: =ROUND(Source!AS104,O121) -> 42729.21 | G121: Строит | H121: Строительные работы с НР и СП | K121: 214 | L121: 16 | M121: 3 | O121: 2 | P121: =ROUND(Source!EK104,O121) -> 2008900.4 | W121: 42729.21 | X121: 1 | Y121: 42729.21 | Z121: 2008900.4 | AA121: 1 | AB121: 2008900.4
A122: 50 | B122: 0 | C122: 0 | D122: 1 | E122: 215 | F122: =ROUND(Source!AT104,O122) -> 0 | G122: Монтаж | H122: Монтажные работы с НР и СП | K122: 215 | L122: 17 | M122: 3 | O122: 2 | P122: =ROUND(Source!EL104,O122) -> 0 | W122: 0 | X122: 1 | Y122: 0 | Z122: 0 | AA122: 1 | AB122: 0
A123: 50 | B123: 0 | C123: 0 | D123: 1 | E123: 217 | F123: =ROUND(Source!AU104,O123) -> 0 | G123: Прочие | H123: Прочие работы с НР и СП | K123: 217 | L123: 18 | M123: 3 | O123: 2 | P123: =ROUND(Source!EM104,O123) -> 0 | W123: 0 | X123: 1 | Y123: 0 | Z123: 0 | AA123: 1 | AB123: 0
A124: 50 | B124: 0 | C124: 0 | D124: 1 | E124: 230 | F124: =ROUND(Source!BA104,O124) -> 0 | G124: ПрочиеЗатр | H124: Прочие затраты по ТСН-2001.16 | K124: 230 | L124: 19 | M124: 3 | O124: 2 | P124: =ROUND(Source!ES104,O124) -> 0 | W124: 0 | X124: 1 | Y124: 0 | Z124: 0 | AA124: 1 | AB124: 0
A125: 50 | B125: 0 | C125: 0 | D125: 1 | E125: 206 | F125: =ROUND(Source!T104,O125) -> 0 | G125: ВозврМат | H125: Возврат материалов | K125: 206 | L125: 20 | M125: 3 | O125: 2 | P125: =ROUND(Source!DL104,O125) -> 0 | W125: 0 | X125: 1 | Y125: 0 | Z125: 0 | AA125: 1 | AB125: 0
...

Sheet SourceObSm
A1: 0 | B1: Smeta.RU (495) 974-1589 | D1: _OBSM_ | F1: 0 | G1: 0 | H1: 0 | I1: Smeta.RU | K1: 1 | L1: 76812 | M1: 10 | N1: 12 | O1: 2 | P1: 0 | Q1: 1
A4: 8 | B4: 1 | C4: -1 | F4: 25МГ-ДПР-2750 | G4: 25МГ-ДПР-2750 — Реконструкция газопровода низкого давления | EC4: 0
A12: 1 | B12: 51 | C12: 0 | E12: 0 | F12: ЛС-01-01-01 | G12: Вырубка и пересадка зелёных насаждений, корчёвка пней | I12: 0 | J12: Том 6.2 ООС2, Том 6.3 ООС3 (18.09) | K12: 0 | L12: 0 | M12: 2 | O12: 2026 | P12: 7 | Q12: 0 | R12: 0 | S12: 0 | T12: 1 | U12: Основание:Том 6.2 ООС2, Том 6.3 ООС3 (18.09) Уровень цен:3 кв 2026 Нормативные индексы ТСН:№ 221 III квартал 2026 Регион:ТСН-2001 г. Москвы (с доп.1-82) | V12: 1 | BB12: 0 | BH12: Сметные нормы списания | BI12: Коды ОКП для ТСН-2001 МГЭ | BJ12: 1 | BK12: 1 | BL12: 0 | BM12: 0 | BN12: 1 | BO12: 0 | BP12: -1 | BQ12: 2 | BR12: 1 | BS12: 0 | BT12: 0 | BU12: 0 | BV12: 0 | BW12: 0 | BX12: 0 | BZ12: Типовой расчет для ТСН-2001 МГЭ, Новая методика с выпуска доп. 43 (Строительство), Доп 64 | CA12: Территориальные сметные нормативы для Москвы ТСН-2001 (МГЭ) | CB12: Территориальные сметные нормативы для Москвы ТСН-2001 (МГЭ) | CC12: Территориальные сметные нормативы для Москвы ТСН-2001 (МГЭ) | CD12: Территориальные сметные нормативы для Москвы ТСН-2001 (МГЭ) | CE12: Поправки для ТСН-2001 от 15.07.2022 г. доп.65 | CF12: 0 | CG12: 0 | CH12: 524296 | CK12: 82 | CQ12: Территориальные сметные нормативы для Москвы (ТСН-2001) | CR12: ТЕР | CS12: 41660 | CT12: 1 | CU12: 72 | CY12: 0 | EC12: 0
A14: 22 | B14: 1 | C14: 0 | D14: 86495194 | E14: 86495195 | F14: 2 | G14: 1
A16: 3 | B16: 1 | C16: ЛС-01-01-01 | D16: Вырубка и пересадка зелёных насаждений, корчёвка пней | E16: =ROUND((Source!F187)/1000,2) -> 59.05 | F16: =ROUND((Source!F189)/1000,2) -> 0 | G16: =ROUND((Source!F180)/1000,2) -> 0 | H16: =ROUND((Source!F190)/1000+(Source!F191)/1000,2) -> 0 | I16: =E16+F16+G16+H16 -> 59.05 | J16: =ROUND((Source!F186+Source!F185)/1000,2) -> 18.04 | K16: 40.24 | L16: 0 | M16: 0 | N16: =I16+L16+M16 -> 59.05 | T16: =ROUND((Source!P187)/1000,2) -> 2770.06 | U16: =ROUND((Source!P189)/1000,2) -> 0 | V16: =ROUND((Source!P180)/1000,2) -> 0 | W16: =ROUND((Source!P190)/1000+(Source!P191)/1000,2) -> 0 | X16: =T16+U16+V16+W16 -> 2770.06 | Y16: =ROUND((Source!P186+Source!P185)/1000,2) -> 1042.12 | Z16: 1232.14 | AA16: 0 | AB16: 0 | AC16: =X16+AA16+AB16 -> 2770.06 | AI16: 1 | AJ16: 0 | AK16: Вырубка и пересадка зелёных насаждений, корчёвка пней | AN16: 0 | AT16: 31168.39 | AU16: 9076.2 | AV16: 0 | AW16: 0 | AX16: 0 | AY16: 4470.07 | AZ16: 420.05 | BA16: 17622.12 | BB16: 59051.74 | BC16: 0 | BD16: 0 | BE16: 0 | BF16: 1524.8653 | BG16: 0 | BH16: 0 | BI16: 17222.05 | BJ16: 10661.3 | BK16: 59051.74 | BR16: 1159516.9 | BS16: 72622.83 | BT16: 0 | BU16: 0 | BV16: 0 | BW16: 69039.68 | BX16: 24261.87 | BY16: 1017854.4 | BZ16: 2770059.9 | CA16: 0 | CB16: 0 | CC16: 0 | CD16: 1524.8653 | CE16: 0 | CF16: 0 | CG16: 994746.04 | CH16: 615796.95 | CI16: 2770059.9
A18: 51 | E18: 59.05 | F18: 0 | G18: 0 | H18: 0 | I18: 59.05 | J18: 18.04 | K18: 40.24 | L18: 0 | M18: 0 | N18: 59.05 | T18: 2770.06 | U18: 0 | V18: 0 | W18: 0 | X18: 2770.06 | Y18: 1042.12 | Z18: 1232.14 | AA18: 0 | AB18: 0 | AC18: 2770.06
A20: 50 | B20: 0 | C20: 0 | D20: 1 | E20: 201 | F20: 31168.39 | G20: ПЗ | H20: Прямые затраты | K20: 201 | L20: 1 | M20: 3 | O20: 2 | P20: 1159516.9
A21: 50 | B21: 0 | C21: 0 | D21: 1 | E21: 202 | F21: 9076.2 | G21: СтМатОб | H21: Стоимость материальных ресурсов (всего) | K21: 202 | L21: 2 | M21: 3 | O21: 2 | P21: 72622.83
A22: 50 | B22: 0 | C22: 0 | D22: 1 | E22: 222 | F22: 0 | G22: СтМатОбЗак | H22: Стоимость материалов и оборудования заказчика | K22: 222 | L22: 3 | M22: 3 | O22: 2 | P22: 0
A23: 50 | B23: 0 | C23: 0 | D23: 1 | E23: 225 | F23: 9076.2 | G23: СтМатОбПод | H23: Стоимость материалов и оборудования подрядчика | K23: 225 | L23: 4 | M23: 3 | O23: 2 | P23: 72622.83
A24: 50 | B24: 0 | C24: 0 | D24: 1 | E24: 226 | F24: 9076.2 | G24: СтМат | H24: Стоимость материалов (всего) | K24: 226 | L24: 5 | M24: 3 | O24: 2 | P24: 72622.83
A25: 50 | B25: 0 | C25: 0 | D25: 1 | E25: 227 | F25: 0 | G25: СтМатЗак | H25: Стоимость материалов заказчика | K25: 227 | L25: 6 | M25: 3 | O25: 2 | P25: 0
A26: 50 | B26: 0 | C26: 0 | D26: 1 | E26: 228 | F26: 9076.2 | G26: СтМатПод | H26: Стоимость материалов подрядчика | K26: 228 | L26: 7 | M26: 3 | O26: 2 | P26: 72622.83
A27: 50 | B27: 0 | C27: 0 | D27: 1 | E27: 216 | F27: 0 | G27: Оборуд | H27: Стоимость оборудования (всего) | K27: 216 | L27: 8 | M27: 3 | O27: 2 | P27: 0
A28: 50 | B28: 0 | C28: 0 | D28: 1 | E28: 223 | F28: 0 | G28: ОборудЗак | H28: Стоимость оборудования заказчика | K28: 223 | L28: 9 | M28: 3 | O28: 2 | P28: 0
A29: 50 | B29: 0 | C29: 0 | D29: 1 | E29: 229 | F29: 0 | G29: ОборудПод | H29: Стоимость оборудования подрядчика | K29: 229 | L29: 10 | M29: 3 | O29: 2 | P29: 0
A30: 50 | B30: 0 | C30: 0 | D30: 1 | E30: 203 | F30: 4470.07 | G30: ЭММ | H30: Эксплуатация машин | K30: 203 | L30: 11 | M30: 3 | O30: 2 | P30: 69039.68
A31: 50 | B31: 0 | C31: 0 | D31: 1 | E31: 231 | F31: 0 | G31: ЭММсНРиСП | H31: Эксплуатация машин по ТСН-2001.16 | K31: 231 | L31: 12 | M31: 3 | O31: 2 | P31: 0
... A46: 50 | B46: 0 | C46: 0 | D46: 1 | E46: 224 | F46: 59051.74 | G46: Всего | H46: Всего с НР и СП | K46: 224 | L46: 27 | M46: 3 | O46: 2 | P46: 2770059.9
A48: -1
A51: 75 | B51: Базовые уровень цен | C51: 2000 | D51: 0 | E51: 1 | G51: 0 | H51: 1 | I51: 1 | J51: 3 | K51: 0 | L51: 0 | M51: 0 | N51: 86495194 | O51: 1
A52: 75 | B52: Текущий уровень цен, III квартал 2026, выпуск 221 | C52: 2026 | D52: 0 | E52: 7 | G52: 0 | H52: 2 | I52: 1 | J52: 3 | K52: 0 | L52: 0 | M52: 1 | N52: 86495195 | O52: 2

Sheet SmtRes
A1: =ROW(Source!A28) -> 28 | B1: 86495194 | C1: 86495196 | D1: 0 | E1: 1 | F1: 1 | G1: 30515945 | H1: 1 | I1: 1 | K1: Затраты труда рабочих среднего разряда 1 | L1: 1369 | N1: 1013 | O1: чел.-ч | P1: чел.-ч | Q1: 1 | W1: 0 | X1: -2001970737 | Y1: =(AT1*1.1) -> 0.539 | AA1: 0 | AB1: 0 | AC1: 0 | AD1: 0 | AE1: 0 | AF1: 0 | AG1: 0 | AH1: 0 | AI1: 1 | AJ1: 1 | AK1: 1 | AL1: 1 | AM1: 0 | AN1: 0 | AO1: 1 | AP1: 0 | AQ1: 0 | AR1: 0 | AT1: 0.49 | AU1: *1,1 | AV1: 1 | AW1: 2 | AX1: 86495198 | AY1: 1 | AZ1: 6144 | BA1: 1 | BB1: 0 | BC1: 0 | BD1: 0 | BE1: 0 | BF1: 0 | BG1: 0 | BH1: 0 | BI1: 0 | BJ1: 0 | BK1: 0 | BL1: 0 | BM1: 0 | BN1: 0 | BO1: 0 | BP1: 0 | BQ1: 0 | BR1: 0 | BS1: 0 | BT1: 0 | BU1: 0 | BV1: 0 | BW1: 0 | CU1: =ROUND(AT1*Source!I28*AH1*AL1,2) -> 0 | CV1: =ROUND(Y1*Source!I28,9) -> 12.936 | CW1: 0 | CX1: =ROUND(Y1*Source!I28,9) -> 12.936 | CY1: =AD1 -> 0 | CZ1: =AH1 -> 0 | DA1: =AL1 -> 1 | DB1: =(ROUND(AT1*CZ1,2)*1.1) -> 0 | DC1: =(ROUND(AT1*AG1,2)*1.1) -> 0 | DF1: =ROUND(ROUND(AE1,2)*CX1,2) -> 0 | DG1: =ROUND(ROUND(AF1,2)*CX1,2) -> 0 | DH1: =ROUND(ROUND(AG1,2)*ROUND((AT1*Source!I28*1.1),9),2) -> 0 | DI1: =ROUND(ROUND(AH1,2)*CX1,2) -> 0 | DJ1: =DI1 -> 0 | DK1: 0 | DM1: 0 | DO1: 0 | DP1: *1,1
A2: =ROW(Source!A29) -> 29 | B2: 86495195 | C2: 86495196 | D2: 0 | E2: 1 | F2: 1 | G2: 30515945 | H2: 1 | I2: 1 | K2: Затраты труда рабочих среднего разряда 1 | L2: 1369 | N2: 1013 | O2: чел.-ч | P2: чел.-ч | Q2: 1 | W2: 0 | X2: -2001970737 | Y2: =(AT2*1.1) -> 0.539 | AA2: 0 | AB2: 0 | AC2: 0 | AD2: 0 | AE2: 0 | AF2: 0 | AG2: 0 | AH2: 0 | AI2: 1 | AJ2: 1 | AK2: 1 | AL2: 1 | AM2: 0 | AN2: 0 | AO2: 1 | AP2: 0 | AQ2: 0 | AR2: 0 | AT2: 0.49 | AU2: *1,1 | AV2: 1 | AW2: 2 | AX2: 86495198 | AY2: 1 | AZ2: 6144 | BA2: 2 | BB2: 0 | BC2: 0 | BD2: 0 | BE2: 0 | BF2: 0 | BG2: 0 | BH2: 0 | BI2: 0 | BJ2: 0 | BK2: 0 | BL2: 0 | BM2: 0 | BN2: 0 | BO2: 0 | BP2: 0 | BQ2: 0 | BR2: 0 | BS2: 0 | BT2: 0 | BU2: 0 | BV2: 0 | BW2: 0 | CU2: =ROUND(AT2*Source!I29*AH2*AL2,2) -> 0 | CV2: =ROUND(Y2*Source!I29,9) -> 12.936 | CW2: 0 | CX2: =ROUND(Y2*Source!I29,9) -> 12.936 | CY2: =AD2 -> 0 | CZ2: =AH2 -> 0 | DA2: =AL2 -> 1 | DB2: =(ROUND(AT2*CZ2,2)*1.1) -> 0 | DC2: =(ROUND(AT2*AG2,2)*1.1) -> 0 | DF2: =ROUND(ROUND(AE2,2)*CX2,2) -> 0 | DG2: =ROUND(ROUND(AF2,2)*CX2,2) -> 0 | DH2: =ROUND(ROUND(AG2,2)*ROUND((AT2*Source!I29*1.1),9),2) -> 0 | DI2: =ROUND(ROUND(AH2,2)*CX2,2) -> 0 | DJ2: =DI2 -> 0 | DK2: 0 | DM2: 0 | DO2: 0 | DP2: *1,1
A3: =ROW(Source!A30) -> 30 | B3: 86495194 | C3: 86495199 | D3: 0 | E3: 1 | F3: 1 | G3: 30515945 | H3: 1 | I3: 1 | K3: Затраты труда рабочих среднего разряда 1 | L3: 1369 | N3: 1013 | O3: чел.-ч | P3: чел.-ч | Q3: 1 | W3: 0 | X3: -2001970737 | Y3: =(AT3*1.1) -> 1.177 | AA3: 0 | AB3: 0 | AC3: 0 | AD3: 0 | AE3: 0 | AF3: 0 | AG3: 0 | AH3: 0 | AI3: 1 | AJ3: 1 | AK3: 1 | AL3: 1 | AM3: 0 | AN3: 0 | AO3: 1 | AP3: 0 | AQ3: 0 | AR3: 0 | AT3: 1.07 | AU3: *1,1 | AV3: 1 | AW3: 2 | AX3: 86495201 | AY3: 1 | AZ3: 6144 | BA3: 3 | BB3: 0 | BC3: 0 | BD3: 0 | BE3: 0 | BF3: 0 | BG3: 0 | BH3: 0 | BI3: 0 | BJ3: 0 | BK3: 0 | BL3: 0 | BM3: 0 | BN3: 0 | BO3: 0 | BP3: 0 | BQ3: 0 | BR3: 0 | BS3: 0 | BT3: 0 | BU3: 0 | BV3: 0 | BW3: 0 | CU3: =ROUND(AT3*Source!I30*AH3*AL3,2) -> 0 | CV3: =ROUND(Y3*Source!I30,9) -> 12.947 | CW3: 0 | CX3: =ROUND(Y3*Source!I30,9) -> 12.947 | CY3: =AD3 -> 0 | CZ3: =AH3 -> 0 | DA3: =AL3 -> 1 | DB3: =(ROUND(AT3*CZ3,2)*1.1) -> 0 | DC3: =(ROUND(AT3*AG3,2)*1.1) -> 0 | DF3: =ROUND(ROUND(AE3,2)*CX3,2) -> 0 | DG3: =ROUND(ROUND(AF3,2)*CX3,2) -> 0 | DH3: =ROUND(ROUND(AG3,2)*ROUND((AT3*Source!I30*1.1),9),2) -> 0 | DI3: =ROUND(ROUND(AH3,2)*CX3,2) -> 0 | DJ3: =DI3 -> 0 | DK3: 0 | DM3: 0 | DO3: 0 | DP3: *1,1
A4: =ROW(Source!A31) -> 31 | B4: 86495195 | C4: 86495199 | D4: 0 | E4: 1 | F4: 1 | G4: 30515945 | H4: 1 | I4: 1 | K4: Затраты труда рабочих среднего разряда 1 | L4: 1369 | N4: 1013 | O4: чел.-ч | P4: чел.-ч | Q4: 1 | W4: 0 | X4: -2001970737 | Y4: =(AT4*1.1) -> 1.177 | AA4: 0 | AB4: 0 | AC4: 0 | AD4: 0 | AE4: 0 | AF4: 0 | AG4: 0 | AH4: 0 | AI4: 1 | AJ4: 1 | AK4: 1 | AL4: 1 | AM4: 0 | AN4: 0 | AO4: 1 | AP4: 0 | AQ4: 0 | AR4: 0 | AT4: 1.07 | AU4: *1,1 | AV4: 1 | AW4: 2 | AX4: 86495201 | AY4: 1 | AZ4: 6144 | BA4: 4 | BB4: 0 | BC4: 0 | BD4: 0 | BE4: 0 | BF4: 0 | BG4: 0 | BH4: 0 | BI4: 0 | BJ4: 0 | BK4: 0 | BL4: 0 | BM4: 0 | BN4: 0 | BO4: 0 | BP4: 0 | BQ4: 0 | BR4: 0 | BS4: 0 | BT4: 0 | BU4: 0 | BV4: 0 | BW4: 0 | CU4: =ROUND(AT4*Source!I31*AH4*AL4,2) -> 0 | CV4: =ROUND(Y4*Source!I31,9) -> 12.947 | CW4: 0 | CX4: =ROUND(Y4*Source!I31,9) -> 12.947 | CY4: =AD4 -> 0 | CZ4: =AH4 -> 0 | DA4: =AL4 -> 1 | DB4: =(ROUND(AT4*CZ4,2)*1.1) -> 0 | DC4: =(ROUND(AT4*AG4,2)*1.1) -> 0 | DF4: =ROUND(ROUND(AE4,2)*CX4,2) -> 0 | DG4: =ROUND(ROUND(AF4,2)*CX4,2) -> 0 | DH4: =ROUND(ROUND(AG4,2)*ROUND((AT4*Source!I31*1.1),9),2) -> 0 | DI4: =ROUND(ROUND(AH4,2)*CX4,2) -> 0 | DJ4: =DI4 -> 0 | DK4: 0 | DM4: 0 | DO4: 0 | DP4: *1,1
A5: =ROW(Source!A32) -> 32 | B5: 86495194 | C5: 86495202 | D5: 0 | E5: 1 | F5: 1 | G5: 30515945 | H5: 1 | I5: 1 | K5: Затраты труда рабочих среднего разряда 1 | L5: 1369 | N5: 1013 | O5: чел.-ч | P5: чел.-ч | Q5: 1 | W5: 0 | X5: -2001970737 | Y5: =(AT5*1.1) -> 2.519 | AA5: 0 | AB5: 0 | AC5: 0 | AD5: 0 | AE5: 0 | AF5: 0 | AG5: 0 | AH5: 0 | AI5: 1 | AJ5: 1 | AK5: 1 | AL5: 1 | AM5: 0 | AN5: 0 | AO5: 1 | AP5: 0 | AQ5: 0 | AR5: 0 | AT5: 2.29 | AU5: *1,1 | AV5: 1 | AW5: 2 | AX5: 86495204 | AY5: 1 | AZ5: 6144 | BA5: 5 | BB5: 0 | BC5: 0 | BD5: 0 | BE5: 0 | BF5: 0 | BG5: 0 | BH5: 0 | BI5: 0 | BJ5: 0 | BK5: 0 | BL5: 0 | BM5: 0 | BN5: 0 | BO5: 0 | BP5: 0 | BQ5: 0 | BR5: 0 | BS5: 0 | BT5: 0 | BU5: 0 | BV5: 0 | BW5: 0 | CU5: =ROUND(AT5*Source!I32*AH5*AL5,2) -> 0 | CV5: =ROUND(Y5*Source!I32,9) -> 22.671 | CW5: 0 | CX5: =ROUND(Y5*Source!I32,9) -> 22.671 | CY5: =AD5 -> 0 | CZ5: =AH5 -> 0 | DA5: =AL5 -> 1 | DB5: =(ROUND(AT5*CZ5,2)*1.1) -> 0 | DC5: =(ROUND(AT5*AG5,2)*1.1) -> 0 | DF5: =ROUND(ROUND(AE5,2)*CX5,2) -> 0 | DG5: =ROUND(ROUND(AF5,2)*CX5,2) -> 0 | DH5: =ROUND(ROUND(AG5,2)*ROUND((AT5*Source!I32*1.1),9),2) -> 0 | DI5: =ROUND(ROUND(AH5,2)*CX5,2) -> 0 | DJ5: =DI5 -> 0 | DK5: 0 | DM5: 0 | DO5: 0 | DP5: *1,1
A6: =ROW(Source!A33) -> 33 | B6: 86495195 | C6: 86495202 | D6: 0 | E6: 1 | F6: 1 | G6: 30515945 | H6: 1 | I6: 1 | K6: Затраты труда рабочих среднего разряда 1 | L6: 1369 | N6: 1013 | O6: чел.-ч | P6: чел.-ч | Q6: 1 | W6: 0 | X6: -2001970737 | Y6: =(AT6*1.1) -> 2.519 | AA6: 0 | AB6: 0 | AC6: 0 | AD6: 0 | AE6: 0 | AF6: 0 | AG6: 0 | AH6: 0 | AI6: 1 | AJ6: 1 | AK6: 1 | AL6: 1 | AM6: 0 | AN6: 0 | AO6: 1 | AP6: 0 | AQ6: 0 | AR6: 0 | AT6: 2.29 | AU6: *1,1 | AV6: 1 | AW6: 2 | AX6: 86495204 | AY6: 1 | AZ6: 6144 | BA6: 6 | BB6: 0 | BC6: 0 | BD6: 0 | BE6: 0 | BF6: 0 | BG6: 0 | BH6: 0 | BI6: 0 | BJ6: 0 | BK6: 0 | BL6: 0 | BM6: 0 | BN6: 0 | BO6: 0 | BP6: 0 | BQ6: 0 | BR6: 0 | BS6: 0 | BT6: 0 | BU6: 0 | BV6: 0 | BW6: 0 | CU6: =ROUND(AT6*Source!I33*AH6*AL6,2) -> 0 | CV6: =ROUND(Y6*Source!I33,9) -> 22.671 | CW6: 0 | CX6: =ROUND(Y6*Source!I33,9) -> 22.671 | CY6: =AD6 -> 0 | CZ6: =AH6 -> 0 | DA6: =AL6 -> 1 | DB6: =(ROUND(AT6*CZ6,2)*1.1) -> 0 | DC6: =(ROUND(AT6*AG6,2)*1.1) -> 0 | DF6: =ROUND(ROUND(AE6,2)*CX6,2) -> 0 | DG6: =ROUND(ROUND(AF6,2)*CX6,2) -> 0 | DH6: =ROUND(ROUND(AG6,2)*ROUND((AT6*Source!I33*1.1),9),2) -> 0 | DI6: =ROUND(ROUND(AH6,2)*CX6,2) -> 0 | DJ6: =DI6 -> 0 | DK6: 0 | DM6: 0 | DO6: 0 | DP6: *1,1
A7: =ROW(Source!A34) -> 34 | B7: 86495194 | C7: 86495205 | D7: 0 | E7: 1 | F7: 1 | G7: 30515945 | H7: 1 | I7: 1 | K7: Затраты труда рабочих среднего разряда 1 | L7: 1369 | N7: 1013 | O7: чел.-ч | P7: чел.-ч | Q7: 1 | W7: 0 | X7: -2001970737 | Y7: =(AT7*1.1) -> 3.806 | AA7: 0 | AB7: 0 | AC7: 0 | AD7: 0 | AE7: 0 | AF7: 0 | AG7: 0 | AH7: 0 | AI7: 1 | AJ7: 1 | AK7: 1 | AL7: 1 | AM7: 0 | AN7: 0 | AO7: 1 | AP7: 0 | AQ7: 0 | AR7: 0 | AT7: 3.46 | AU7: *1,1 | AV7: 1 | AW7: 2 | AX7: 86495207 | AY7: 1 | AZ7: 6144 | BA7: 7 | BB7: 0 | BC7: 0 | BD7: 0 | BE7: 0 | BF7: 0 | BG7: 0 | BH7: 0 | BI7: 0 | BJ7: 0 | BK7: 0 | BL7: 0 | BM7: 0 | BN7: 0 | BO7: 0 | BP7: 0 | BQ7: 0 | BR7: 0 | BS7: 0 | BT7: 0 | BU7: 0 | BV7: 0 | BW7: 0 | CU7: =ROUND(AT7*Source!I34*AH7*AL7,2) -> 0 | CV7: =ROUND(Y7*Source!I34,9) -> 38.06 | CW7: 0 | CX7: =ROUND(Y7*Source!I34,9) -> 38.06 | CY7: =AD7 -> 0 | CZ7: =AH7 -> 0 | DA7: =AL7 -> 1 | DB7: =(ROUND(AT7*CZ7,2)*1.1) -> 0 | DC7: =(ROUND(AT7*AG7,2)*1.1) -> 0 | DF7: =ROUND(ROUND(AE7,2)*CX7,2) -> 0 | DG7: =ROUND(ROUND(AF7,2)*CX7,2) -> 0 | DH7: =ROUND(ROUND(AG7,2)*ROUND((AT7*Source!I34*1.1),9),2) -> 0 | DI7: =ROUND(ROUND(AH7,2)*CX7,2) -> 0 | DJ7: =DI7 -> 0 | DK7: 0 | DM7: 0 | DO7: 0 | DP7: *1,1
A8: =ROW(Source!A35) -> 35 | B8: 86495195 | C8: 86495205 | D8: 0 | E8: 1 | F8: 1 | G8: 30515945 | H8: 1 | I8: 1 | K8: Затраты труда рабочих среднего разряда 1 | L8: 1369 | N8: 1013 | O8: чел.-ч | P8: чел.-ч | Q8: 1 | W8: 0 | X8: -2001970737 | Y8: =(AT8*1.1) -> 3.806 | AA8: 0 | AB8: 0 | AC8: 0 | AD8: 0 | AE8: 0 | AF8: 0 | AG8: 0 | AH8: 0 | AI8: 1 | AJ8: 1 | AK8: 1 | AL8: 1 | AM8: 0 | AN8: 0 | AO8: 1 | AP8: 0 | AQ8: 0 | AR8: 0 | AT8: 3.46 | AU8: *1,1 | AV8: 1 | AW8: 2 | AX8: 86495207 | AY8: 1 | AZ8: 6144 | BA8: 8 | BB8: 0 | BC8: 0 | BD8: 0 | BE8: 0 | BF8: 0 | BG8: 0 | BH8: 0 | BI8: 0 | BJ8: 0 | BK8: 0 | BL8: 0 | BM8: 0 | BN8: 0 | BO8: 0 | BP8: 0 | BQ8: 0 | BR8: 0 | BS8: 0 | BT8: 0 | BU8: 0 | BV8: 0 | BW8: 0 | CU8: =ROUND(AT8*Source!I35*AH8*AL8,2) -> 0 | CV8: =ROUND(Y8*Source!I35,9) -> 38.06 | CW8: 0 | CX8: =ROUND(Y8*Source!I35,9) -> 38.06 | CY8: =AD8 -> 0 | CZ8: =AH8 -> 0 | DA8: =AL8 -> 1 | DB8: =(ROUND(AT8*CZ8,2)*1.1) -> 0 | DC8: =(ROUND(AT8*AG8,2)*1.1) -> 0 | DF8: =ROUND(ROUND(AE8,2)*CX8,2) -> 0 | DG8: =ROUND(ROUND(AF8,2)*CX8,2) -> 0 | DH8: =ROUND(ROUND(AG8,2)*ROUND((AT8*Source!I35*1.1),9),2) -> 0 | DI8: =ROUND(ROUND(AH8,2)*CX8,2) -> 0 | DJ8: =DI8 -> 0 | DK8: 0 | DM8: 0 | DO8: 0 | DP8: *1,1
A9: =ROW(Source!A36) -> 36 | B9: 86495194 | C9: 86495208 | D9: 0 | E9: 1 | F9: 1 | G9: 30515945 | H9: 1 | I9: 1 | K9: Затраты труда рабочих среднего разряда 1 | L9: 1369 | N9: 1013 | O9: чел.-ч | P9: чел.-ч | Q9: 1 | W9: 0 | X9: -2001970737 | Y9: =(AT9*1.1) -> 6.039 | AA9: 0 | AB9: 0 | AC9: 0 | AD9: 0 | AE9: 0 | AF9: 0 | AG9: 0 | AH9: 0 | AI9: 1 | AJ9: 1 | AK9: 1 | AL9: 1 | AM9: 0 | AN9: 0 | AO9: 1 | AP9: 0 | AQ9: 0 | AR9: 0 | AT9: 5.49 | AU9: *1,1 | AV9: 1 | AW9: 2 | AX9: 86495210 | AY9: 1 | AZ9: 6144 | BA9: 9 | BB9: 0 | BC9: 0 | BD9: 0 | BE9: 0 | BF9: 0 | BG9: 0 | BH9: 0 | BI9: 0 | BJ9: 0 | BK9: 0 | BL9: 0 | BM9: 0 | BN9: 0 | BO9: 0 | BP9: 0 | BQ9: 0 | BR9: 0 | BS9: 0 | BT9: 0 | BU9: 0 | BV9: 0 | BW9: 0 | CU9: =ROUND(AT9*Source!I36*AH9*AL9,2) -> 0 | CV9: =ROUND(Y9*Source!I36,9) -> 18.117 | CW9: 0 | CX9: =ROUND(Y9*Source!I36,9) -> 18.117 | CY9: =AD9 -> 0 | CZ9: =AH9 -> 0 | DA9: =AL9 -> 1 | DB9: =(ROUND(AT9*CZ9,2)*1.1) -> 0 | DC9: =(ROUND(AT9*AG9,2)*1.1) -> 0 | DF9: =ROUND(ROUND(AE9,2)*CX9,2) -> 0 | DG9: =ROUND(ROUND(AF9,2)*CX9,2) -> 0 | DH9: =ROUND(ROUND(AG9,2)*ROUND((AT9*Source!I36*1.1),9),2) -> 0 | DI9: =ROUND(ROUND(AH9,2)*CX9,2) -> 0 | DJ9: =DI9 -> 0 | DK9: 0 | DM9: 0 | DO9: 0 | DP9: *1,1
A10: =ROW(Source!A37) -> 37 | B10: 86495195 | C10: 86495208 | D10: 0 | E10: 1 | F10: 1 | G10: 30515945 | H10: 1 | I10: 1 | K10: Затраты труда рабочих среднего разряда 1 | L10: 1369 | N10: 1013 | O10: чел.-ч | P10: чел.-ч | Q10: 1 | W10: 0 | X10: -2001970737 | Y10: =(AT10*1.1) -> 6.039 | AA10: 0 | AB10: 0 | AC10: 0 | AD10: 0 | AE10: 0 | AF10: 0 | AG10: 0 | AH10: 0 | AI10: 1 | AJ10: 1 | AK10: 1 | AL10: 1 | AM10: 0 | AN10: 0 | AO10: 1 | AP10: 0 | AQ10: 0 | AR10: 0 | AT10: 5.49 | AU10: *1,1 | AV10: 1 | AW10: 2 | AX10: 86495210 | AY10: 1 | AZ10: 6144 | BA10: 10 | BB10: 0 | BC10: 0 | BD10: 0 | BE10: 0 | BF10: 0 | BG10: 0 | BH10: 0 | BI10: 0 | BJ10: 0 | BK10: 0 | BL10: 0 | BM10: 0 | BN10: 0 | BO10: 0 | BP10: 0 | BQ10: 0 | BR10: 0 | BS10: 0 | BT10: 0 | BU10: 0 | BV10: 0 | BW10: 0 | CU10: =ROUND(AT10*Source!I37*AH10*AL10,2) -> 0 | CV10: =ROUND(Y10*Source!I37,9) -> 18.117 | CW10: 0 | CX10: =ROUND(Y10*Source!I37,9) -> 18.117 | CY10: =AD10 -> 0 | CZ10: =AH10 -> 0 | DA10: =AL10 -> 1 | DB10: =(ROUND(AT10*CZ10,2)*1.1) -> 0 | DC10: =(ROUND(AT10*AG10,2)*1.1) -> 0 | DF10: =ROUND(ROUND(AE10,2)*CX10,2) -> 0 | DG10: =ROUND(ROUND(AF10,2)*CX10,2) -> 0 | DH10: =ROUND(ROUND(AG10,2)*ROUND((AT10*Source!I37*1.1),9),2) -> 0 | DI10: =ROUND(ROUND(AH10,2)*CX10,2) -> 0 | DJ10: =DI10 -> 0 | DK10: 0 | DM10: 0 | DO10: 0 | DP10: *1,1
A11: =ROW(Source!A38) -> 38 | B11: 86495194 | C11: 86495211 | D11: 0 | E11: 1 | F11: 1 | G11: 30515945 | H11: 1 | I11: 1 | K11: Затраты труда рабочих среднего разряда 1 | L11: 1369 | N11: 1013 | O11: чел.-ч | P11: чел.-ч | Q11: 1 | W11: 0 | X11: -2001970737 | Y11: =(AT11*1.1) -> 496.21 | AA11: 0 | AB11: 0 | AC11: 0 | AD11: 0 | AE11: 0 | AF11: 0 | AG11: 0 | AH11: 0 | AI11: 1 | AJ11: 1 | AK11: 1 | AL11: 1 | AM11: 0 | AN11: 0 | AO11: 1 | AP11: 0 | AQ11: 0 | AR11: 0 | AT11: 451.1 | AU11: *1,1 | AV11: 1 | AW11: 2 | AX11: 86495213 | AY11: 1 | AZ11: 6144 | BA11: 11 | BB11: 0 | BC11: 0 | BD11: 0 | BE11: 0 | BF11: 0 | BG11: 0 | BH11: 0 | BI11: 0 | BJ11: 0 | BK11: 0 | BL11: 0 | BM11: 0 | BN11: 0 | BO11: 0 | BP11: 0 | BQ11: 0 | BR11: 0 | BS11: 0 | BT11: 0 | BU11: 0 | BV11: 0 | BW11: 0 | CU11: =ROUND(AT11*Source!I38*AH11*AL11,2) -> 0 | CV11: =ROUND(Y11*Source!I38,9) -> 20.741578 | CW11: 0 | CX11: =ROUND(Y11*Source!I38,9) -> 20.741578 | CY11: =AD11 -> 0 | CZ11: =AH11 -> 0 | DA11: =AL11 -> 1 | DB11: =(ROUND(AT11*CZ11,2)*1.1) -> 0 | DC11: =(ROUND(AT11*AG11,2)*1.1) -> 0 | DF11: =ROUND(ROUND(AE11,2)*CX11,2) -> 0 | DG11: =ROUND(ROUND(AF11,2)*CX11,2) -> 0 | DH11: =ROUND(ROUND(AG11,2)*ROUND((AT11*Source!I38*1.1),9),2) -> 0 | DI11: =ROUND(ROUND(AH11,2)*CX11,2) -> 0 | DJ11: =DI11 -> 0 | DK11: 0 | DM11: 0 | DO11: 0 | DP11: *1,1
A12: =ROW(Source!A39) -> 39 | B12: 86495195 | C12: 86495211 | D12: 0 | E12: 1 | F12: 1 | G12: 30515945 | H12: 1 | I12: 1 | K12: Затраты труда рабочих среднего разряда 1 | L12: 1369 | N12: 1013 | O12: чел.-ч | P12: чел.-ч | Q12: 1 | W12: 0 | X12: -2001970737 | Y12: =(AT12*1.1) -> 496.21 | AA12: 0 | AB12: 0 | AC12: 0 | AD12: 0 | AE12: 0 | AF12: 0 | AG12: 0 | AH12: 0 | AI12: 1 | AJ12: 1 | AK12: 1 | AL12: 1 | AM12: 0 | AN12: 0 | AO12: 1 | AP12: 0 | AQ12: 0 | AR12: 0 | AT12: 451.1 | AU12: *1,1 | AV12: 1 | AW12: 2 | AX12: 86495213 | AY12: 1 | AZ12: 6144 | BA12: 12 | BB12: 0 | BC12: 0 | BD12: 0 | BE12: 0 | BF12: 0 | BG12: 0 | BH12: 0 | BI12: 0 | BJ12: 0 | BK12: 0 | BL12: 0 | BM12: 0 | BN12: 0 | BO12: 0 | BP12: 0 | BQ12: 0 | BR12: 0 | BS12: 0 | BT12: 0 | BU12: 0 | BV12: 0 | BW12: 0 | CU12: =ROUND(AT12*Source!I39*AH12*AL12,2) -> 0 | CV12: =ROUND(Y12*Source!I39,9) -> 20.741578 | CW12: 0 | CX12: =ROUND(Y12*Source!I39,9) -> 20.741578 | CY12: =AD12 -> 0 | CZ12: =AH12 -> 0 | DA12: =AL12 -> 1 | DB12: =(ROUND(AT12*CZ12,2)*1.1) -> 0 | DC12: =(ROUND(AT12*AG12,2)*1.1) -> 0 | DF12: =ROUND(ROUND(AE12,2)*CX12,2) -> 0 | DG12: =ROUND(ROUND(AF12,2)*CX12,2) -> 0 | DH12: =ROUND(ROUND(AG12,2)*ROUND((AT12*Source!I39*1.1),9),2) -> 0 | DI12: =ROUND(ROUND(AH12,2)*CX12,2) -> 0 | DJ12: =DI12 -> 0 | DK12: 0 | DM12: 0 | DO12: 0 | DP12: *1,1
A13: =ROW(Source!A40) -> 40 | B13: 86495194 | C13: 86495214 | D13: 0 | E13: 1 | F13: 1 | G13: 30515945 | H13: 1 | I13: 1 | K13: Затраты труда рабочих среднего разряда 1 | L13: 1369 | N13: 1013 | O13: чел.-ч | P13: чел.-ч | Q13: 1 | W13: 0 | X13: -2001970737 | Y13: =(AT13*1.1) -> 3.674 | AA13: 0 | AB13: 0 | AC13: 0 | AD13: 0 | AE13: 0 | AF13: 0 | AG13: 0 | AH13: 0 | AI13: 1 | AJ13: 1 | AK13: 1 | AL13: 1 | AM13: 0 | AN13: 0 | AO13: 1 | AP13: 0 | AQ13: 0 | AR13: 0 | AT13: 3.34 | AU13: *1,1 | AV13: 1 | AW13: 2 | AX13: 86495217 | AY13: 1 | AZ13: 6144 | BA13: 13 | BB13: 0 | BC13: 0 | BD13: 0 | BE13: 0 | BF13: 0 | BG13: 0 | BH13: 0 | BI13: 0 | BJ13: 0 | BK13: 0 | BL13: 0 | BM13: 0 | BN13: 0 | BO13: 0 | BP13: 0 | BQ13: 0 | BR13: 0 | BS13: 0 | BT13: 0 | BU13: 0 | BV13: 0 | BW13: 0 | CU13: =ROUND(AT13*Source!I40*AH13*AL13,2) -> 0 | CV13: =ROUND(Y13*Source!I40,9) -> 88.176 | CW13: 0 | CX13: =ROUND(Y13*Source!I40,9) -> 88.176 | CY13: =AD13 -> 0 | CZ13: =AH13 -> 0 | DA13: =AL13 -> 1 | DB13: =(ROUND(AT13*CZ13,2)*1.1) -> 0 | DC13: =(ROUND(AT13*AG13,2)*1.1) -> 0 | DF13: =ROUND(ROUND(AE13,2)*CX13,2) -> 0 | DG13: =ROUND(ROUND(AF13,2)*CX13,2) -> 0 | DH13: =ROUND(ROUND(AG13,2)*ROUND((AT13*Source!I40*1.1),9),2) -> 0 | DI13: =ROUND(ROUND(AH13,2)*CX13,2) -> 0 | DJ13: =DI13 -> 0 | DK13: 0 | DM13: 0 | DO13: 0 | DP13: *1,1
A14: =ROW(Source!A40) -> 40 | B14: 86495194 | C14: 86495214 | D14: 30531738 | E14: 1 | F14: 1 | G14: 30515945 | H14: 3 | I14: 9797020000 | K14: Земля растительная | L14: 1339 | N14: 1007 | O14: м3 | P14: м3 | Q14: 1 | W14: 0 | X14: 322112170 | Y14: =AT14 -> 0.34 | AA14: 0 | AB14: 0 | AC14: 0 | AD14: 0 | AE14: 0 | AF14: 0 | AG14: 0 | AH14: 0 | AI14: 1 | AJ14: 1 | AK14: 1 | AL14: 1 | AM14: 0 | AN14: 0 | AO14: 0 | AP14: 0 | AQ14: 0 | AR14: 0 | AT14: 0.34 | AV14: 0 | AW14: 2 | AX14: 86495218 | AY14: 1 | AZ14: 0 | BA14: 14 | BB14: 0 | BC14: 0 | BD14: 0 | BE14: 0 | BF14: 0 | BG14: 0 | BH14: 0 | BI14: 0 | BJ14: 0 | BK14: 0 | BL14: 0 | BM14: 0 | BN14: 0 | BO14: 0 | BP14: 0 | BQ14: 0 | BR14: 0 | BS14: 0 | BT14: 0 | BU14: 0 | BV14: 0 | BW14: 0 | CV14: 0 | CW14: 0 | CX14: =ROUND(Y14*Source!I40,9) -> 8.16 | CY14: =AA14 -> 0 | CZ14: =AE14 -> 0 | DA14: =AI14 -> 1 | DB14: =ROUND(AT14*CZ14,2) -> 0 | DC14: =ROUND(AT14*AG14,2) -> 0 | DF14: =ROUND(ROUND(AE14,2)*CX14,2) -> 0 | DG14: =ROUND(ROUND(AF14,2)*CX14,2) -> 0 | DH14: =ROUND(ROUND(AG14,2)*ROUND(AT14*Source!I40,9),2) -> 0 | DI14: =ROUND(ROUND(AH14,2)*CX14,2) -> 0 | DJ14: =DF14 -> 0 | DK14: 0 | DM14: 0 | DO14: 0
A15: =ROW(Source!A41) -> 41 | B15: 86495195 | C15: 86495214 | D15: 0 | E15: 1 | F15: 1 | G15: 30515945 | H15: 1 | I15: 1 | K15: Затраты труда рабочих среднего разряда 1 | L15: 1369 | N15: 1013 | O15: чел.-ч | P15: чел.-ч | Q15: 1 | W15: 0 | X15: -2001970737 | Y15: =(AT15*1.1) -> 3.674 | AA15: 0 | AB15: 0 | AC15: 0 | AD15: 0 | AE15: 0 | AF15: 0 | AG15: 0 | AH15: 0 | AI15: 1 | AJ15: 1 | AK15: 1 | AL15: 1 | AM15: 0 | AN15: 0 | AO15: 1 | AP15: 0 | AQ15: 0 | AR15: 0 | AT15: 3.34 | AU15: *1,1 | AV15: 1 | AW15: 2 | AX15: 86495217 | AY15: 1 | AZ15: 6144 | BA15: 15 | BB15: 0 | BC15: 0 | BD15: 0 | BE15: 0 | BF15: 0 | BG15: 0 | BH15: 0 | BI15: 0 | BJ15: 0 | BK15: 0 | BL15: 0 | BM15: 0 | BN15: 0 | BO15: 0 | BP15: 0 | BQ15: 0 | BR15: 0 | BS15: 0 | BT15: 0 | BU15: 0 | BV15: 0 | BW15: 0 | CU15: =ROUND(AT15*Source!I41*AH15*AL15,2) -> 0 | CV15: =ROUND(Y15*Source!I41,9) -> 88.176 | CW15: 0 | CX15: =ROUND(Y15*Source!I41,9) -> 88.176 | CY15: =AD15 -> 0 | CZ15: =AH15 -> 0 | DA15: =AL15 -> 1 | DB15: =(ROUND(AT15*CZ15,2)*1.1) -> 0 | DC15: =(ROUND(AT15*AG15,2)*1.1) -> 0 | DF15: =ROUND(ROUND(AE15,2)*CX15,2) -> 0 | DG15: =ROUND(ROUND(AF15,2)*CX15,2) -> 0 | DH15: =ROUND(ROUND(AG15,2)*ROUND((AT15*Source!I41*1.1),9),2) -> 0 | DI15: =ROUND(ROUND(AH15,2)*CX15,2) -> 0 | DJ15: =DI15 -> 0 | DK15: 0 | DM15: 0 | DO15: 0 | DP15: *1,1
A16: =ROW(Source!A41) -> 41 | B16: 86495195 | C16: 86495214 | D16: 30531738 | E16: 1 | F16: 1 | G16: 30515945 | H16: 3 | I16: 9797020000 | K16: Земля растительная | L16: 1339 | N16: 1007 | O16: м3 | P16: м3 | Q16: 1 | W16: 0 | X16: 322112170 | Y16: =AT16 -> 0.34 | AA16: 0 | AB16: 0 | AC16: 0 | AD16: 0 | AE16: 0 | AF16: 0 | AG16: 0 | AH16: 0 | AI16: 1 | AJ16: 1 | AK16: 1 | AL16: 1 | AM16: 0 | AN16: 0 | AO16: 0 | AP16: 0 | AQ16: 0 | AR16: 0 | AT16: 0.34 | AV16: 0 | AW16: 2 | AX16: 86495218 | AY16: 1 | AZ16: 0 | BA16: 16 | BB16: 0 | BC16: 0 | BD16: 0 | BE16: 0 | BF16: 0 | BG16: 0 | BH16: 0 | BI16: 0 | BJ16: 0 | BK16: 0 | BL16: 0 | BM16: 0 | BN16: 0 | BO16: 0 | BP16: 0 | BQ16: 0 | BR16: 0 | BS16: 0 | BT16: 0 | BU16: 0 | BV16: 0 | BW16: 0 | CV16: 0 | CW16: 0 | CX16: =ROUND(Y16*Source!I41,9) -> 8.16 | CY16: =AA16 -> 0 | CZ16: =AE16 -> 0 | DA16: =AI16 -> 1 | DB16: =ROUND(AT16*CZ16,2) -> 0 | DC16: =ROUND(AT16*AG16,2) -> 0 | DF16: =ROUND(ROUND(AE16,2)*CX16,2) -> 0 | DG16: =ROUND(ROUND(AF16,2)*CX16,2) -> 0 | DH16: =ROUND(ROUND(AG16,2)*ROUND(AT16*Source!I41,9),2) -> 0 | DI16: =ROUND(ROUND(AH16,2)*CX16,2) -> 0 | DJ16: =DF16 -> 0 | DK16: 0 | DM16: 0 | DO16: 0
A17: =ROW(Source!A42) -> 42 | B17: 86495194 | C17: 86495219 | D17: 0 | E17: 1 | F17: 1 | G17: 30515945 | H17: 1 | I17: 1 | K17: Затраты труда рабочих среднего разряда 1 | L17: 1369 | N17: 1013 | O17: чел.-ч | P17: чел.-ч | Q17: 1 | W17: 0 | X17: -2001970737 | Y17: =(AT17*1.1) -> 4.95 | AA17: 0 | AB17: 0 | AC17: 0 | AD17: 0 | AE17: 0 | AF17: 0 | AG17: 0 | AH17: 0 | AI17: 1 | AJ17: 1 | AK17: 1 | AL17: 1 | AM17: 0 | AN17: 0 | AO17: 1 | AP17: 0 | AQ17: 0 | AR17: 0 | AT17: 4.5 | AU17: *1,1 | AV17: 1 | AW17: 2 | AX17: 86495222 | AY17: 1 | AZ17: 6144 | BA17: 17 | BB17: 0 | BC17: 0 | BD17: 0 | BE17: 0 | BF17: 0 | BG17: 0 | BH17: 0 | BI17: 0 | BJ17: 0 | BK17: 0 | BL17: 0 | BM17: 0 | BN17: 0 | BO17: 0 | BP17: 0 | BQ17: 0 | BR17: 0 | BS17: 0 | BT17: 0 | BU17: 0 | BV17: 0 | BW17: 0 | CU17: =ROUND(AT17*Source!I42*AH17*AL17,2) -> 0 | CV17: =ROUND(Y17*Source!I42,9) -> 54.45 | CW17: 0 | CX17: =ROUND(Y17*Source!I42,9) -> 54.45 | CY17: =AD17 -> 0 | CZ17: =AH17 -> 0 | DA17: =AL17 -> 1 | DB17: =(ROUND(AT17*CZ17,2)*1.1) -> 0 | DC17: =(ROUND(AT17*AG17,2)*1.1) -> 0 | DF17: =ROUND(ROUND(AE17,2)*CX17,2) -> 0 | DG17: =ROUND(ROUND(AF17,2)*CX17,2) -> 0 | DH17: =ROUND(ROUND(AG17,2)*ROUND((AT17*Source!I42*1.1),9),2) -> 0 | DI17: =ROUND(ROUND(AH17,2)*CX17,2) -> 0 | DJ17: =DI17 -> 0 | DK17: 0 | DM17: 0 | DO17: 0 | DP17: *1,1
A18: =ROW(Source!A42) -> 42 | B18: 86495194 | C18: 86495219 | D18: 30531738 | E18: 1 | F18: 1 | G18: 30515945 | H18: 3 | I18: 9797020000 | K18: Земля растительная | L18: 1339 | N18: 1007 | O18: м3 | P18: м3 | Q18: 1 | W18: 0 | X18: 322112170 | Y18: =AT18 -> 0.45 | AA18: 0 | AB18: 0 | AC18: 0 | AD18: 0 | AE18: 0 | AF18: 0 | AG18: 0 | AH18: 0 | AI18: 1 | AJ18: 1 | AK18: 1 | AL18: 1 | AM18: 0 | AN18: 0 | AO18: 0 | AP18: 0 | AQ18: 0 | AR18: 0 | AT18: 0.45 | AV18: 0 | AW18: 2 | AX18: 86495223 | AY18: 1 | AZ18: 0 | BA18: 18 | BB18: 0 | BC18: 0 | BD18: 0 | BE18: 0 | BF18: 0 | BG18: 0 | BH18: 0 | BI18: 0 | BJ18: 0 | BK18: 0 | BL18: 0 | BM18: 0 | BN18: 0 | BO18: 0 | BP18: 0 | BQ18: 0 | BR18: 0 | BS18: 0 | BT18: 0 | BU18: 0 | BV18: 0 | BW18: 0 | CV18: 0 | CW18: 0 | CX18: =ROUND(Y18*Source!I42,9) -> 4.95 | CY18: =AA18 -> 0 | CZ18: =AE18 -> 0 | DA18: =AI18 -> 1 | DB18: =ROUND(AT18*CZ18,2) -> 0 | DC18: =ROUND(AT18*AG18,2) -> 0 | DF18: =ROUND(ROUND(AE18,2)*CX18,2) -> 0 | DG18: =ROUND(ROUND(AF18,2)*CX18,2) -> 0 | DH18: =ROUND(ROUND(AG18,2)*ROUND(AT18*Source!I42,9),2) -> 0 | DI18: =ROUND(ROUND(AH18,2)*CX18,2) -> 0 | DJ18: =DF18 -> 0 | DK18: 0 | DM18: 0 | DO18: 0
A19: =ROW(Source!A43) -> 43 | B19: 86495195 | C19: 86495219 | D19: 0 | E19: 1 | F19: 1 | G19: 30515945 | H19: 1 | I19: 1 | K19: Затраты труда рабочих среднего разряда 1 | L19: 1369 | N19: 1013 | O19: чел.-ч | P19: чел.-ч | Q19: 1 | W19: 0 | X19: -2001970737 | Y19: =(AT19*1.1) -> 4.95 | AA19: 0 | AB19: 0 | AC19: 0 | AD19: 0 | AE19: 0 | AF19: 0 | AG19: 0 | AH19: 0 | AI19: 1 | AJ19: 1 | AK19: 1 | AL19: 1 | AM19: 0 | AN19: 0 | AO19: 1 | AP19: 0 | AQ19: 0 | AR19: 0 | AT19: 4.5 | AU19: *1,1 | AV19: 1 | AW19: 2 | AX19: 86495222 | AY19: 1 | AZ19: 6144 | BA19: 19 | BB19: 0 | BC19: 0 | BD19: 0 | BE19: 0 | BF19: 0 | BG19: 0 | BH19: 0 | BI19: 0 | BJ19: 0 | BK19: 0 | BL19: 0 | BM19: 0 | BN19: 0 | BO19: 0 | BP19: 0 | BQ19: 0 | BR19: 0 | BS19: 0 | BT19: 0 | BU19: 0 | BV19: 0 | BW19: 0 | CU19: =ROUND(AT19*Source!I43*AH19*AL19,2) -> 0 | CV19: =ROUND(Y19*Source!I43,9) -> 54.45 | CW19: 0 | CX19: =ROUND(Y19*Source!I43,9) -> 54.45 | CY19: =AD19 -> 0 | CZ19: =AH19 -> 0 | DA19: =AL19 -> 1 | DB19: =(ROUND(AT19*CZ19,2)*1.1) -> 0 | DC19: =(ROUND(AT19*AG19,2)*1.1) -> 0 | DF19: =ROUND(ROUND(AE19,2)*CX19,2) -> 0 | DG19: =ROUND(ROUND(AF19,2)*CX19,2) -> 0 | DH19: =ROUND(ROUND(AG19,2)*ROUND((AT19*Source!I43*1.1),9),2) -> 0 | DI19: =ROUND(ROUND(AH19,2)*CX19,2) -> 0 | DJ19: =DI19 -> 0 | DK19: 0 | DM19: 0 | DO19: 0 | DP19: *1,1
A20: =ROW(Source!A43) -> 43 | B20: 86495195 | C20: 86495219 | D20: 30531738 | E20: 1 | F20: 1 | G20: 30515945 | H20: 3 | I20: 9797020000 | K20: Земля растительная | L20: 1339 | N20: 1007 | O20: м3 | P20: м3 | Q20: 1 | W20: 0 | X20: 322112170 | Y20: =AT20 -> 0.45 | AA20: 0 | AB20: 0 | AC20: 0 | AD20: 0 | AE20: 0 | AF20: 0 | AG20: 0 | AH20: 0 | AI20: 1 | AJ20: 1 | AK20: 1 | AL20: 1 | AM20: 0 | AN20: 0 | AO20: 0 | AP20: 0 | AQ20: 0 | AR20: 0 | AT20: 0.45 | AV20: 0 | AW20: 2 | AX20: 86495223 | AY20: 1 | AZ20: 0 | BA20: 20 | BB20: 0 | BC20: 0 | BD20: 0 | BE20: 0 | BF20: 0 | BG20: 0 | BH20: 0 | BI20: 0 | BJ20: 0 | BK20: 0 | BL20: 0 | BM20: 0 | BN20: 0 | BO20: 0 | BP20: 0 | BQ20: 0 | BR20: 0 | BS20: 0 | BT20: 0 | BU20: 0 | BV20: 0 | BW20: 0 | CV20: 0 | CW20: 0 | CX20: =ROUND(Y20*Source!I43,9) -> 4.95 | CY20: =AA20 -> 0 | CZ20: =AE20 -> 0 | DA20: =AI20 -> 1 | DB20: =ROUND(AT20*CZ20,2) -> 0 | DC20: =ROUND(AT20*AG20,2) -> 0 | DF20: =ROUND(ROUND(AE20,2)*CX20,2) -> 0 | DG20: =ROUND(ROUND(AF20,2)*CX20,2) -> 0 | DH20: =ROUND(ROUND(AG20,2)*ROUND(AT20*Source!I43,9),2) -> 0 | DI20: =ROUND(ROUND(AH20,2)*CX20,2) -> 0 | DJ20: =DF20 -> 0 | DK20: 0 | DM20: 0 | DO20: 0
A21: =ROW(Source!A44) -> 44 | B21: 86495194 | C21: 86495224 | D21: 0 | E21: 1 | F21: 1 | G21: 30515945 | H21: 1 | I21: 1 | K21: Затраты труда рабочих среднего разряда 1 | L21: 1369 | N21: 1013 | O21: чел.-ч | P21: чел.-ч | Q21: 1 | W21: 0 | X21: -2001970737 | Y21: =(AT21*1.1) -> 6.743 | AA21: 0 | AB21: 0 | AC21: 0 | AD21: 0 | AE21: 0 | AF21: 0 | AG21: 0 | AH21: 0 | AI21: 1 | AJ21: 1 | AK21: 1 | AL21: 1 | AM21: 0 | AN21: 0 | AO21: 1 | AP21: 0 | AQ21: 0 | AR21: 0 | AT21: 6.13 | AU21: *1,1 | AV21: 1 | AW21: 2 | AX21: 86495227 | AY21: 1 | AZ21: 6144 | BA21: 21 | BB21: 0 | BC21: 0 | BD21: 0 | BE21: 0 | BF21: 0 | BG21: 0 | BH21: 0 | BI21: 0 | BJ21: 0 | BK21: 0 | BL21: 0 | BM21: 0 | BN21: 0 | BO21: 0 | BP21: 0 | BQ21: 0 | BR21: 0 | BS21: 0 | BT21: 0 | BU21: 0 | BV21: 0 | BW21: 0 | CU21: =ROUND(AT21*Source!I44*AH21*AL21,2) -> 0 | CV21: =ROUND(Y21*Source!I44,9) -> 60.687 | CW21: 0 | CX21: =ROUND(Y21*Source!I44,9) -> 60.687 | CY21: =AD21 -> 0 | CZ21: =AH21 -> 0 | DA21: =AL21 -> 1 | DB21: =(ROUND(AT21*CZ21,2)*1.1) -> 0 | DC21: =(ROUND(AT21*AG21,2)*1.1) -> 0 | DF21: =ROUND(ROUND(AE21,2)*CX21,2) -> 0 | DG21: =ROUND(ROUND(AF21,2)*CX21,2) -> 0 | DH21: =ROUND(ROUND(AG21,2)*ROUND((AT21*Source!I44*1.1),9),2) -> 0 | DI21: =ROUND(ROUND(AH21,2)*CX21,2) -> 0 | DJ21: =DI21 -> 0 | DK21: 0 | DM21: 0 | DO21: 0 | DP21: *1,1
A22: =ROW(Source!A44) -> 44 | B22: 86495194 | C22: 86495224 | D22: 30531738 | E22: 1 | F22: 1 | G22: 30515945 | H22: 3 | I22: 9797020000 | K22: Земля растительная | L22: 1339 | N22: 1007 | O22: м3 | P22: м3 | Q22: 1 | W22: 0 | X22: 322112170 | Y22: =AT22 -> 0.56 | AA22: 0 | AB22: 0 | AC22: 0 | AD22: 0 | AE22: 0 | AF22: 0 | AG22: 0 | AH22: 0 | AI22: 1 | AJ22: 1 | AK22: 1 | AL22: 1 | AM22: 0 | AN22: 0 | AO22: 0 | AP22: 0 | AQ22: 0 | AR22: 0 | AT22: 0.56 | AV22: 0 | AW22: 2 | AX22: 86495228 | AY22: 1 | AZ22: 0 | BA22: 22 | BB22: 0 | BC22: 0 | BD22: 0 | BE22: 0 | BF22: 0 | BG22: 0 | BH22: 0 | BI22: 0 | BJ22: 0 | BK22: 0 | BL22: 0 | BM22: 0 | BN22: 0 | BO22: 0 | BP22: 0 | BQ22: 0 | BR22: 0 | BS22: 0 | BT22: 0 | BU22: 0 | BV22: 0 | BW22: 0 | CV22: 0 | CW22: 0 | CX22: =ROUND(Y22*Source!I44,9) -> 5.04 | CY22: =AA22 -> 0 | CZ22: =AE22 -> 0 | DA22: =AI22 -> 1 | DB22: =ROUND(AT22*CZ22,2) -> 0 | DC22: =ROUND(AT22*AG22,2) -> 0 | DF22: =ROUND(ROUND(AE22,2)*CX22,2) -> 0 | DG22: =ROUND(ROUND(AF22,2)*CX22,2) -> 0 | DH22: =ROUND(ROUND(AG22,2)*ROUND(AT22*Source!I44,9),2) -> 0 | DI22: =ROUND(ROUND(AH22,2)*CX22,2) -> 0 | DJ22: =DF22 -> 0 | DK22: 0 | DM22: 0 | DO22: 0
A23: =ROW(Source!A45) -> 45 | B23: 86495195 | C23: 86495224 | D23: 0 | E23: 1 | F23: 1 | G23: 30515945 | H23: 1 | I23: 1 | K23: Затраты труда рабочих среднего разряда 1 | L23: 1369 | N23: 1013 | O23: чел.-ч | P23: чел.-ч | Q23: 1 | W23: 0 | X23: -2001970737 | Y23: =(AT23*1.1) -> 6.743 | AA23: 0 | AB23: 0 | AC23: 0 | AD23: 0 | AE23: 0 | AF23: 0 | AG23: 0 | AH23: 0 | AI23: 1 | AJ23: 1 | AK23: 1 | AL23: 1 | AM23: 0 | AN23: 0 | AO23: 1 | AP23: 0 | AQ23: 0 | AR23: 0 | AT23: 6.13 | AU23: *1,1 | AV23: 1 | AW23: 2 | AX23: 86495227 | AY23: 1 | AZ23: 6144 | BA23: 23 | BB23: 0 | BC23: 0 | BD23: 0 | BE23: 0 | BF23: 0 | BG23: 0 | BH23: 0 | BI23: 0 | BJ23: 0 | BK23: 0 | BL23: 0 | BM23: 0 | BN23: 0 | BO23: 0 | BP23: 0 | BQ23: 0 | BR23: 0 | BS23: 0 | BT23: 0 | BU23: 0 | BV23: 0 | BW23: 0 | CU23: =ROUND(AT23*Source!I45*AH23*AL23,2) -> 0 | CV23: =ROUND(Y23*Source!I45,9) -> 60.687 | CW23: 0 | CX23: =ROUND(Y23*Source!I45,9) -> 60.687 | CY23: =AD23 -> 0 | CZ23: =AH23 -> 0 | DA23: =AL23 -> 1 | DB23: =(ROUND(AT23*CZ23,2)*1.1) -> 0 | DC23: =(ROUND(AT23*AG23,2)*1.1) -> 0 | DF23: =ROUND(ROUND(AE23,2)*CX23,2) -> 0 | DG23: =ROUND(ROUND(AF23,2)*CX23,2) -> 0 | DH23: =ROUND(ROUND(AG23,2)*ROUND((AT23*Source!I45*1.1),9),2) -> 0 | DI23: =ROUND(ROUND(AH23,2)*CX23,2) -> 0 | DJ23: =DI23 -> 0 | DK23: 0 | DM23: 0 | DO23: 0 | DP23: *1,1
A24: =ROW(Source!A45) -> 45 | B24: 86495195 | C24: 86495224 | D24: 30531738 | E24: 1 | F24: 1 | G24: 30515945 | H24: 3 | I24: 9797020000 | K24: Земля растительная | L24: 1339 | N24: 1007 | O24: м3 | P24: м3 | Q24: 1 | W24: 0 | X24: 322112170 | Y24: =AT24 -> 0.56 | AA24: 0 | AB24: 0 | AC24: 0 | AD24: 0 | AE24: 0 | AF24: 0 | AG24: 0 | AH24: 0 | AI24: 1 | AJ24: 1 | AK24: 1 | AL24: 1 | AM24: 0 | AN24: 0 | AO24: 0 | AP24: 0 | AQ24: 0 | AR24: 0 | AT24: 0.56 | AV24: 0 | AW24: 2 | AX24: 86495228 | AY24: 1 | AZ24: 0 | BA24: 24 | BB24: 0 | BC24: 0 | BD24: 0 | BE24: 0 | BF24: 0 | BG24: 0 | BH24: 0 | BI24: 0 | BJ24: 0 | BK24: 0 | BL24: 0 | BM24: 0 | BN24: 0 | BO24: 0 | BP24: 0 | BQ24: 0 | BR24: 0 | BS24: 0 | BT24: 0 | BU24: 0 | BV24: 0 | BW24: 0 | CV24: 0 | CW24: 0 | CX24: =ROUND(Y24*Source!I45,9) -> 5.04 | CY24: =AA24 -> 0 | CZ24: =AE24 -> 0 | DA24: =AI24 -> 1 | DB24: =ROUND(AT24*CZ24,2) -> 0 | DC24: =ROUND(AT24*AG24,2) -> 0 | DF24: =ROUND(ROUND(AE24,2)*CX24,2) -> 0 | DG24: =ROUND(ROUND(AF24,2)*CX24,2) -> 0 | DH24: =ROUND(ROUND(AG24,2)*ROUND(AT24*Source!I45,9),2) -> 0 | DI24: =ROUND(ROUND(AH24,2)*CX24,2) -> 0 | DJ24: =DF24 -> 0 | DK24: 0 | DM24: 0 | DO24: 0
A25: =ROW(Source!A46) -> 46 | B25: 86495194 | C25: 86495229 | D25: 0 | E25: 1 | F25: 1 | G25: 30515945 | H25: 1 | I25: 1 | K25: Затраты труда рабочих среднего разряда 1 | L25: 1369 | N25: 1013 | O25: чел.-ч | P25: чел.-ч | Q25: 1 | W25: 0 | X25: -2001970737 | Y25: =(AT25*1.1) -> 9.867 | AA25: 0 | AB25: 0 | AC25: 0 | AD25: 0 | AE25: 0 | AF25: 0 | AG25: 0 | AH25: 0 | AI25: 1 | AJ25: 1 | AK25: 1 | AL25: 1 | AM25: 0 | AN25: 0 | AO25: 1 | AP25: 0 | AQ25: 0 | AR25: 0 | AT25: 8.97 | AU25: *1,1 | AV25: 1 | AW25: 2 | AX25: 86495232 | AY25: 1 | AZ25: 6144 | BA25: 25 | BB25: 0 | BC25: 0 | BD25: 0 | BE25: 0 | BF25: 0 | BG25: 0 | BH25: 0 | BI25: 0 | BJ25: 0 | BK25: 0 | BL25: 0 | BM25: 0 | BN25: 0 | BO25: 0 | BP25: 0 | BQ25: 0 | BR25: 0 | BS25: 0 | BT25: 0 | BU25: 0 | BV25: 0 | BW25: 0 | CU25: =ROUND(AT25*Source!I46*AH25*AL25,2) -> 0 | CV25: =ROUND(Y25*Source!I46,9) -> 98.67 | CW25: 0 | CX25: =ROUND(Y25*Source!I46,9) -> 98.67 | CY25: =AD25 -> 0 | CZ25: =AH25 -> 0 | DA25: =AL25 -> 1 | DB25: =(ROUND(AT25*CZ25,2)*1.1) -> 0 | DC25: =(ROUND(AT25*AG25,2)*1.1) -> 0 | DF25: =ROUND(ROUND(AE25,2)*CX25,2) -> 0 | DG25: =ROUND(ROUND(AF25,2)*CX25,2) -> 0 | DH25: =ROUND(ROUND(AG25,2)*ROUND((AT25*Source!I46*1.1),9),2) -> 0 | DI25: =ROUND(ROUND(AH25,2)*CX25,2) -> 0 | DJ25: =DI25 -> 0 | DK25: 0 | DM25: 0 | DO25: 0 | DP25: *1,1
A26: =ROW(Source!A46) -> 46 | B26: 86495194 | C26: 86495229 | D26: 30531738 | E26: 1 | F26: 1 | G26: 30515945 | H26: 3 | I26: 9797020000 | K26: Земля растительная | L26: 1339 | N26: 1007 | O26: м3 | P26: м3 | Q26: 1 | W26: 0 | X26: 322112170 | Y26: =AT26 -> 0.67 | AA26: 0 | AB26: 0 | AC26: 0 | AD26: 0 | AE26: 0 | AF26: 0 | AG26: 0 | AH26: 0 | AI26: 1 | AJ26: 1 | AK26: 1 | AL26: 1 | AM26: 0 | AN26: 0 | AO26: 0 | AP26: 0 | AQ26: 0 | AR26: 0 | AT26: 0.67 | AV26: 0 | AW26: 2 | AX26: 86495233 | AY26: 1 | AZ26: 0 | BA26: 26 | BB26: 0 | BC26: 0 | BD26: 0 | BE26: 0 | BF26: 0 | BG26: 0 | BH26: 0 | BI26: 0 | BJ26: 0 | BK26: 0 | BL26: 0 | BM26: 0 | BN26: 0 | BO26: 0 | BP26: 0 | BQ26: 0 | BR26: 0 | BS26: 0 | BT26: 0 | BU26: 0 | BV26: 0 | BW26: 0 | CV26: 0 | CW26: 0 | CX26: =ROUND(Y26*Source!I46,9) -> 6.7 | CY26: =AA26 -> 0 | CZ26: =AE26 -> 0 | DA26: =AI26 -> 1 | DB26: =ROUND(AT26*CZ26,2) -> 0 | DC26: =ROUND(AT26*AG26,2) -> 0 | DF26: =ROUND(ROUND(AE26,2)*CX26,2) -> 0 | DG26: =ROUND(ROUND(AF26,2)*CX26,2) -> 0 | DH26: =ROUND(ROUND(AG26,2)*ROUND(AT26*Source!I46,9),2) -> 0 | DI26: =ROUND(ROUND(AH26,2)*CX26,2) -> 0 | DJ26: =DF26 -> 0 | DK26: 0 | DM26: 0 | DO26: 0
A27: =ROW(Source!A47) -> 47 | B27: 86495195 | C27: 86495229 | D27: 0 | E27: 1 | F27: 1 | G27: 30515945 | H27: 1 | I27: 1 | K27: Затраты труда рабочих среднего разряда 1 | L27: 1369 | N27: 1013 | O27: чел.-ч | P27: чел.-ч | Q27: 1 | W27: 0 | X27: -2001970737 | Y27: =(AT27*1.1) -> 9.867 | AA27: 0 | AB27: 0 | AC27: 0 | AD27: 0 | AE27: 0 | AF27: 0 | AG27: 0 | AH27: 0 | AI27: 1 | AJ27: 1 | AK27: 1 | AL27: 1 | AM27: 0 | AN27: 0 | AO27: 1 | AP27: 0 | AQ27: 0 | AR27: 0 | AT27: 8.97 | AU27: *1,1 | AV27: 1 | AW27: 2 | AX27: 86495232 | AY27: 1 | AZ27: 6144 | BA27: 27 | BB27: 0 | BC27: 0 | BD27: 0 | BE27: 0 | BF27: 0 | BG27: 0 | BH27: 0 | BI27: 0 | BJ27: 0 | BK27: 0 | BL27: 0 | BM27: 0 | BN27: 0 | BO27: 0 | BP27: 0 | BQ27: 0 | BR27: 0 | BS27: 0 | BT27: 0 | BU27: 0 | BV27: 0 | BW27: 0 | CU27: =ROUND(AT27*Source!I47*AH27*AL27,2) -> 0 | CV27: =ROUND(Y27*Source!I47,9) -> 98.67 | CW27: 0 | CX27: =ROUND(Y27*Source!I47,9) -> 98.67 | CY27: =AD27 -> 0 | CZ27: =AH27 -> 0 | DA27: =AL27 -> 1 | DB27: =(ROUND(AT27*CZ27,2)*1.1) -> 0 | DC27: =(ROUND(AT27*AG27,2)*1.1) -> 0 | DF27: =ROUND(ROUND(AE27,2)*CX27,2) -> 0 | DG27: =ROUND(ROUND(AF27,2)*CX27,2) -> 0 | DH27: =ROUND(ROUND(AG27,2)*ROUND((AT27*Source!I47*1.1),9),2) -> 0 | DI27: =ROUND(ROUND(AH27,2)*CX27,2) -> 0 | DJ27: =DI27 -> 0 | DK27: 0 | DM27: 0 | DO27: 0 | DP27: *1,1
A28: =ROW(Source!A47) -> 47 | B28: 86495195 | C28: 86495229 | D28: 30531738 | E28: 1 | F28: 1 | G28: 30515945 | H28: 3 | I28: 9797020000 | K28: Земля растительная | L28: 1339 | N28: 1007 | O28: м3 | P28: м3 | Q28: 1 | W28: 0 | X28: 322112170 | Y28: =AT28 -> 0.67 | AA28: 0 | AB28: 0 | AC28: 0 | AD28: 0 | AE28: 0 | AF28: 0 | AG28: 0 | AH28: 0 | AI28: 1 | AJ28: 1 | AK28: 1 | AL28: 1 | AM28: 0 | AN28: 0 | AO28: 0 | AP28: 0 | AQ28: 0 | AR28: 0 | AT28: 0.67 | AV28: 0 | AW28: 2 | AX28: 86495233 | AY28: 1 | AZ28: 0 | BA28: 28 | BB28: 0 | BC28: 0 | BD28: 0 | BE28: 0 | BF28: 0 | BG28: 0 | BH28: 0 | BI28: 0 | BJ28: 0 | BK28: 0 | BL28: 0 | BM28: 0 | BN28: 0 | BO28: 0 | BP28: 0 | BQ28: 0 | BR28: 0 | BS28: 0 | BT28: 0 | BU28: 0 | BV28: 0 | BW28: 0 | CV28: 0 | CW28: 0 | CX28: =ROUND(Y28*Source!I47,9) -> 6.7 | CY28: =AA28 -> 0 | CZ28: =AE28 -> 0 | DA28: =AI28 -> 1 | DB28: =ROUND(AT28*CZ28,2) -> 0 | DC28: =ROUND(AT28*AG28,2) -> 0 | DF28: =ROUND(ROUND(AE28,2)*CX28,2) -> 0 | DG28: =ROUND(ROUND(AF28,2)*CX28,2) -> 0 | DH28: =ROUND(ROUND(AG28,2)*ROUND(AT28*Source!I47,9),2) -> 0 | DI28: =ROUND(ROUND(AH28,2)*CX28,2) -> 0 | DJ28: =DF28 -> 0 | DK28: 0 | DM28: 0 | DO28: 0
A29: =ROW(Source!A48) -> 48 | B29: 86495194 | C29: 86495234 | D29: 0 | E29: 1 | F29: 1 | G29: 30515945 | H29: 1 | I29: 1 | K29: Затраты труда рабочих среднего разряда 1 | L29: 1369 | N29: 1013 | O29: чел.-ч | P29: чел.-ч | Q29: 1 | W29: 0 | X29: -2001970737 | Y29: =(AT29*1.1) -> 13.629 | AA29: 0 | AB29: 0 | AC29: 0 | AD29: 0 | AE29: 0 | AF29: 0 | AG29: 0 | AH29: 0 | AI29: 1 | AJ29: 1 | AK29: 1 | AL29: 1 | AM29: 0 | AN29: 0 | AO29: 1 | AP29: 0 | AQ29: 0 | AR29: 0 | AT29: 12.39 | AU29: *1,1 | AV29: 1 | AW29: 2 | AX29: 86495237 | AY29: 1 | AZ29: 6144 | BA29: 29 | BB29: 0 | BC29: 0 | BD29: 0 | BE29: 0 | BF29: 0 | BG29: 0 | BH29: 0 | BI29: 0 | BJ29: 0 | BK29: 0 | BL29: 0 | BM29: 0 | BN29: 0 | BO29: 0 | BP29: 0 | BQ29: 0 | BR29: 0 | BS29: 0 | BT29: 0 | BU29: 0 | BV29: 0 | BW29: 0 | CU29: =ROUND(AT29*Source!I48*AH29*AL29,2) -> 0 | CV29: =ROUND(Y29*Source!I48,9) -> 40.887 | CW29: 0 | CX29: =ROUND(Y29*Source!I48,9) -> 40.887 | CY29: =AD29 -> 0 | CZ29: =AH29 -> 0 | DA29: =AL29 -> 1 | DB29: =(ROUND(AT29*CZ29,2)*1.1) -> 0 | DC29: =(ROUND(AT29*AG29,2)*1.1) -> 0 | DF29: =ROUND(ROUND(AE29,2)*CX29,2) -> 0 | DG29: =ROUND(ROUND(AF29,2)*CX29,2) -> 0 | DH29: =ROUND(ROUND(AG29,2)*ROUND((AT29*Source!I48*1.1),9),2) -> 0 | DI29: =ROUND(ROUND(AH29,2)*CX29,2) -> 0 | DJ29: =DI29 -> 0 | DK29: 0 | DM29: 0 | DO29: 0 | DP29: *1,1
A30: =ROW(Source!A48) -> 48 | B30: 86495194 | C30: 86495234 | D30: 30531738 | E30: 1 | F30: 1 | G30: 30515945 | H30: 3 | I30: 9797020000 | K30: Земля растительная | L30: 1339 | N30: 1007 | O30: м3 | P30: м3 | Q30: 1 | W30: 0 | X30: 322112170 | Y30: =AT30 -> 0.78 | AA30: 0 | AB30: 0 | AC30: 0 | AD30: 0 | AE30: 0 | AF30: 0 | AG30: 0 | AH30: 0 | AI30: 1 | AJ30: 1 | AK30: 1 | AL30: 1 | AM30: 0 | AN30: 0 | AO30: 0 | AP30: 0 | AQ30: 0 | AR30: 0 | AT30: 0.78 | AV30: 0 | AW30: 2 | AX30: 86495238 | AY30: 1 | AZ30: 0 | BA30: 30 | BB30: 0 | BC30: 0 | BD30: 0 | BE30: 0 | BF30: 0 | BG30: 0 | BH30: 0 | BI30: 0 | BJ30: 0 | BK30: 0 | BL30: 0 | BM30: 0 | BN30: 0 | BO30: 0 | BP30: 0 | BQ30: 0 | BR30: 0 | BS30: 0 | BT30: 0 | BU30: 0 | BV30: 0 | BW30: 0 | CV30: 0 | CW30: 0 | CX30: =ROUND(Y30*Source!I48,9) -> 2.34 | CY30: =AA30 -> 0 | CZ30: =AE30 -> 0 | DA30: =AI30 -> 1 | DB30: =ROUND(AT30*CZ30,2) -> 0 | DC30: =ROUND(AT30*AG30,2) -> 0 | DF30: =ROUND(ROUND(AE30,2)*CX30,2) -> 0 | DG30: =ROUND(ROUND(AF30,2)*CX30,2) -> 0 | DH30: =ROUND(ROUND(AG30,2)*ROUND(AT30*Source!I48,9),2) -> 0 | DI30: =ROUND(ROUND(AH30,2)*CX30,2) -> 0 | DJ30: =DF30 -> 0 | DK30: 0 | DM30: 0 | DO30: 0
A31: =ROW(Source!A49) -> 49 | B31: 86495195 | C31: 86495234 | D31: 0 | E31: 1 | F31: 1 | G31: 30515945 | H31: 1 | I31: 1 | K31: Затраты труда рабочих среднего разряда 1 | L31: 1369 | N31: 1013 | O31: чел.-ч | P31: чел.-ч | Q31: 1 | W31: 0 | X31: -2001970737 | Y31: =(AT31*1.1) -> 13.629 | AA31: 0 | AB31: 0 | AC31: 0 | AD31: 0 | AE31: 0 | AF31: 0 | AG31: 0 | AH31: 0 | AI31: 1 | AJ31: 1 | AK31: 1 | AL31: 1 | AM31: 0 | AN31: 0 | AO31: 1 | AP31: 0 | AQ31: 0 | AR31: 0 | AT31: 12.39 | AU31: *1,1 | AV31: 1 | AW31: 2 | AX31: 86495237 | AY31: 1 | AZ31: 6144 | BA31: 31 | BB31: 0 | BC31: 0 | BD31: 0 | BE31: 0 | BF31: 0 | BG31: 0 | BH31: 0 | BI31: 0 | BJ31: 0 | BK31: 0 | BL31: 0 | BM31: 0 | BN31: 0 | BO31: 0 | BP31: 0 | BQ31: 0 | BR31: 0 | BS31: 0 | BT31: 0 | BU31: 0 | BV31: 0 | BW31: 0 | CU31: =ROUND(AT31*Source!I49*AH31*AL31,2) -> 0 | CV31: =ROUND(Y31*Source!I49,9) -> 40.887 | CW31: 0 | CX31: =ROUND(Y31*Source!I49,9) -> 40.887 | CY31: =AD31 -> 0 | CZ31: =AH31 -> 0 | DA31: =AL31 -> 1 | DB31: =(ROUND(AT31*CZ31,2)*1.1) -> 0 | DC31: =(ROUND(AT31*AG31,2)*1.1) -> 0 | DF31: =ROUND(ROUND(AE31,2)*CX31,2) -> 0 | DG31: =ROUND(ROUND(AF31,2)*CX31,2) -> 0 | DH31: =ROUND(ROUND(AG31,2)*ROUND((AT31*Source!I49*1.1),9),2) -> 0 | DI31: =ROUND(ROUND(AH31,2)*CX31,2) -> 0 | DJ31: =DI31 -> 0 | DK31: 0 | DM31: 0 | DO31: 0 | DP31: *1,1
A32: =ROW(Source!A49) -> 49 | B32: 86495195 | C32: 86495234 | D32: 30531738 | E32: 1 | F32: 1 | G32: 30515945 | H32: 3 | I32: 9797020000 | K32: Земля растительная | L32: 1339 | N32: 1007 | O32: м3 | P32: м3 | Q32: 1 | W32: 0 | X32: 322112170 | Y32: =AT32 -> 0.78 | AA32: 0 | AB32: 0 | AC32: 0 | AD32: 0 | AE32: 0 | AF32: 0 | AG32: 0 | AH32: 0 | AI32: 1 | AJ32: 1 | AK32: 1 | AL32: 1 | AM32: 0 | AN32: 0 | AO32: 0 | AP32: 0 | AQ32: 0 | AR32: 0 | AT32: 0.78 | AV32: 0 | AW32: 2 | AX32: 86495238 | AY32: 1 | AZ32: 0 | BA32: 32 | BB32: 0 | BC32: 0 | BD32: 0 | BE32: 0 | BF32: 0 | BG32: 0 | BH32: 0 | BI32: 0 | BJ32: 0 | BK32: 0 | BL32: 0 | BM32: 0 | BN32: 0 | BO32: 0 | BP32: 0 | BQ32: 0 | BR32: 0 | BS32: 0 | BT32: 0 | BU32: 0 | BV32: 0 | BW32: 0 | CV32: 0 | CW32: 0 | CX32: =ROUND(Y32*Source!I49,9) -> 2.34 | CY32: =AA32 -> 0 | CZ32: =AE32 -> 0 | DA32: =AI32 -> 1 | DB32: =ROUND(AT32*CZ32,2) -> 0 | DC32: =ROUND(AT32*AG32,2) -> 0 | DF32: =ROUND(ROUND(AE32,2)*CX32,2) -> 0 | DG32: =ROUND(ROUND(AF32,2)*CX32,2) -> 0 | DH32: =ROUND(ROUND(AG32,2)*ROUND(AT32*Source!I49,9),2) -> 0 | DI32: =ROUND(ROUND(AH32,2)*CX32,2) -> 0 | DJ32: =DF32 -> 0 | DK32: 0 | DM32: 0 | DO32: 0
